Workbook

Sheet ÍNDICE 
A2: ÍNDICE DE TABULADOS IX EPF - INSTITUTO NACIONAL DE ESTADISTICAS
A4: CUADRO 1A | B4: ='CUADRO 1A'!$A$2 -> POBLACIÓN TOTAL SEGÚN EDAD, NIVEL EDUCACIONAL, SI ESTUDIA ACTUALMENTE Y LA DEPENDENCIA DEL ESTABLECIMIENTO EDUCACIONAL, POR SEXO Y QUINTIL DE HOGARES ORDENADOS DE ACUERDO AL INGRESO DISPONIBLE PER CÁPITA PROMEDIO MENSUAL DEL HOGAR. TOTAL CAPITALES REGIONALES (EXCLUYE ARRIENDO IMPUTADO)
A5: CUADRO 1B | B5: ='CUADRO 1B'!$A$2 -> POBLACIÓN TOTAL SEGÚN EDAD, NIVEL EDUCACIONAL, SI ESTUDIA ACTUALMENTE Y LA DEPENDENCIA DEL ESTABLECIMIENTO EDUCACIONAL, POR SEXO Y QUINTIL DE HOGARES ORDENADOS DE ACUERDO AL INGRESO DISPONIBLE PER CÁPITA PROMEDIO MENSUAL DEL HOGAR. MACROZONA NORTE (EXCLUYE ARRIENDO IMPUTADO)
A6: CUADRO 1C | B6: ='CUADRO 1C'!$A$2 -> POBLACIÓN TOTAL SEGÚN EDAD, NIVEL EDUCACIONAL, SI ESTUDIA ACTUALMENTE Y LA DEPENDENCIA DEL ESTABLECIMIENTO EDUCACIONAL, POR SEXO Y QUINTIL DE HOGARES ORDENADOS DE ACUERDO AL INGRESO DISPONIBLE PER CÁPITA PROMEDIO MENSUAL DEL HOGAR. GRAN SANTIAGO (EXCLUYE ARRIENDO IMPUTADO)
A7: CUADRO 1D | B7: ='CUADRO 1D'!$A$2 -> POBLACIÓN TOTAL SEGÚN EDAD, NIVEL EDUCACIONAL, SI ESTUDIA ACTUALMENTE Y LA DEPENDENCIA DEL ESTABLECIMIENTO EDUCACIONAL, POR SEXO Y QUINTIL DE HOGARES ORDENADOS DE ACUERDO AL INGRESO DISPONIBLE PER CÁPITA PROMEDIO MENSUAL DEL HOGAR. MACROZONA CENTRO (EXCLUYE ARRIENDO IMPUTADO)
A8: CUADRO 1E | B8: ='CUADRO 1E'!$A$2 -> POBLACIÓN TOTAL SEGÚN EDAD, NIVEL EDUCACIONAL, SI ESTUDIA ACTUALMENTE Y LA DEPENDENCIA DEL ESTABLECIMIENTO EDUCACIONAL, POR SEXO Y QUINTIL DE HOGARES ORDENADOS DE ACUERDO AL INGRESO DISPONIBLE PER CÁPITA PROMEDIO MENSUAL DEL HOGAR. MACROZONA SUR (EXCLUYE ARRIENDO IMPUTADO)
A9: CUADRO 2A | B9: ='CUADRO 2A'!$A$2 -> INGRESO DISPONIBLE Y GASTO PROMEDIO MENSUAL DEL HOGAR Y PER CÁPITA, SEGÚN CARACTERÍSTICAS DE PERSONA SUSTENTADORA PRINCIPAL Y DEL HOGAR (SEXO, EDAD, NIVEL EDUCACIONAL, CATEGORÍA OCUPACIONAL, TENENCIA DE LA VIVIENDA, TIPO DE VIVIENDA, SITUACIÓN PREVISIONAL Y DE SALUD Y NÚMERO DE PERSONAS EN EL HOGAR). TOTAL CAPITALES REGIONALES (EXCLUYE ARRIENDO IMPUTADO)
A10: CUADRO 2B | B10: ='CUADRO 2B'!$A$2 -> INGRESO DISPONIBLE Y GASTO PROMEDIO MENSUAL DEL HOGAR Y PER CÁPITA, SEGÚN CARACTERÍSTICAS DE PERSONA SUSTENTADORA PRINCIPAL Y DEL HOGAR (SEXO, EDAD, NIVEL EDUCACIONAL, CATEGORÍA OCUPACIONAL, TENENCIA DE LA VIVIENDA, TIPO DE VIVIENDA, SITUACIÓN PREVISIONAL Y DE SALUD Y NÚMERO DE PERSONAS EN EL HOGAR). MACROZONA NORTE (EXCLUYE ARRIENDO IMPUTADO)
A11: CUADRO 2C | B11: ='CUADRO 2C'!$A$2 -> INGRESO DISPONIBLE Y GASTO PROMEDIO MENSUAL DEL HOGAR Y PER CÁPITA, SEGÚN CARACTERÍSTICAS DE PERSONA SUSTENTADORA PRINCIPAL Y DEL HOGAR (SEXO, EDAD, NIVEL EDUCACIONAL, CATEGORÍA OCUPACIONAL, TENENCIA DE LA VIVIENDA, TIPO DE VIVIENDA, SITUACIÓN PREVISIONAL Y DE SALUD Y NÚMERO DE PERSONAS EN EL HOGAR). GRAN SANTIAGO (EXCLUYE ARRIENDO IMPUTADO)
A12: CUADRO 2D | B12: ='CUADRO 2D'!$A$2 -> INGRESO DISPONIBLE Y GASTO PROMEDIO MENSUAL DEL HOGAR Y PER CÁPITA, SEGÚN CARACTERÍSTICAS DE PERSONA SUSTENTADORA PRINCIPAL Y DEL HOGAR (SEXO, EDAD, NIVEL EDUCACIONAL, CATEGORÍA OCUPACIONAL, TENENCIA DE LA VIVIENDA, TIPO DE VIVIENDA, SITUACIÓN PREVISIONAL Y DE SALUD Y NÚMERO DE PERSONAS EN EL HOGAR). MACROZONA CENTRO (EXCLUYE ARRIENDO IMPUTADO)
A13: CUADRO 2E | B13: ='CUADRO 2E'!$A$2 -> INGRESO DISPONIBLE Y GASTO PROMEDIO MENSUAL DEL HOGAR Y PER CÁPITA, SEGÚN CARACTERÍSTICAS DE PERSONA SUSTENTADORA PRINCIPAL Y DEL HOGAR (SEXO, EDAD, NIVEL EDUCACIONAL, CATEGORÍA OCUPACIONAL, TENENCIA DE LA VIVIENDA, TIPO DE VIVIENDA, SITUACIÓN PREVISIONAL Y DE SALUD Y NÚMERO DE PERSONAS EN EL HOGAR). MACROZONA SUR (EXCLUYE ARRIENDO IMPUTADO)
A14: CUADRO 3A | B14: ='CUADROS 3A - 3E'!$A$2 -> HOGARES, PERSONAS, GASTO E INGRESO DISPONIBLE PROMEDIO MENSUAL DEL HOGAR Y PER CÁPITA, SEGÚN QUINTIL DE HOGARES ORDENADOS DE ACUERDO AL INGRESO DISPONIBLE PROMEDIO MENSUAL DEL HOGAR. TOTAL CAPITALES REGIONALES (EXCLUYE ARRIENDO IMPUTADO)
A15: CUADRO 3B | B15: ='CUADROS 3A - 3E'!$A$22 -> HOGARES, PERSONAS, GASTO E INGRESO DISPONIBLE PROMEDIO MENSUAL DEL HOGAR Y PER CÁPITA, SEGÚN QUINTIL DE HOGARES ORDENADOS DE ACUERDO AL INGRESO DISPONIBLE PROMEDIO MENSUAL DEL HOGAR. MACROZONA NORTE (EXCLUYE ARRIENDO IMPUTADO)
A16: CUADRO 3C | B16: ='CUADROS 3A - 3E'!$A$42 -> HOGARES, PERSONAS, GASTO E INGRESO DISPONIBLE PROMEDIO MENSUAL DEL HOGAR Y PER CÁPITA, SEGÚN QUINTIL DE HOGARES ORDENADOS DE ACUERDO AL INGRESO DISPONIBLE PROMEDIO MENSUAL DEL HOGAR. GRAN SANTIAGO (EXCLUYE ARRIENDO IMPUTADO)
A17: CUADRO 3D | B17: ='CUADROS 3A - 3E'!$A$62 -> HOGARES, PERSONAS, GASTO E INGRESO DISPONIBLE PROMEDIO MENSUAL DEL HOGAR Y PER CÁPITA, SEGÚN QUINTIL DE HOGARES ORDENADOS DE ACUERDO AL INGRESO DISPONIBLE PROMEDIO MENSUAL DEL HOGAR. MACROZONA CENTRO (EXCLUYE ARRIENDO IMPUTADO)
A18: CUADRO 3E | B18: ='CUADROS 3A - 3E'!$A$82 -> HOGARES, PERSONAS, GASTO E INGRESO DISPONIBLE PROMEDIO MENSUAL DEL HOGAR Y PER CÁPITA, SEGÚN QUINTIL DE HOGARES ORDENADOS DE ACUERDO AL INGRESO DISPONIBLE PROMEDIO MENSUAL DEL HOGAR. MACROZONA SUR (EXCLUYE ARRIENDO IMPUTADO)
A19: CUADRO 3F | B19: ='CUADROS 3F - 3J'!$A$2 -> HOGARES, PERSONAS, GASTO E INGRESO DISPONIBLE PROMEDIO MENSUAL DEL HOGAR Y PER CÁPITA, SEGÚN QUINTIL DE HOGARES ORDENADOS DE ACUERDO AL INGRESO DISPONIBLE PROMEDIO MENSUAL DEL HOGAR. TOTAL CAPITALES REGIONALES (INCLUYE ARRIENDO IMPUTADO)
A20: CUADRO 3G | B20: ='CUADROS 3F - 3J'!$A$22 -> HOGARES, PERSONAS, GASTO E INGRESO DISPONIBLE PROMEDIO MENSUAL DEL HOGAR Y PER CÁPITA, SEGÚN QUINTIL DE HOGARES ORDENADOS DE ACUERDO AL INGRESO DISPONIBLE PROMEDIO MENSUAL DEL HOGAR. MACROZONA NORTE (INCLUYE ARRIENDO IMPUTADO)
A21: CUADRO 3H | B21: ='CUADROS 3F - 3J'!$A$42 -> HOGARES, PERSONAS, GASTO E INGRESO DISPONIBLE PROMEDIO MENSUAL DEL HOGAR Y PER CÁPITA, SEGÚN QUINTIL DE HOGARES ORDENADOS DE ACUERDO AL INGRESO DISPONIBLE PROMEDIO MENSUAL DEL HOGAR. GRAN SANTIAGO (INCLUYE ARRIENDO IMPUTADO)
A22: CUADRO 3I | B22: ='CUADROS 3F - 3J'!$A$62 -> HOGARES, PERSONAS, GASTO E INGRESO DISPONIBLE PROMEDIO MENSUAL DEL HOGAR Y PER CÁPITA, SEGÚN QUINTIL DE HOGARES ORDENADOS DE ACUERDO AL INGRESO DISPONIBLE PROMEDIO MENSUAL DEL HOGAR. MACROZONA CENTRO (INCLUYE ARRIENDO IMPUTADO)
A23: CUADRO 3J | B23: ='CUADROS 3F - 3J'!$A$82 -> HOGARES, PERSONAS, GASTO E INGRESO DISPONIBLE PROMEDIO MENSUAL DEL HOGAR Y PER CÁPITA, SEGÚN QUINTIL DE HOGARES ORDENADOS DE ACUERDO AL INGRESO DISPONIBLE PROMEDIO MENSUAL DEL HOGAR. MACROZONA SUR (INCLUYE ARRIENDO IMPUTADO)
A24: CUADRO 4A | B24: ='CUADROS 4A - 4E'!$A$2 -> HOGARES, PERSONAS, GASTO E INGRESO DISPONIBLE PROMEDIO MENSUAL DEL HOGAR Y PER CÁPITA, SEGÚN QUINTIL DE HOGARES ORDENADOS DE ACUERDO AL INGRESO DISPONIBLE PER CÁPITA PROMEDIO MENSUAL DEL HOGAR. TOTAL CAPITALES REGIONALES (EXCLUYE ARRIENDO IMPUTADO)
A25: CUADRO 4B | B25: ='CUADROS 4A - 4E'!$A$22 -> HOGARES, PERSONAS, GASTO E INGRESO DISPONIBLE PROMEDIO MENSUAL DEL HOGAR Y PER CÁPITA, SEGÚN QUINTIL DE HOGARES ORDENADOS DE ACUERDO AL INGRESO DISPONIBLE PER CÁPITA PROMEDIO MENSUAL DEL HOGAR. MACROZONA NORTE (EXCLUYE ARRIENDO IMPUTADO)
A26: CUADRO 4C | B26: ='CUADROS 4A - 4E'!$A$42 -> HOGARES, PERSONAS, GASTO E INGRESO DISPONIBLE PROMEDIO MENSUAL DEL HOGAR Y PER CÁPITA, SEGÚN QUINTIL DE HOGARES ORDENADOS DE ACUERDO AL INGRESO DISPONIBLE PER CÁPITA PROMEDIO MENSUAL DEL HOGAR. GRAN SANTIAGO (EXCLUYE ARRIENDO IMPUTADO)
A27: CUADRO 4D | B27: ='CUADROS 4A - 4E'!$A$62 -> HOGARES, PERSONAS, GASTO E INGRESO DISPONIBLE PROMEDIO MENSUAL DEL HOGAR Y PER CÁPITA, SEGÚN QUINTIL DE HOGARES ORDENADOS DE ACUERDO AL INGRESO DISPONIBLE PER CÁPITA PROMEDIO MENSUAL DEL HOGAR. MACROZONA CENTRO (EXCLUYE ARRIENDO IMPUTADO)
A28: CUADRO 4E | B28: ='CUADROS 4A - 4E'!$A$82 -> HOGARES, PERSONAS, GASTO E INGRESO DISPONIBLE PROMEDIO MENSUAL DEL HOGAR Y PER CÁPITA, SEGÚN QUINTIL DE HOGARES ORDENADOS DE ACUERDO AL INGRESO DISPONIBLE PER CÁPITA PROMEDIO MENSUAL DEL HOGAR. MACROZONA SUR (EXCLUYE ARRIENDO IMPUTADO)
A29: CUADRO 4F | B29: ='CUADROS 4F - 4J'!$A$2 -> HOGARES, PERSONAS, GASTO E INGRESO DISPONIBLE PROMEDIO MENSUAL DEL HOGAR Y PER CÁPITA, SEGÚN QUINTIL DE HOGARES ORDENADOS DE ACUERDO AL INGRESO DISPONIBLE PER CÁPITA PROMEDIO MENSUAL DEL HOGAR. TOTAL CAPITALES REGIONALES (INCLUYE ARRIENDO IMPUTADO)
A30: CUADRO 4G | B30: ='CUADROS 4F - 4J'!$A$22 -> HOGARES, PERSONAS, GASTO E INGRESO DISPONIBLE PROMEDIO MENSUAL DEL HOGAR Y PER CÁPITA, SEGÚN QUINTIL DE HOGARES ORDENADOS DE ACUERDO AL INGRESO DISPONIBLE PER CÁPITA PROMEDIO MENSUAL DEL HOGAR. MACROZONA NORTE (INCLUYE ARRIENDO IMPUTADO)
A31: CUADRO 4H | B31: ='CUADROS 4F - 4J'!$A$42 -> HOGARES, PERSONAS, GASTO E INGRESO DISPONIBLE PROMEDIO MENSUAL DEL HOGAR Y PER CÁPITA, SEGÚN QUINTIL DE HOGARES ORDENADOS DE ACUERDO AL INGRESO DISPONIBLE PER CÁPITA PROMEDIO MENSUAL DEL HOGAR. GRAN SANTIAGO (INCLUYE ARRIENDO IMPUTADO)
A32: CUADRO 4I | B32: ='CUADROS 4F - 4J'!$A$62 -> HOGARES, PERSONAS, GASTO E INGRESO DISPONIBLE PROMEDIO MENSUAL DEL HOGAR Y PER CÁPITA, SEGÚN QUINTIL DE HOGARES ORDENADOS DE ACUERDO AL INGRESO DISPONIBLE PER CÁPITA PROMEDIO MENSUAL DEL HOGAR. MACROZONA CENTRO (INCLUYE ARRIENDO IMPUTADO)
A33: CUADRO 4J | B33: ='CUADROS 4F - 4J'!$A$82 -> HOGARES, PERSONAS, GASTO E INGRESO DISPONIBLE PROMEDIO MENSUAL DEL HOGAR Y PER CÁPITA, SEGÚN QUINTIL DE HOGARES ORDENADOS DE ACUERDO AL INGRESO DISPONIBLE PER CÁPITA PROMEDIO MENSUAL DEL HOGAR. MACROZONA SUR (INCLUYE ARRIENDO IMPUTADO)
A34: CUADRO 5A | B34: ='CUADROS 5A - 5E'!$A$2 -> GASTO PROMEDIO MENSUAL Y ESTRUCTURA DEL GASTO PROMEDIO MENSUAL POR HOGAR, SEGÚN DIVISIÓN Y QUINTIL DE HOGARES ORDENADOS DE ACUERDO AL INGRESO DISPONIBLE PROMEDIO MENSUAL DEL HOGAR. TOTAL CAPITALES REGIONALES (EXCLUYE ARRIENDO IMPUTADO)
A35: CUADRO 5B | B35: ='CUADROS 5A - 5E'!$A$31 -> GASTO PROMEDIO MENSUAL Y ESTRUCTURA DEL GASTO PROMEDIO MENSUAL POR HOGAR, SEGÚN DIVISIÓN Y QUINTIL DE HOGARES ORDENADOS DE ACUERDO AL INGRESO DISPONIBLE PROMEDIO MENSUAL DEL HOGAR. MACROZONA NORTE(EXCLUYE ARRIENDO IMPUTADO)
A36: CUADRO 5C | B36: ='CUADROS 5A - 5E'!$A$60 -> GASTO PROMEDIO MENSUAL Y ESTRUCTURA DEL GASTO PROMEDIO MENSUAL POR HOGAR, SEGÚN DIVISIÓN Y QUINTIL DE HOGARES ORDENADOS DE ACUERDO AL INGRESO DISPONIBLE PROMEDIO MENSUAL DEL HOGAR. GRAN SANTIAGO(EXCLUYE ARRIENDO IMPUTADO)
A37: CUADRO 5D | B37: ='CUADROS 5A - 5E'!$A$89 -> GASTO PROMEDIO MENSUAL Y ESTRUCTURA DEL GASTO PROMEDIO MENSUAL POR HOGAR, SEGÚN DIVISIÓN Y QUINTIL DE HOGARES ORDENADOS DE ACUERDO AL INGRESO DISPONIBLE PROMEDIO MENSUAL DEL HOGAR. MACROZONA CENTRO(EXCLUYE ARRIENDO IMPUTADO)
A38: CUADRO 5E | B38: ='CUADROS 5A - 5E'!$A$118 -> GASTO PROMEDIO MENSUAL Y ESTRUCTURA DEL GASTO PROMEDIO MENSUAL POR HOGAR, SEGÚN DIVISIÓN Y QUINTIL DE HOGARES ORDENADOS DE ACUERDO AL INGRESO DISPONIBLE PROMEDIO MENSUAL DEL HOGAR. MACROZONA SUR(EXCLUYE ARRIENDO IMPUTADO)
A39: CUADRO 5F | B39: ='CUADROS 5F - 5J'!$A$2 -> GASTO PROMEDIO MENSUAL Y ESTRUCTURA DEL GASTO PROMEDIO MENSUAL POR HOGAR, SEGÚN DIVISIÓN Y QUINTIL DE HOGARES ORDENADOS DE ACUERDO AL INGRESO DISPONIBLE PER CÁPITA PROMEDIO MENSUAL DEL HOGAR. TOTAL CAPITALES REGIONALES (EXCLUYE ARRIENDO IMPUTADO)
A40: CUADRO 5G | B40: ='CUADROS 5F - 5J'!$A$31 -> GASTO PROMEDIO MENSUAL Y ESTRUCTURA DEL GASTO PROMEDIO MENSUAL POR HOGAR, SEGÚN DIVISIÓN Y QUINTIL DE HOGARES ORDENADOS DE ACUERDO AL INGRESO DISPONIBLE PER CÁPITA PROMEDIO MENSUAL DEL HOGAR. MACROZONA NORTE (EXCLUYE ARRIENDO IMPUTADO)
A41: CUADRO 5H | B41: ='CUADROS 5F - 5J'!$A$60 -> GASTO PROMEDIO MENSUAL Y ESTRUCTURA DEL GASTO PROMEDIO MENSUAL POR HOGAR, SEGÚN DIVISIÓN Y QUINTIL DE HOGARES ORDENADOS DE ACUERDO AL INGRESO DISPONIBLE PER CÁPITA PROMEDIO MENSUAL DEL HOGAR. GRAN SANTIAGO (EXCLUYE ARRIENDO IMPUTADO)
A42: CUADRO 5I | B42: ='CUADROS 5F - 5J'!$A$89 -> GASTO PROMEDIO MENSUAL Y ESTRUCTURA DEL GASTO PROMEDIO MENSUAL POR HOGAR, SEGÚN DIVISIÓN Y QUINTIL DE HOGARES ORDENADOS DE ACUERDO AL INGRESO DISPONIBLE PER CÁPITA PROMEDIO MENSUAL DEL HOGAR. MACROZONA CENTRO (EXCLUYE ARRIENDO IMPUTADO)
A43: CUADRO 5J | B43: ='CUADROS 5F - 5J'!$A$118 -> GASTO PROMEDIO MENSUAL Y ESTRUCTURA DEL GASTO PROMEDIO MENSUAL POR HOGAR, SEGÚN DIVISIÓN Y QUINTIL DE HOGARES ORDENADOS DE ACUERDO AL INGRESO DISPONIBLE PER CÁPITA PROMEDIO MENSUAL DEL HOGAR. MACROZONA SUR (EXCLUYE ARRIENDO IMPUTADO)
A44: CUADRO 6A | B44: ='CUADRO 6A'!$A$2 -> GASTO PROMEDIO MENSUAL Y ESTRUCTURA DEL GASTO PROMEDIO MENSUAL POR HOGAR, SEGÚN GRUPO Y QUINTIL DE HOGARES ORDENADOS DE ACUERDO AL INGRESO DISPONIBLE PROMEDIO MENSUAL DEL HOGAR. TOTAL CAPITALES REGIONALES (EXCLUYE ARRIENDO IMPUTADO)
A45: CUADRO 6B | B45: ='CUADRO 6B'!$A$2 -> GASTO PROMEDIO MENSUAL Y ESTRUCTURA DEL GASTO PROMEDIO MENSUAL POR HOGAR, SEGÚN GRUPO Y QUINTIL DE HOGARES ORDENADOS DE ACUERDO AL INGRESO DISPONIBLE PROMEDIO MENSUAL DEL HOGAR. MACROZONA NORTE (EXCLUYE ARRIENDO IMPUTADO)
A46: CUADRO 6C | B46: ='CUADRO 6C'!$A$2 -> GASTO PROMEDIO MENSUAL Y ESTRUCTURA DEL GASTO PROMEDIO MENSUAL POR HOGAR, SEGÚN GRUPO Y QUINTIL DE HOGARES ORDENADOS DE ACUERDO AL INGRESO DISPONIBLE PROMEDIO MENSUAL DEL HOGAR. GRAN SANTIAGO (EXCLUYE ARRIENDO IMPUTADO)
A47: CUADRO 6D | B47: ='CUADRO 6D'!$A$2 -> GASTO PROMEDIO MENSUAL Y ESTRUCTURA DEL GASTO PROMEDIO MENSUAL POR HOGAR, SEGÚN GRUPO Y QUINTIL DE HOGARES ORDENADOS DE ACUERDO AL INGRESO DISPONIBLE PROMEDIO MENSUAL DEL HOGAR. MACROZONA CENTRO (EXCLUYE ARRIENDO IMPUTADO)
A48: CUADRO 6E | B48: ='CUADRO 6E'!$A$2 -> GASTO PROMEDIO MENSUAL Y ESTRUCTURA DEL GASTO PROMEDIO MENSUAL POR HOGAR, SEGÚN GRUPO Y QUINTIL DE HOGARES ORDENADOS DE ACUERDO AL INGRESO DISPONIBLE PROMEDIO MENSUAL DEL HOGAR. MACROZONA SUR (EXCLUYE ARRIENDO IMPUTADO)
A49: CUADRO 6F | B49: ='CUADRO 6F'!$A$2 -> GASTO PROMEDIO MENSUAL Y ESTRUCTURA DEL GASTO PROMEDIO MENSUAL POR HOGAR, SEGÚN GRUPO Y QUINTIL DE HOGARES ORDENADOS DE ACUERDO AL INGRESO DISPONIBLE PER CÁPITA PROMEDIO MENSUAL DEL HOGAR. TOTAL CAPITALES REGIONALES (EXCLUYE ARRIENDO IMPUTADO)
A50: CUADRO 6G | B50: ='CUADRO 6G'!$A$2 -> GASTO PROMEDIO MENSUAL Y ESTRUCTURA DEL GASTO PROMEDIO MENSUAL POR HOGAR, SEGÚN GRUPO Y QUINTIL DE HOGARES ORDENADOS DE ACUERDO AL INGRESO DISPONIBLE PER CÁPITA PROMEDIO MENSUAL DEL HOGAR. MACROZONA NORTE (EXCLUYE ARRIENDO IMPUTADO)
A51: CUADRO 6H | B51: ='CUADRO 6H'!$A$2 -> GASTO PROMEDIO MENSUAL Y ESTRUCTURA DEL GASTO PROMEDIO MENSUAL POR HOGAR, SEGÚN GRUPO Y QUINTIL DE HOGARES ORDENADOS DE ACUERDO AL INGRESO DISPONIBLE PER CÁPITA PROMEDIO MENSUAL DEL HOGAR. GRAN SANTIAGO (EXCLUYE ARRIENDO IMPUTADO)
A52: CUADRO 6I | B52: ='CUADRO 6I'!$A$2 -> GASTO PROMEDIO MENSUAL Y ESTRUCTURA DEL GASTO PROMEDIO MENSUAL POR HOGAR, SEGÚN GRUPO Y QUINTIL DE HOGARES ORDENADOS DE ACUERDO AL INGRESO DISPONIBLE PER CÁPITA PROMEDIO MENSUAL DEL HOGAR. MACROZONA CENTRO (EXCLUYE ARRIENDO IMPUTADO)
A53: CUADRO 6J | B53: ='CUADRO 6J'!$A$2 -> GASTO PROMEDIO MENSUAL Y ESTRUCTURA DEL GASTO PROMEDIO MENSUAL POR HOGAR, SEGÚN GRUPO Y QUINTIL DE HOGARES ORDENADOS DE ACUERDO AL INGRESO DISPONIBLE PER CÁPITA PROMEDIO MENSUAL DEL HOGAR. MACROZONA SUR (EXCLUYE ARRIENDO IMPUTADO)
A54: CUADRO 7A | B54: ='CUADRO 7A'!$A$2 -> GASTO PROMEDIO MENSUAL POR HOGAR Y ESTRUCTURA DEL GASTO PROMEDIO MENSUAL POR HOGAR, SEGÚN PRODUCTO Y QUINTIL DE HOGARES ORDENADOS DE ACUERDO AL INGRESO DISPONIBLE PROMEDIO MENSUAL DEL HOGAR. TOTAL CAPITALES REGIONALES (EXCLUYE ARRIENDO IMPUTADO)
A55: CUADRO 7B | B55: ='CUADRO 7B'!$A$2 -> GASTO PROMEDIO MENSUAL POR HOGAR Y ESTRUCTURA DEL GASTO PROMEDIO MENSUAL POR HOGAR, SEGÚN PRODUCTO Y QUINTIL DE HOGARES ORDENADOS DE ACUERDO AL INGRESO DISPONIBLE PER CÁPITA PROMEDIO MENSUAL DEL HOGAR. TOTAL CAPITALES REGIONALES (EXCLUYE ARRIENDO IMPUTADO)
A56: CUADRO 8A | B56: ='CUADRO 8A'!$A$2 -> GASTO PROMEDIO MENSUAL POR HOGAR Y ESTRUCTURA DEL GASTO PROMEDIO MENSUAL POR HOGAR, SEGÚN PRODUCTO Y QUINTIL DE HOGARES ORDENADOS DE ACUERDO AL INGRESO DISPONIBLE PROMEDIO MENSUAL DEL HOGAR. MACROZONA NORTE (EXCLUYE ARRIENDO IMPUTADO)
A57: CUADRO 8B | B57: ='CUADRO 8B'!$A$2 -> GASTO PROMEDIO MENSUAL POR HOGAR Y ESTRUCTURA DEL GASTO PROMEDIO MENSUAL POR HOGAR, SEGÚN PRODUCTO Y QUINTIL DE HOGARES ORDENADOS DE ACUERDO AL INGRESO DISPONIBLE PER CÁPITA PROMEDIO MENSUAL DEL HOGAR. MACROZONA NORTE (EXCLUYE ARRIENDO IMPUTADO)
A58: CUADRO 8C | B58: ='CUADRO 8C'!$A$2 -> GASTO PROMEDIO MENSUAL POR HOGAR Y ESTRUCTURA DEL GASTO PROMEDIO MENSUAL POR HOGAR, SEGÚN PRODUCTO Y QUINTIL DE HOGARES ORDENADOS DE ACUERDO AL INGRESO DISPONIBLE PROMEDIO MENSUAL DEL HOGAR. GRAN SANTIAGO (EXCLUYE ARRIENDO IMPUTADO)
A59: CUADRO 8D | B59: ='CUADRO 8D'!$A$2 -> GASTO PROMEDIO MENSUAL POR HOGAR Y ESTRUCTURA DEL GASTO PROMEDIO MENSUAL POR HOGAR, SEGÚN PRODUCTO Y QUINTIL DE HOGARES ORDENADOS DE ACUERDO AL INGRESO DISPONIBLE PER CÁPITA PROMEDIO MENSUAL DEL HOGAR. GRAN SANTIAGO (EXCLUYE ARRIENDO IMPUTADO)
A60: CUADRO 9A | B60: ='CUADRO 9A'!$A$2 -> GASTO PROMEDIO MENSUAL POR HOGAR Y ESTRUCTURA DEL GASTO PROMEDIO MENSUAL POR HOGAR, SEGÚN PRODUCTO Y QUINTIL DE HOGARES ORDENADOS DE ACUERDO AL INGRESO DISPONIBLE PROMEDIO MENSUAL DEL HOGAR. MACROZONA CENTRO (EXCLUYE ARRIENDO IMPUTADO)
A61: CUADRO 9B | B61: ='CUADRO 9B'!$A$2 -> GASTO PROMEDIO MENSUAL POR HOGAR Y ESTRUCTURA DEL GASTO PROMEDIO MENSUAL POR HOGAR, SEGÚN PRODUCTO Y QUINTIL DE HOGARES ORDENADOS DE ACUERDO AL INGRESO DISPONIBLE PER CÁPITA PROMEDIO MENSUAL DEL HOGAR. MACROZONA CENTRO (EXCLUYE ARRIENDO IMPUTADO)
A62: CUADRO 9C | B62: ='CUADRO 9C'!$A$2 -> GASTO PROMEDIO MENSUAL POR HOGAR Y ESTRUCTURA DEL GASTO PROMEDIO MENSUAL POR HOGAR, SEGÚN PRODUCTO Y QUINTIL DE HOGARES ORDENADOS DE ACUERDO AL INGRESO DISPONIBLE PROMEDIO MENSUAL DEL HOGAR. MACROZONA SUR (EXCLUYE ARRIENDO IMPUTADO)
A63: CUADRO 9D | B63: ='CUADRO 9D'!$A$2 -> GASTO PROMEDIO MENSUAL POR HOGAR Y ESTRUCTURA DEL GASTO PROMEDIO MENSUAL POR HOGAR, SEGÚN PRODUCTO Y QUINTIL DE HOGARES ORDENADOS DE ACUERDO AL INGRESO DISPONIBLE PER CÁPITA PROMEDIO MENSUAL DEL HOGAR. MACROZONA SUR (EXCLUYE ARRIENDO IMPUTADO)
A64: CUADRO 10A | B64: ='CUADRO 10A'!$A$2 -> INGRESO PROMEDIO MENSUAL Y NÚMERO DE LAS PERSONAS OCUPADAS, SEGÚN EDAD, NIVEL EDUCACIONAL, CATEGORÍAS OCUPACIONALES Y POR SEXO. TOTAL CAPITALES REGIONALES
A65: CUADRO 10B | B65: ='CUADRO 10B'!$A$2 -> INGRESO PROMEDIO MENSUAL Y NÚMERO DE LAS PERSONAS OCUPADAS, SEGÚN EDAD, NIVEL EDUCACIONAL, CATEGORÍAS OCUPACIONALES Y POR SEXO. MACROZONA NORTE
A66: CUADRO 10C | B66: ='CUADRO 10C'!$A$2 -> INGRESO PROMEDIO MENSUAL Y NÚMERO DE LAS PERSONAS OCUPADAS, SEGÚN EDAD, NIVEL EDUCACIONAL, CATEGORÍAS OCUPACIONALES Y POR SEXO. GRAN SANTIAGO
A67: CUADRO 10D | B67: ='CUADRO 10D'!$A$2 -> INGRESO PROMEDIO MENSUAL Y NÚMERO DE LAS PERSONAS OCUPADAS, SEGÚN EDAD, NIVEL EDUCACIONAL, CATEGORÍAS OCUPACIONALES Y POR SEXO. MACROZONA CENTRO
A68: CUADRO 10E | B68: ='CUADRO 10E'!$A$2 -> INGRESO PROMEDIO MENSUAL Y NÚMERO DE LAS PERSONAS OCUPADAS, SEGÚN EDAD, NIVEL EDUCACIONAL, CATEGORÍAS OCUPACIONALES Y POR SEXO. MACROZONA SUR
A69: CUADRO 11A | B69: ='CUADRO 11A - 11B'!$A$2 -> COMPOSICIÓN DEL INGRESO SEGÚN FUENTE, POR QUINTILES DE HOGARES ORDENADOS DE ACUERDO AL INGRESO DISPONIBLE PROMEDIO MENSUAL DEL HOGAR. TOTAL CAPITALES REGIONALES (EXCLUYE ARRIENDO IMPUTADO)
A70: CUADRO 11B | B70: ='CUADRO 11A - 11B'!$A$35 -> COMPOSICIÓN DEL INGRESO SEGÚN FUENTE, POR QUINTILES DE HOGARES ORDENADOS DE ACUERDO AL INGRESO DISPONIBLE PROMEDIO MENSUAL DEL HOGAR. TOTAL CAPITALES REGIONALES (INCLUYE ARRIENDO IMPUTADO)
A71: CUADRO 11C | B71: ='CUADRO 11C - 11D'!$A$2 -> COMPOSICIÓN DEL INGRESO SEGÚN FUENTE, POR QUINTILES DE HOGARES ORDENADOS DE ACUERDO AL INGRESO DISPONIBLE PROMEDIO MENSUAL DEL HOGAR. MACROZONA NORTE (EXCLUYE ARRIENDO IMPUTADO)
A72: CUADRO 11D | B72: ='CUADRO 11C - 11D'!$A$35 -> COMPOSICIÓN DEL INGRESO SEGÚN FUENTE, POR QUINTILES DE HOGARES ORDENADOS DE ACUERDO AL INGRESO DISPONIBLE PROMEDIO MENSUAL DEL HOGAR. MACROZONA NORTE (INCLUYE ARRIENDO IMPUTADO)
A73: CUADRO 11E | B73: ='CUADRO 11E - 11F'!$A$2 -> COMPOSICIÓN DEL INGRESO SEGÚN FUENTE, POR QUINTILES DE HOGARES ORDENADOS DE ACUERDO AL INGRESO DISPONIBLE PROMEDIO MENSUAL DEL HOGAR. GRAN SANTIAGO (EXCLUYE ARRIENDO IMPUTADO)
A74: CUADRO 11F | B74: ='CUADRO 11E - 11F'!$A$35 -> COMPOSICIÓN DEL INGRESO SEGÚN FUENTE, POR QUINTILES DE HOGARES ORDENADOS DE ACUERDO AL INGRESO DISPONIBLE PROMEDIO MENSUAL DEL HOGAR. GRAN SANTIAGO (INCLUYE ARRIENDO IMPUTADO)
A75: CUADRO 11G | B75: ='CUADRO 11G - 11H'!$A$2 -> COMPOSICIÓN DEL INGRESO SEGÚN FUENTE, POR QUINTILES DE HOGARES ORDENADOS DE ACUERDO AL INGRESO DISPONIBLE PROMEDIO MENSUAL DEL HOGAR. MACROZONA CENTRO (EXCLUYE ARRIENDO IMPUTADO)
A76: CUADRO 11H | B76: ='CUADRO 11G - 11H'!$A$35 -> COMPOSICIÓN DEL INGRESO SEGÚN FUENTE, POR QUINTILES DE HOGARES ORDENADOS DE ACUERDO AL INGRESO DISPONIBLE PROMEDIO MENSUAL DEL HOGAR. MACROZONA CENTRO (INCLUYE ARRIENDO IMPUTADO)
A77: CUADRO 11I | B77: ='CUADRO 11I - 11J'!$A$2 -> COMPOSICIÓN DEL INGRESO SEGÚN FUENTE, POR QUINTILES DE HOGARES ORDENADOS DE ACUERDO AL INGRESO DISPONIBLE PROMEDIO MENSUAL DEL HOGAR. MACROZONA SUR (EXCLUYE ARRIENDO IMPUTADO)
A78: CUADRO 11J | B78: ='CUADRO 11I - 11J'!$A$35 -> COMPOSICIÓN DEL INGRESO SEGÚN FUENTE, POR QUINTILES DE HOGARES ORDENADOS DE ACUERDO AL INGRESO DISPONIBLE PROMEDIO MENSUAL DEL HOGAR. MACROZONA SUR (INCLUYE ARRIENDO IMPUTADO)
A79: CUADRO 12A | B79: ='CUADRO 12A - 12B'!$A$2 -> ESTRUCTURA DEL INGRESO SEGÚN FUENTE, POR QUINTILES DE HOGARES ORDENADOS DE ACUERDO AL INGRESO DISPONIBLE PROMEDIO MENSUAL DEL HOGAR. TOTAL CAPITALES REGIONALES (EXCLUYE ARRIENDO IMPUTADO)
A80: CUADRO 12B | B80: ='CUADRO 12A - 12B'!$A$35 -> ESTRUCTURA DEL INGRESO SEGÚN FUENTE, POR QUINTILES DE HOGARES ORDENADOS DE ACUERDO AL INGRESO DISPONIBLE PROMEDIO MENSUAL DEL HOGAR. TOTAL CAPITALES REGIONALES (INCLUYE ARRIENDO IMPUTADO)
A81: CUADRO 12C | B81: ='CUADRO 12C - 12D'!$A$2 -> ESTRUCTURA DEL INGRESO SEGÚN FUENTE, POR QUINTILES DE HOGARES ORDENADOS DE ACUERDO AL INGRESO DISPONIBLE PROMEDIO MENSUAL DEL HOGAR. MACROZONA NORTE (EXCLUYE ARRIENDO IMPUTADO)
A82: CUADRO 12D | B82: ='CUADRO 12C - 12D'!$A$35 -> ESTRUCTURA DEL INGRESO SEGÚN FUENTE, POR QUINTILES DE HOGARES ORDENADOS DE ACUERDO AL INGRESO DISPONIBLE PROMEDIO MENSUAL DEL HOGAR. MACROZONA NORTE (INCLUYE ARRIENDO IMPUTADO)
A83: CUADRO 12E | B83: ='CUADRO 12E - 12F'!$A$2 -> ESTRUCTURA DEL INGRESO SEGÚN FUENTE, POR QUINTILES DE HOGARES ORDENADOS DE ACUERDO AL INGRESO DISPONIBLE PROMEDIO MENSUAL DEL HOGAR. GRAN SANTIAGO (EXCLUYE ARRIENDO IMPUTADO)
A84: CUADRO 12F | B84: ='CUADRO 12E - 12F'!$A$35 -> ESTRUCTURA DEL INGRESO SEGÚN FUENTE, POR QUINTILES DE HOGARES ORDENADOS DE ACUERDO AL INGRESO DISPONIBLE PROMEDIO MENSUAL DEL HOGAR. GRAN SANTIAGO (INCLUYE ARRIENDO IMPUTADO)
A85: CUADRO 12G | B85: ='CUADRO 12G - 12H'!$A$2 -> ESTRUCTURA DEL INGRESO SEGÚN FUENTE, POR QUINTILES DE HOGARES ORDENADOS DE ACUERDO AL INGRESO DISPONIBLE PROMEDIO MENSUAL DEL HOGAR. MACROZONA CENTRO (EXCLUYE ARRIENDO IMPUTADO)
A86: CUADRO 12H | B86: ='CUADRO 12G - 12H'!$A$35 -> ESTRUCTURA DEL INGRESO SEGÚN FUENTE, POR QUINTILES DE HOGARES ORDENADOS DE ACUERDO AL INGRESO DISPONIBLE PROMEDIO MENSUAL DEL HOGAR. MACROZONA CENTRO (INCLUYE ARRIENDO IMPUTADO)
A87: CUADRO 12I | B87: ='CUADRO 12I - 12J'!$A$2 -> ESTRUCTURA DEL INGRESO SEGÚN FUENTE, POR QUINTILES DE HOGARES ORDENADOS DE ACUERDO AL INGRESO DISPONIBLE PROMEDIO MENSUAL DEL HOGAR. MACROZONA SUR (EXCLUYE ARRIENDO IMPUTADO)
A88: CUADRO 12J | B88: ='CUADRO 12I - 12J'!$A$35 -> ESTRUCTURA DEL INGRESO SEGÚN FUENTE, POR QUINTILES DE HOGARES ORDENADOS DE ACUERDO AL INGRESO DISPONIBLE PROMEDIO MENSUAL DEL HOGAR. MACROZONA SUR (INCLUYE ARRIENDO IMPUTADO)
A89: CUADRO 13A | B89: ='CUADRO 13A - 13B'!$A$2 -> COMPOSICIÓN DEL INGRESO SEGÚN FUENTE, POR QUINTILES DE HOGARES ORDENADOS DE ACUERDO AL INGRESO DISPONIBLE PER CÁPITA PROMEDIO MENSUAL DEL HOGAR. TOTAL CAPITALES REGIONALES (EXCLUYE ARRIENDO IMPUTADO)
A90: CUADRO 13B | B90: ='CUADRO 13A - 13B'!$A$35 -> COMPOSICIÓN DEL INGRESO SEGÚN FUENTE, POR QUINTILES DE HOGARES ORDENADOS DE ACUERDO AL INGRESO DISPONIBLE PER CÁPITA PROMEDIO MENSUAL DEL HOGAR. TOTAL CAPITALES REGIONALES (INCLUYE ARRIENDO IMPUTADO)
A91: CUADRO 13C | B91: ='CUADRO 13C - 13D'!$A$2 -> COMPOSICIÓN DEL INGRESO SEGÚN FUENTE, POR QUINTILES DE HOGARES ORDENADOS DE ACUERDO AL INGRESO DISPONIBLE PER CÁPITA PROMEDIO MENSUAL DEL HOGAR. MACROZONA NORTE (EXCLUYE ARRIENDO IMPUTADO)
A92: CUADRO 13D | B92: ='CUADRO 13C - 13D'!$A$35 -> COMPOSICIÓN DEL INGRESO SEGÚN FUENTE, POR QUINTILES DE HOGARES ORDENADOS DE ACUERDO AL INGRESO DISPONIBLE PER CÁPITA PROMEDIO MENSUAL DEL HOGAR. MACROZONA NORTE (INCLUYE ARRIENDO IMPUTADO)
A93: CUADRO 13E | B93: ='CUADRO 13E - 13F'!$A$2 -> COMPOSICIÓN DEL INGRESO SEGÚN FUENTE, POR QUINTILES DE HOGARES ORDENADOS DE ACUERDO AL INGRESO DISPONIBLE PER CÁPITA PROMEDIO MENSUAL DEL HOGAR. GRAN SANTIAGO (EXCLUYE ARRIENDO IMPUTADO)
A94: CUADRO 13F | B94: ='CUADRO 13E - 13F'!$A$35 -> COMPOSICIÓN DEL INGRESO SEGÚN FUENTE, POR QUINTILES DE HOGARES ORDENADOS DE ACUERDO AL INGRESO DISPONIBLE PER CÁPITA PROMEDIO MENSUAL DEL HOGAR. GRAN SANTIAGO (INCLUYE ARRIENDO IMPUTADO)
A95: CUADRO 13G | B95: ='CUADRO 13G - 13H'!$A$2 -> COMPOSICIÓN DEL INGRESO SEGÚN FUENTE, POR QUINTILES DE HOGARES ORDENADOS DE ACUERDO AL INGRESO DISPONIBLE PER CÁPITA PROMEDIO MENSUAL DEL HOGAR. MACROZONA CENTRO (EXCLUYE ARRIENDO IMPUTADO)
A96: CUADRO 13H | B96: ='CUADRO 13G - 13H'!$A$35 -> COMPOSICIÓN DEL INGRESO SEGÚN FUENTE, POR QUINTILES DE HOGARES ORDENADOS DE ACUERDO AL INGRESO DISPONIBLE PER CÁPITA PROMEDIO MENSUAL DEL HOGAR. MACROZONA CENTRO (INCLUYE ARRIENDO IMPUTADO)
A97: CUADRO 13I | B97: ='CUADRO 13I - 13J'!$A$2 -> COMPOSICIÓN DEL INGRESO SEGÚN FUENTE, POR QUINTILES DE HOGARES ORDENADOS DE ACUERDO AL INGRESO DISPONIBLE PER CÁPITA PROMEDIO MENSUAL DEL HOGAR. MACROZONA SUR (EXCLUYE ARRIENDO IMPUTADO)
A98: CUADRO 13J | B98: ='CUADRO 13I - 13J'!$A$35 -> COMPOSICIÓN DEL INGRESO SEGÚN FUENTE, POR QUINTILES DE HOGARES ORDENADOS DE ACUERDO AL INGRESO DISPONIBLE PER CÁPITA PROMEDIO MENSUAL DEL HOGAR. MACROZONA SUR (INCLUYE ARRIENDO IMPUTADO)
A99: CUADRO 14A | B99: ='CUADRO 14A - 14B'!$A$2 -> ESTRUCTURA DEL INGRESO SEGÚN FUENTE, POR QUINTILES DE HOGARES ORDENADOS DE ACUERDO AL INGRESO DISPONIBLE PER CÁPITA PROMEDIO MENSUAL DEL HOGAR. TOTAL CAPITALES REGIONALES (EXCLUYE ARRIENDO IMPUTADO)
A100: CUADRO 14B | B100: ='CUADRO 14A - 14B'!$A$35 -> ESTRUCTURA DEL INGRESO SEGÚN FUENTE, POR QUINTILES DE HOGARES ORDENADOS DE ACUERDO AL INGRESO DISPONIBLE PER CÁPITA PROMEDIO MENSUAL DEL HOGAR. TOTAL CAPITALES REGIONALES (INCLUYE ARRIENDO IMPUTADO)
A101: CUADRO 14C | B101: ='CUADRO 14C - 14D'!$A$2 -> ESTRUCTURA DEL INGRESO SEGÚN FUENTE, POR QUINTILES DE HOGARES ORDENADOS DE ACUERDO AL INGRESO DISPONIBLE PER CÁPITA PROMEDIO MENSUAL DEL HOGAR. MACROZONA NORTE (EXCLUYE ARRIENDO IMPUTADO)
A102: CUADRO 14D | B102: ='CUADRO 14C - 14D'!$A$35 -> ESTRUCTURA DEL INGRESO SEGÚN FUENTE, POR QUINTILES DE HOGARES ORDENADOS DE ACUERDO AL INGRESO DISPONIBLE PER CÁPITA PROMEDIO MENSUAL DEL HOGAR. MACROZONA NORTE (INCLUYE ARRIENDO IMPUTADO)
...

Sheet CUADRO 1A
A1: CUADRO 1A | J1: ÍNDICE
A2: POBLACIÓN TOTAL SEGÚN EDAD, NIVEL EDUCACIONAL, SI ESTUDIA ACTUALMENTE Y LA DEPENDENCIA DEL ESTABLECIMIENTO EDUCACIONAL, POR SEXO Y QUINTIL DE HOGARES ORDENADOS DE ACUERDO AL INGRESO DISPONIBLE PER CÁPITA PROMEDIO MENSUAL DEL HOGAR. TOTAL CAPITALES REGIONALES (EXCLUYE ARRIENDO IMPUTADO)
A4: CARACTERÍSTICAS DE LA POBLACIÓN | B4: TOTAL DE CAPITALES REGIONALES | G4: GRUPO QUINTIL(1)(2)
B5: TOTAL | C5: MUJERES | D5: HOMBRES | E5: I | F5: II | G5: III | H5: IV | I5: V
A7: GRUPOS DE EDAD /R
A8: TOTAL | B8: 13063825 | C8: 6647382.8 | D8: 6413453 | E8: 3197317.3 | F8: 2904540 | G8: 2597378.9 | H8: 2332266.6 | I8: 2032322.2
A9: 0 - 4 | B9: 662801.73 | C9: 307526.94 | D9: 355274.79 | E9: 239052.35 | F9: 148628.71 | G9: 100710.84 | H9: 87420.579 | I9: 86989.25
A10: 5 - 9 | B10: 852326.31 | C10: 407063.26 | D10: 445263.05 | E10: 285065.38 | F10: 198094.76 | G10: 157704.96 | H10: 117771.41 | I10: 93689.804
A11: 10 - 14 | B11: 906595.96 | C11: 401663.28 | D11: 504932.68 | E11: 331674.58 | F11: 225255.68 | G11: 140217.62 | H11: 111955.73 | I11: 97492.346
A12: 15 - 19 | B12: 956779.43 | C12: 440042.09 | D12: 516520.46 | E12: 315827.36 | F12: 231596.38 | G12: 180171.53 | H12: 133254.26 | I12: 95929.901
A13: 20 - 24 | B13: 1024400.9 | C13: 490836.54 | D13: 533564.39 | E13: 269275.11 | F13: 244449 | G13: 219692.29 | H13: 177979.68 | I13: 113004.85
A14: 25 - 29 | B14: 1027763.2 | C14: 491634.94 | D14: 535705.79 | E14: 221970.94 | F14: 218753.87 | G14: 205550.55 | H14: 212794.27 | I14: 168693.55
A15: 30 - 34 | B15: 1052200.4 | C15: 533213.1 | D15: 518875.63 | E15: 217607.8 | F15: 208380.95 | G15: 184897.45 | H15: 202654.65 | I15: 238659.59
A16: 35 - 39 | B16: 921157.73 | C16: 463007.69 | D16: 457061.98 | E16: 183386.13 | F16: 180693.34 | G16: 153313.69 | H16: 169661.58 | I16: 234103
A17: 40 - 44 | B17: 882068.59 | C17: 466030.18 | D17: 416038.42 | E17: 173252.83 | F17: 174718.41 | G17: 176679.05 | H17: 164570.37 | I17: 192847.93
A18: 45 - 49 | B18: 852736.58 | C18: 466136.27 | D18: 386600.31 | E18: 182929.84 | F18: 178557.94 | G18: 169688.81 | H18: 160132.17 | I18: 161427.83
A19: 50 - 54 | B19: 857542.14 | C19: 467160.94 | D19: 389903.5 | E19: 181302.53 | F19: 170650.32 | G19: 182110.76 | H19: 175868.29 | I19: 147610.23
... A25: 80 o MÁS | B25: 326819.46 | C25: 204967.51 | D25: 121851.95 | E25: 55658.719 | F25: 89437.376 | G25: 86323.48 | H25: 63977.646 | I25: 31422.236
A27: NIVEL EDUCACIONAL(3)
A28: TOTAL | B28: 13063825 | C28: 6647382.8 | D28: 6413453 | E28: 3197317.3 | F28: 2904540 | G28: 2597378.9 | H28: 2332266.6 | I28: 2032322.2
A29: NUNCA ASISTIÓ(4) | B29: 497409.67 | C29: 247399.16 | D29: 250010.51 | E29: 181391.64 | F29: 126855.16 | G29: 81495.596 | H29: 62936.815 | I29: 44730.46
A30: EDUCACIÓN DIFERENCIAL | B30: 76959.596 | C30: 25395.704 | D30: 51563.891 | E30: 30396.722 | F30: 19614.135 | G30: 16001.816 | H30: 9235.6574 | I30: 1711.2647
A31: EDUCACIÓN PREESCOLAR(5) | B31: 625013.37 | C31: 299153.21 | D31: 325860.17 | E31: 226634.14 | F31: 132563.48 | G31: 94526.466 | H31: 81678.293 | I31: 89610.993
A32: EDUCACIÓN BÁSICA | B32: 2492786.3 | C32: 1233593.4 | D32: 1258877.7 | E32: 890196.99 | F32: 647684.88 | G32: 473614.84 | H32: 310278.93 | I32: 171010.63
A33: EDUCACIÓN PRIMARIA (SISTEMA ANTIGUO) | B33: 313042.12 | C33: 191640.03 | D33: 121402.09 | E33: 74588.728 | F33: 109440.66 | G33: 80716.762 | H33: 38355.033 | I33: 9940.9328
A34: EDUCACIÓN MEDIA CIENTÍFICO HUMANISTA | B34: 2934474.6 | C34: 1473997.8 | D34: 1460327.9 | E34: 825738.17 | F34: 783297.37 | G34: 668786.6 | H34: 456318.73 | I34: 200333.77
A35: EDUCACIÓN MEDIA TÉCNICO PROFESIONAL | B35: 1318647.7 | C35: 656942.1 | D35: 661488.74 | E35: 391605.37 | F35: 356683.13 | G35: 293279.05 | H35: 197426.24 | I35: 79653.923
A36: EDUCACIÓN HUMANIDADES (SISTEMA ANTIGUO) | B36: 281365.85 | C36: 169493.13 | D36: 111872.73 | E36: 51095.212 | F36: 64251.255 | G36: 72446.967 | H36: 67851.097 | I36: 25721.323
A37: EDUCACIÓN TÉCNICA COMERCIAL, INDUSTRIAL O NORMALISTA (SISTEMA ANTIGUO) | B37: 54259.275 | C37: 28721.135 | D37: 25538.139 | E37: 5902.929 | F37: 9901.3424 | G37: 15823.25 | H37: 15194.879 | I37: 7436.8742
A38: EDUCACIÓN TÉCNICO SUPERIOR (MENOS DE 4 AÑOS) | B38: 1347831.4 | C38: 730435.16 | D38: 617396.24 | E38: 213474.64 | F38: 289055.78 | G38: 312841.45 | H38: 321193.29 | I38: 211266.25
A39: EDUCACIÓN PROFESIONAL (CARRERA DE 4 AÑOS O MÁS) | B39: 2627383.2 | C39: 1344449.1 | D39: 1282271.9 | E39: 288067.23 | F39: 346425.6 | G39: 451927.4 | H39: 672883.64 | I39: 868079.28
... A41: MAGÍSTER (DE UN AÑO O MÁS) | B41: 262579.33 | C41: 128336.76 | D41: 134242.57 | E41: 8026.0132 | F41: 4299.8726 | G41: 18127.58 | H41: 47779.241 | I41: 184346.62
A42: ESPECIALIDAD MÉDICA U ODONTOLÓGICA | B42: 23734.372 | C42: 12252.1 | D42: 11482.272 | E42: - | F42: 210.31236 | G42: 354.86548 | H42: 3710.9392 | I42: 19458.255
A43: DOCTORADO | B43: 37112.172 | C43: 16244.404 | D43: 20867.768 | E43: 263.64367 | F43: 456.28533 | G43: 1080.1203 | H43: 9283.3321 | I43: 26028.79
A44: NO SABE / NO RESPONDE | B44: 21157.014 | C44: 8907.9397 | D44: 10603.143 | E44: 7905.2792 | F44: 6765.2668 | G44: 2321.0505 | H44: 2701.4476 | I44: 1463.9702
A46: ESTUDIA ACTUALMENTE
A47: TOTAL | B47: 13063825 | C47: 6647382.8 | D47: 6413453 | E47: 3197317.3 | F47: 2904540 | G47: 2597378.9 | H47: 2332266.6 | I47: 2032322.2
A48: SÍ | B48: 3861759.7 | C48: 1834534.4 | D48: 2027113.5 | E48: 1180557.2 | F48: 869219.46 | G48: 666466.66 | H48: 598158.16 | I48: 547358.21
A49: NO | B49: 9193809.1 | C49: 4810152.6 | D49: 4382424.9 | E49: 2013324.9 | F49: 2033977.4 | G49: 1929164.6 | H49: 1733450 | I49: 1483892.2
A50: NO SABE / NO RESPONDE | B50: 8256.2616 | C50: 2695.7064 | D50: 3914.6237 | E50: 3435.17 | F50: 1343.0887 | G50: 1747.6979 | H50: 658.45312 | I50: 1071.8519
A52: DEPENDENCIA DEL LUGAR DE ESTUDIO
A53: TOTAL | B53: 13063825 | C53: 6647382.8 | D53: 6413453 | E53: 3197317.3 | F53: 2904540 | G53: 2597378.9 | H53: 2332266.6 | I53: 2032322.2
A54: MUNICIPAL / LOCAL / CORPORACIONES | B54: 844931.67 | C54: 385702.53 | D54: 459229.14 | E54: 398033.81 | F54: 234825.73 | G54: 134249 | H54: 55894.476 | I54: 21928.668
A55: PARTICULAR SUBVENCIONADO | B55: 1492475.2 | C55: 688388.83 | D55: 804086.32 | E55: 529732.92 | F55: 388832.98 | G55: 283770.25 | H55: 210418.62 | I55: 79720.393
A56: PARTICULAR | B56: 369695.93 | C56: 167943.68 | D56: 201752.25 | E56: 21804.886 | F56: 25596.154 | G56: 37564.835 | H56: 84157.738 | I56: 200572.31
A57: JARDÍN INFANTIL O SALA CUNA DEL LUGAR DE TRABAJO | B57: 17504.123 | C57: 11603.808 | D57: 5900.3152 | E57: 5837.089 | F57: 3215.9843 | G57: 2794.9826 | H57: 2515.7565 | I57: 3140.3111
A58: OTRO TIPO DE ESTABLECIMIENTO DE EDUCACIÓN PARVULARIA, BÁSICA O MEDIA | B58: 8414.5895 | C58: 3167.794 | D58: 5246.7955 | E58: 3039.7594 | F58: 2777.8831 | G58: 926.06073 | H58: 1565.3599 | I58: 105.52626
A59: CENTRO DE FORMACIÓN TÉCNICA | B59: 46345.269 | C59: 29508.949 | D59: 16836.321 | E59: 15355.486 | F59: 12500.75 | G59: 7434.241 | H59: 7422.0333 | I59: 3632.7588
A60: INSTITUTO PROFESIONAL | B60: 264546.37 | C60: 131269.15 | D60: 133277.22 | E60: 62411.31 | F60: 66719.946 | G60: 58250.617 | H60: 47642.737 | I60: 29521.761
A61: UNIVERSIDAD | B61: 773740.76 | C61: 393853.45 | D61: 379887.3 | E61: 134682.36 | F61: 125438.32 | G61: 133793.95 | H61: 180323.5 | I61: 199502.62
A62: FUERZAS ARMADAS | B62: 1631.0606 | C62: 397.3129 | D62: 1233.7477 | E62: 845.45661 | F62: 124.70628 | G62: 399.9135 | H62: - | I62: 260.98418
A63: OTRO TIPO DE ESTABLECIMIENTO DE EDUCACIÓN SUPERIOR | B63: 19743.354 | C63: 10102.05 | D63: 9529.5879 | E63: 1548.7847 | F63: 1135.2614 | G63: 3192.0454 | H63: 5855.1264 | I63: 8012.1363
A64: NO APLICA, NO ESTUDIA ACTUALMENTE | B64: 9202065.3 | C64: 4812848.3 | D64: 4386339.5 | E64: 2016760.1 | F64: 2035320.5 | G64: 1930912.3 | H64: 1734108.4 | I64: 1484964
A65: NO SABE / NO RESPONDE | B65: 22731.385 | C65: 12596.88 | D65: 10134.505 | E65: 7265.3122 | F65: 8051.7476 | G65: 4090.7571 | H65: 2362.8219 | I65: 960.74613
A66: (1) El grupo de quintil de hogares por ingreso disponible per cápita del hogar, excluye arriendo imputado.
A67: (2) Los quintiles corresponden a una variable de ordenación que indica en que 20% de la distribución de los ingresos (del hogar o per cápita) se encuentra el hogar y no corresponden a una variable de estratificación socioeconómica.
A68: (3) Incluye el nivel más alto alcanzado sin que necesariamente éste se haya terminado.
A69: (4) Incluye personas que no han estudiado nunca en establecimientos de educación formal y quienes están iniciando su educación formal.
A70: (5) Incluye las categorías de jardín infantil, prekínder, kínder y sala cuna.
A71: "-": No se registraron casos en la muestra o existe un recuento no ponderado inferior a 6 observaciones.
A72: Nota: Se excluyen del cálculo las personas sin información sobre su sexo
A73: /R: Cifras rectificadas al 31-10-2023 por ajuste en la cuadratura de los hogares.
A74: Fuente: Instituto Nacional de Estadísticas (INE), IX Encuesta de Presupuestos Familiares (EPF).

Sheet CUADRO 1B
A1: CUADRO 1B | J1: ÍNDICE
A2: POBLACIÓN TOTAL SEGÚN EDAD, NIVEL EDUCACIONAL, SI ESTUDIA ACTUALMENTE Y LA DEPENDENCIA DEL ESTABLECIMIENTO EDUCACIONAL, POR SEXO Y QUINTIL DE HOGARES ORDENADOS DE ACUERDO AL INGRESO DISPONIBLE PER CÁPITA PROMEDIO MENSUAL DEL HOGAR. MACROZONA NORTE (EXCLUYE ARRIENDO IMPUTADO)
A4: CARACTERÍSTICAS DE LA POBLACIÓN | B4: MACROZONA NORTE | G4: GRUPO QUINTIL(1)(2)
B5: TOTAL | C5: MUJERES | D5: HOMBRES | E5: I | F5: II | G5: III | H5: IV | I5: V
A7: GRUPOS DE EDAD
A8: TOTAL | B8: 1686982 | C8: 855022.21 | D8: 830891.78 | E8: 420906.14 | F8: 357794.25 | G8: 335090.32 | H8: 312387.21 | I8: 260804.09
A9: 0 - 4 | B9: 88694.043 | C9: 40486.359 | D9: 48207.684 | E9: 31415.503 | F9: 18987.3 | G9: 15783.733 | H9: 11982.736 | I9: 10524.771
A10: 5 - 9 | B10: 133026.28 | C10: 60969.83 | D10: 72056.449 | E10: 44279.931 | F10: 29305.791 | G10: 22927.789 | H10: 21100.198 | I10: 15412.57
A11: 10 - 14 | B11: 132026.64 | C11: 63127.015 | D11: 68899.626 | E11: 50094.61 | F11: 28774.78 | G11: 21732.544 | H11: 16207.447 | I11: 15217.26
A12: 15 - 19 | B12: 126767.84 | C12: 57366.164 | D12: 69184.797 | E12: 46220.98 | F12: 31105.638 | G12: 21430.433 | H12: 16672.763 | I12: 11338.026
A13: 20 - 24 | B13: 124900.12 | C13: 62315.933 | D13: 62584.185 | E13: 30745.531 | F13: 29798.654 | G13: 26722.869 | H13: 24290.654 | I13: 13342.41
A14: 25 - 29 | B14: 135101.81 | C14: 64664.86 | D14: 70436.949 | E14: 28049.547 | F14: 24247.833 | G14: 29566.577 | H14: 29565.511 | I14: 23672.341
A15: 30 - 34 | B15: 137498.85 | C15: 66814.243 | D15: 70684.61 | E15: 30899.003 | F15: 25032.8 | G15: 25161.732 | H15: 30361.114 | I15: 26044.204
A16: 35 - 39 | B16: 116624.03 | C16: 64291.33 | D16: 52332.696 | E16: 28826.269 | F16: 22747.429 | G16: 20136.968 | H16: 18422.252 | I16: 26491.108
A17: 40 - 44 | B17: 105605.21 | C17: 52485.103 | D17: 53120.106 | E17: 24823.214 | F17: 20794.806 | G17: 19434.961 | H17: 18228.979 | I17: 22323.25
A18: 45 - 49 | B18: 105802.36 | C18: 61566.393 | D18: 44235.966 | E18: 21953.606 | F18: 22588.93 | G18: 20843.509 | H18: 21562.694 | I18: 18853.62
A19: 50 - 54 | B19: 101825.68 | C19: 55907.218 | D19: 45440.756 | E19: 18285.575 | F19: 20327.995 | G19: 22067.97 | H19: 18463.49 | I19: 22680.646
... A25: 80 o MÁS | B25: 41906.954 | C25: 25875.299 | D25: 16031.655 | E25: 4550.4025 | F25: 11588.7 | G25: 9852.0388 | H25: 10915.069 | I25: 5000.7435
A27: NIVEL EDUCACIONAL(3)
A28: TOTAL | B28: 1686982 | C28: 855022.21 | D28: 830891.78 | E28: 420906.14 | F28: 357794.25 | G28: 335090.32 | H28: 312387.21 | I28: 260804.09
A29: NUNCA ASISTIÓ(4) | B29: 66389.384 | C29: 29803.946 | D29: 36585.438 | E29: 24401.724 | F29: 15668.716 | G29: 11224.606 | H29: 8386.9639 | I29: 6707.3743
A30: EDUCACIÓN DIFERENCIAL | B30: 9856.9316 | C30: 3789.0868 | D30: 6067.8448 | E30: 2838.9045 | F30: 3315.7143 | G30: 1399.1772 | H30: 1588.6577 | I30: 714.47779
A31: EDUCACIÓN PREESCOLAR(5) | B31: 92595.306 | C31: 44273.568 | D31: 48321.739 | E31: 33555.011 | F31: 19001.758 | G31: 14746.011 | H31: 14742.375 | I31: 10550.152
A32: EDUCACIÓN BÁSICA | B32: 339198.16 | C32: 170211.08 | D32: 168821.83 | E32: 123390.6 | F32: 81485.121 | G32: 62142.936 | H32: 43438.294 | I32: 28741.208
A33: EDUCACIÓN PRIMARIA (SISTEMA ANTIGUO) | B33: 37406.777 | C33: 21464.608 | D33: 15942.169 | E33: 5492.4657 | F33: 11028.372 | G33: 10293.728 | H33: 8796.5661 | I33: 1795.645
A34: EDUCACIÓN MEDIA CIENTÍFICO HUMANISTA | B34: 426661.71 | C34: 216111.3 | D34: 210550.41 | E34: 117367.32 | F34: 104547.71 | G34: 96336.885 | H34: 70743.828 | I34: 37665.969
A35: EDUCACIÓN MEDIA TÉCNICO PROFESIONAL | B35: 199236.69 | C35: 96519.907 | D35: 102499.91 | E35: 56055.405 | F35: 43169.432 | G35: 45159.09 | H35: 39622.421 | I35: 15230.345
A36: EDUCACIÓN HUMANIDADES (SISTEMA ANTIGUO) | B36: 30291.687 | C36: 18228.384 | D36: 12063.302 | E36: 3590.2473 | F36: 8298.3763 | G36: 6117.8579 | H36: 8412.4767 | I36: 3872.7287
A37: EDUCACIÓN TÉCNICA COMERCIAL, INDUSTRIAL O NORMALISTA (SISTEMA ANTIGUO) | B37: 9504.0536 | C37: 5770.9012 | D37: 3733.1525 | E37: 1072.9078 | F37: 1527.2858 | G37: 3325.0905 | H37: 2259.9726 | I37: 1318.797
A38: EDUCACIÓN TÉCNICO SUPERIOR (MENOS DE 4 AÑOS) | B38: 143170.7 | C38: 75719.603 | D38: 67451.1 | E38: 20428.782 | F38: 25615.136 | G38: 31253.772 | H38: 36072.197 | I38: 29800.816
A39: EDUCACIÓN PROFESIONAL (CARRERA DE 4 AÑOS O MÁS) | B39: 298450.72 | C39: 157350.71 | D39: 141100.01 | E39: 30460.111 | F39: 41422.941 | G39: 50687.509 | H39: 71603.539 | I39: 104276.62
A40: DIPLOMADOS O POSTÍTULO | B40: 8821.7866 | C40: 5228.3825 | D40: 3593.4042 | E40: - | F40: 805.71592 | G40: 674.61236 | H40: 1751.5672 | I40: 5589.8911
A41: MAGÍSTER (DE UN AÑO O MÁS) | B41: 17226.398 | C41: 7607.292 | D41: 9619.106 | E41: 557.43962 | F41: 1427.8173 | G41: 732.59543 | H41: 2066.0347 | I41: 12442.511
A42: ESPECIALIDAD MÉDICA U ODONTOLÓGICA | B42: 1099.2725 | C42: 535.42676 | D42: 563.84572 | E42: - | F42: 210.31236 | G42: - | H42: 535.42676 | I42: 353.53335
A43: DOCTORADO | B43: 2169.5107 | C43: 637.25358 | D43: 1532.2571 | E43: - | F43: - | G43: 197.25032 | H43: 228.24171 | I43: 1744.0187
A44: NO SABE / NO RESPONDE | B44: 4902.9067 | C44: 1770.7658 | D44: 2446.2608 | E44: 1695.2195 | F44: 269.84239 | G44: 799.19825 | H44: 2138.6465 | I44: -
A46: ESTUDIA ACTUALMENTE
A47: TOTAL | B47: 1686982 | C47: 855022.21 | D47: 830891.78 | E47: 420906.14 | F47: 357794.25 | G47: 335090.32 | H47: 312387.21 | I47: 260804.09
A48: SÍ | B48: 532193.92 | C48: 257821.97 | D48: 274371.95 | E48: 167577.18 | F48: 119162.43 | G48: 89902.216 | H48: 82008.374 | I48: 73543.718
A49: NO | B49: 1153453.1 | C49: 597046.52 | D49: 556024.49 | E49: 252754.76 | F49: 238631.82 | G49: 244941.31 | H49: 229864.88 | I49: 187260.37
A50: NO SABE / NO RESPONDE | B50: 1334.9335 | C50: 153.71797 | D50: 495.33552 | E50: 574.19075 | F50: - | G50: 246.79248 | H50: 513.95031 | I50: -
A52: DEPENDENCIA DEL LUGAR DE ESTUDIO
A53: TOTAL | B53: 1686982 | C53: 855022.21 | D53: 830891.78 | E53: 420906.14 | F53: 357794.25 | G53: 335090.32 | H53: 312387.21 | I53: 260804.09
A54: MUNICIPAL / LOCAL / CORPORACIONES | B54: 136466.34 | C54: 64840.044 | D54: 71626.298 | E54: 64522.861 | F54: 36487.674 | G54: 20431.783 | H54: 13097.294 | I54: 1926.7296
A55: PARTICULAR SUBVENCIONADO | B55: 219638.77 | C55: 101423.69 | D55: 118215.09 | E55: 74080.463 | F55: 49402.22 | G55: 41014.633 | H55: 32215.256 | I55: 22926.201
A56: PARTICULAR | B56: 36784.361 | C56: 18400.614 | D56: 18383.746 | E56: 1175.6191 | F56: 3911.005 | G56: 3569.2531 | H56: 10256.563 | I56: 17871.92
A57: JARDÍN INFANTIL O SALA CUNA DEL LUGAR DE TRABAJO | B57: 2246.449 | C57: 1410.9538 | D57: 835.49522 | E57: 904.22071 | F57: 146.38838 | G57: 1027.1218 | H57: 168.71807 | I57: -
A58: OTRO TIPO DE ESTABLECIMIENTO DE EDUCACIÓN PARVULARIA, BÁSICA O MEDIA | B58: 1479.0548 | C58: 859.43592 | D58: 619.61892 | E58: 657.86453 | F58: 240.55364 | G58: - | H58: - | I58: 580.63667
A59: CENTRO DE FORMACIÓN TÉCNICA | B59: 9824.136 | C59: 6425.1318 | D59: 3399.0042 | E59: 3940.3801 | F59: 2027.487 | G59: 1969.7296 | H59: 1253.0358 | I59: 633.5035
A60: INSTITUTO PROFESIONAL | B60: 26116.241 | C60: 14808.624 | D60: 11307.617 | E60: 4487.8648 | F60: 6412.1092 | G60: 4441.9301 | H60: 5086.9032 | I60: 5687.4332
A61: UNIVERSIDAD | B61: 94100.291 | C61: 45521.864 | D61: 48578.428 | E61: 16465.279 | F61: 18564.282 | G61: 17192.523 | H61: 19341.586 | I61: 22536.621
A62: FUERZAS ARMADAS | B62: - | C62: - | D62: - | E62: - | F62: - | G62: - | H62: - | I62: -
A63: OTRO TIPO DE ESTABLECIMIENTO DE EDUCACIÓN SUPERIOR | B63: 1658.6938 | C63: 1194.9666 | D63: 463.72713 | E63: - | F63: 218.56724 | G63: 255.24188 | H63: - | I63: 1184.8847
A64: NO APLICA, NO ESTUDIA ACTUALMENTE | B64: 1154788.1 | C64: 597200.24 | D64: 556519.83 | E64: 253328.95 | F64: 238631.82 | G64: 245188.1 | H64: 230378.83 | I64: 187260.37
A65: NO SABE / NO RESPONDE | B65: 3879.5806 | C65: 2936.6471 | D65: 942.93348 | E65: 1342.6319 | F65: 1752.1439 | G65: - | H65: 589.01716 | I65: 195.78768
A66: (1) El grupo de quintil de hogares por ingreso disponible per cápita del hogar, excluye arriendo imputado.
A67: (2) Los quintiles corresponden a una variable de ordenación que indica en que 20% de la distribución de los ingresos (del hogar o per cápita) se encuentra el hogar y no corresponden a una variable de estratificación socioeconómica.
A68: (3) Incluye el nivel más alto alcanzado sin que necesariamente éste se haya terminado.
A69: (4) Incluye personas que no han estudiado nunca en establecimientos de educación formal y quienes están iniciando su educación formal.
A70: (5) Incluye las categorías de jardín infantil, prekínder, kínder y sala cuna.
A71: "-": No se registraron casos en la muestra o existe un recuento no ponderado inferior a 6 observaciones.
A72: Nota: Se excluyen del cálculo las personas sin información sobre su sexo
A73: Fuente: Instituto Nacional de Estadísticas (INE), IX Encuesta de Presupuestos Familiares (EPF).

Sheet CUADRO 1C
A1: CUADRO 1C | J1: ÍNDICE
A2: POBLACIÓN TOTAL SEGÚN EDAD, NIVEL EDUCACIONAL, SI ESTUDIA ACTUALMENTE Y LA DEPENDENCIA DEL ESTABLECIMIENTO EDUCACIONAL, POR SEXO Y QUINTIL DE HOGARES ORDENADOS DE ACUERDO AL INGRESO DISPONIBLE PER CÁPITA PROMEDIO MENSUAL DEL HOGAR. GRAN SANTIAGO (EXCLUYE ARRIENDO IMPUTADO)
A4: CARACTERÍSTICAS DE LA POBLACIÓN | B4: GRAN SANTIAGO | G4: GRUPO QUINTIL(1)(2)
B5: TOTAL | C5: MUJERES /R | D5: HOMBRES /R | E5: I | F5: II | G5: III | H5: IV | I5: V
A7: GRUPOS DE EDAD
A8: TOTAL | B8: 7440518 | C8: 3768477 | D8: 3672041 | E8: 1858135.7 | F8: 1692892.7 | G8: 1429724.5 | H8: 1329582.9 | I8: 1130182.2
A9: 0 - 4 | B9: 388496.09 | C9: 175389.13 | D9: 213106.96 | E9: 149802.05 | F9: 84799.347 | G9: 52941.957 | H9: 58775.505 | I9: 42177.235
A10: 5 - 9 | B10: 456756.07 | C10: 217387.33 | D10: 239368.74 | E10: 165587.89 | F10: 112400.14 | G10: 68357.117 | H10: 61888.059 | I10: 48522.864
A11: 10 - 14 | B11: 504886.7 | C11: 221892.52 | D11: 282994.17 | E11: 187628.13 | F11: 123756.04 | G11: 74513.506 | H11: 63960.915 | I11: 55028.108
A12: 15 - 19 | B12: 548910.61 | C12: 256550.03 | D12: 292360.58 | E12: 184314.64 | F12: 135367.17 | G12: 90271.498 | H12: 81179.651 | I12: 57777.64
A13: 20 - 24 | B13: 577833.74 | C13: 279179.14 | D13: 298654.59 | E13: 139486.7 | F13: 154258.75 | G13: 117043.38 | H13: 97296.459 | I13: 69748.446
A14: 25 - 29 | B14: 589050.2 | C14: 273824.04 | D14: 315226.16 | E14: 130858.26 | F14: 125727.09 | G14: 113652.82 | H14: 123577.75 | I14: 95234.282
A15: 30 - 34 | B15: 622721.96 | C15: 314321.73 | D15: 308400.23 | E15: 133024.3 | F15: 123761.7 | G15: 109553.09 | H15: 125457.02 | I15: 130925.85
A16: 35 - 39 | B16: 548932.85 | C16: 265278.09 | D16: 283654.76 | E16: 110738.35 | F16: 107597.35 | G16: 85945.73 | H16: 107971.4 | I16: 136680.02
A17: 40 - 44 | B17: 520156.75 | C17: 273538.38 | D17: 246618.38 | E17: 104804.47 | F17: 103618.19 | G17: 105287.89 | H17: 93760.162 | I17: 112686.05
A18: 45 - 49 | B18: 490882.58 | C18: 265811.82 | D18: 225070.76 | E18: 104586.83 | F18: 101725.43 | G18: 90720.308 | H18: 94394.559 | I18: 99455.455
A19: 50 - 54 | B19: 483830.45 | C19: 265108.35 | D19: 218722.1 | E19: 104179.75 | F19: 97572.443 | G19: 108552.44 | H19: 93231.684 | I19: 80294.131
... A25: 80 o MÁS | B25: 171945.49 | C25: 106115.36 | D25: 65830.13 | E25: 37317.591 | F25: 45737.199 | G25: 45492.466 | H25: 30452.042 | I25: 12946.194
A27: NIVEL EDUCACIONAL(3)
A28: TOTAL | B28: 7440518 | C28: 3768477 | D28: 3672041 | E28: 1858135.7 | F28: 1692892.7 | G28: 1429724.5 | H28: 1329582.9 | I28: 1130182.2
A29: NUNCA ASISTIÓ(4) | B29: 288948.67 | C29: 141109.35 | D29: 147839.32 | E29: 109966.88 | F29: 74633.264 | G29: 41308.204 | H29: 41560.897 | I29: 21479.427
A30: EDUCACIÓN DIFERENCIAL | B30: 45738.291 | C30: 14130.392 | D30: 31607.899 | E30: 18891.794 | F30: 13560.377 | G30: 8577.6197 | H30: 4159.7796 | I30: 548.72038
A31: EDUCACIÓN PREESCOLAR(5) | B31: 338426.97 | C31: 161171.89 | D31: 177255.07 | E31: 140950.27 | F31: 63360.752 | G31: 44157.168 | H31: 44272.531 | I31: 45686.241
A32: EDUCACIÓN BÁSICA | B32: 1346775.5 | C32: 663517.95 | D32: 683257.54 | E32: 480284.26 | F32: 365541.55 | G32: 248053.66 | H32: 163600.18 | I32: 89295.834
A33: EDUCACIÓN PRIMARIA (SISTEMA ANTIGUO) | B33: 197924.02 | C33: 117812.21 | D33: 80111.809 | E33: 59978.124 | F33: 73717.021 | G33: 44575.421 | H33: 15737.175 | I33: 3916.2771
A34: EDUCACIÓN MEDIA CIENTÍFICO HUMANISTA | B34: 1579893.2 | C34: 785641.53 | D34: 794251.64 | E34: 451689.75 | F34: 435424 | G34: 359702.23 | H34: 238204.3 | I34: 94872.883
A35: EDUCACIÓN MEDIA TÉCNICO PROFESIONAL | B35: 745301.69 | C35: 384237.37 | D35: 361064.32 | E35: 233310.02 | F35: 226722.32 | G35: 153217.58 | H35: 95213.653 | I35: 36838.107
A36: EDUCACIÓN HUMANIDADES (SISTEMA ANTIGUO) | B36: 171526.15 | C36: 103882.84 | D36: 67643.311 | E36: 34945.955 | F36: 37644.689 | G36: 43634.149 | H36: 44738.232 | I36: 10563.124
A37: EDUCACIÓN TÉCNICA COMERCIAL, INDUSTRIAL O NORMALISTA (SISTEMA ANTIGUO) | B37: 27535.799 | C37: 15219.343 | D37: 12316.456 | E37: 3878.792 | F37: 6003.7083 | G37: 8805.856 | H37: 5817.5099 | I37: 3029.9332
A38: EDUCACIÓN TÉCNICO SUPERIOR (MENOS DE 4 AÑOS) | B38: 806224.88 | C38: 437166.72 | D38: 369058.16 | E38: 140554.95 | F38: 181169.7 | G38: 187053.4 | H38: 193486.47 | I38: 103960.36
A39: EDUCACIÓN PROFESIONAL (CARRERA DE 4 AÑOS O MÁS) | B39: 1568841.9 | C39: 787162.43 | D39: 781679.46 | E39: 174493.75 | F39: 202552.76 | G39: 266625.7 | H39: 420710.88 | I39: 504458.8
... A41: MAGÍSTER (DE UN AÑO O MÁS) | B41: 172855.12 | C41: 82077.59 | D41: 90777.527 | E41: 5622.6485 | F41: 3021.6283 | G41: 11107.425 | H41: 27005.072 | I41: 126098.34
A42: ESPECIALIDAD MÉDICA U ODONTOLÓGICA | B42: 16560.4 | C42: 8024.2993 | D42: 8536.1003 | E42: - | F42: - | G42: - | H42: 3278.9832 | I42: 13281.416
A43: DOCTORADO | B43: 24520.161 | C43: 11326.422 | D43: 13193.739 | E43: 149.02504 | F43: - | G43: 1335.4923 | H43: 7078.1354 | I43: 15957.508
A44: NO SABE / NO RESPONDE | B44: 8805.8016 | C44: 4509.8075 | D44: 4295.9941 | E44: 1854.0239 | F44: 4490.0998 | G44: 465.56805 | H44: 1557.4336 | I44: 438.67619
A46: ESTUDIA ACTUALMENTE
A47: TOTAL | B47: 7440518 | C47: 3768477 | D47: 3672041 | E47: 1858135.7 | F47: 1692892.7 | G47: 1429724.5 | H47: 1329582.9 | I47: 1130182.2
A48: SÍ | B48: 2144446.4 | C48: 1007315.1 | D48: 1137131.4 | E48: 680134.16 | F48: 482587.23 | G48: 334164.61 | H48: 336504.61 | I48: 311055.84
A49: NO | B49: 5291802 | C49: 2758619.9 | D49: 2533182.1 | E49: 1176912 | F49: 1208962.4 | G49: 1094895 | H49: 992978.16 | I49: 818054.49
A50: NO SABE / NO RESPONDE | B50: 4269.5534 | C50: 2541.9884 | D50: 1727.565 | E50: 1089.5526 | F50: 1343.0887 | G50: 664.90425 | H50: 100.15595 | I50: 1071.8519
A52: DEPENDENCIA DEL LUGAR DE ESTUDIO
A53: TOTAL | B53: 7440518 | C53: 3768477 | D53: 3672041 | E53: 1858135.7 | F53: 1692892.7 | G53: 1429724.5 | H53: 1329582.9 | I53: 1130182.2
A54: MUNICIPAL / LOCAL / CORPORACIONES | B54: 426155.57 | C54: 195616.55 | D54: 230539.02 | E54: 210665.94 | F54: 114297.11 | G54: 63180.637 | H54: 30577.92 | I54: 7433.9628
A55: PARTICULAR SUBVENCIONADO | B55: 837310.12 | C55: 387826.39 | D55: 449483.73 | E55: 329446.18 | F55: 225543.71 | G55: 139426.71 | H55: 111659.38 | I55: 31234.149
A56: PARTICULAR | B56: 237933.29 | C56: 103479.84 | D56: 134453.45 | E56: 16092.135 | F56: 16791.323 | G56: 20451.266 | H56: 59784.501 | I56: 124814.06
A57: JARDÍN INFANTIL O SALA CUNA DEL LUGAR DE TRABAJO | B57: 12187.718 | C57: 8812.5039 | D57: 3375.214 | E57: 3537.3403 | F57: 2675.6601 | G57: 1699.5635 | H57: 2731.0487 | I57: 1544.1051
A58: OTRO TIPO DE ESTABLECIMIENTO DE EDUCACIÓN PARVULARIA, BÁSICA O MEDIA | B58: 3123.6561 | C58: 584.80415 | D58: 2538.8519 | E58: 1162.5099 | F58: 1789.6899 | G58: - | H58: 171.45624 | I58: -
A59: CENTRO DE FORMACIÓN TÉCNICA | B59: 18966.311 | C59: 11910.613 | D59: 7055.6979 | E59: 6543.8276 | F59: 3441.9983 | G59: 4186.4384 | H59: 2927.6145 | I59: 1866.4325
A60: INSTITUTO PROFESIONAL | B60: 160229.59 | C60: 74809.867 | D60: 85419.728 | E60: 38625.758 | F60: 44887.177 | G60: 31313.734 | H60: 27271.227 | I60: 18131.698
A61: UNIVERSIDAD | B61: 423011.67 | C61: 213168.3 | D61: 209843.37 | E61: 68713.916 | F61: 65991.296 | G61: 69432.198 | H61: 96565.355 | I61: 122308.91
A62: FUERZAS ARMADAS | B62: 784.99138 | C62: - | D62: 784.99138 | E62: 124.0937 | F62: - | G62: 399.9135 | H62: 260.98418 | I62: -
A63: OTRO TIPO DE ESTABLECIMIENTO DE EDUCACIÓN SUPERIOR | B63: 11788.262 | C63: 4321.5885 | D63: 7466.673 | E63: 1348.1162 | F63: 1626.0118 | G63: 2228.5508 | H63: 3274.3095 | I63: 3311.2732
A64: NO APLICA, NO ESTUDIA ACTUALMENTE | B64: 5296071.6 | C64: 2761161.9 | D64: 2534909.6 | E64: 1178001.6 | F64: 1210305.5 | G64: 1095559.9 | H64: 993078.31 | I64: 819126.35
A65: NO SABE / NO RESPONDE | B65: 12955.265 | C65: 6784.6125 | D65: 6170.6526 | E65: 3874.3385 | F65: 5543.2521 | G65: 1845.6042 | H65: 1280.8144 | I65: 411.2558
A66: (1) El grupo de quintil de hogares por ingreso disponible per cápita del hogar, excluye arriendo imputado.
A67: (2) Los quintiles corresponden a una variable de ordenación que indica en que 20% de la distribución de los ingresos (del hogar o per cápita) se encuentra el hogar y no corresponden a una variable de estratificación socioeconómica.
A68: (3) Incluye el nivel más alto alcanzado sin que necesariamente éste se haya terminado.
A69: (4) Incluye personas que no han estudiado nunca en establecimientos de educación formal y quienes están iniciando su educación formal.
A70: (5) Incluye las categorías de jardín infantil, prekínder, kínder y sala cuna.
A71: "-": No se registraron casos en la muestra o existe un recuento no ponderado inferior a 6 observaciones.
A72: Nota: Se excluyen del cálculo las personas sin información sobre su sexo
A73: /R: Cifras rectificadas al 31-10-2023 por ajuste en la cuadratura de los hogares.
A74: Fuente: Instituto Nacional de Estadísticas (INE), IX Encuesta de Presupuestos Familiares (EPF).

Sheet CUADRO 1D
A1: CUADRO 1D | J1: ÍNDICE
A2: POBLACIÓN TOTAL SEGÚN EDAD, NIVEL EDUCACIONAL, SI ESTUDIA ACTUALMENTE Y LA DEPENDENCIA DEL ESTABLECIMIENTO EDUCACIONAL, POR SEXO Y QUINTIL DE HOGARES ORDENADOS DE ACUERDO AL INGRESO DISPONIBLE PER CÁPITA PROMEDIO MENSUAL DEL HOGAR. MACROZONA CENTRO (EXCLUYE ARRIENDO IMPUTADO)
A4: CARACTERÍSTICAS DE LA POBLACIÓN | B4: MACROZONA CENTRO | G4: GRUPO QUINTIL(1)(2)
B5: TOTAL | C5: MUJERES | D5: HOMBRES | E5: I | F5: II | G5: III | H5: IV | I5: V
A7: GRUPOS DE EDAD
A8: TOTAL | B8: 2942892 | C8: 1513071.5 | D8: 1428198.2 | E8: 720061.64 | F8: 633890.13 | G8: 594583.17 | H8: 523772.36 | I8: 470584.7
A9: 0 - 4 | B9: 138607.48 | C9: 67424.802 | D9: 71182.679 | E9: 49046.427 | F9: 31260.431 | G9: 21783.526 | H9: 13845.896 | I9: 22671.2
A10: 5 - 9 | B10: 199325.59 | C10: 96158.371 | D10: 103167.22 | E10: 63541.774 | F10: 45160.017 | G10: 39715.185 | H10: 26690.26 | I10: 24218.352
A11: 10 - 14 | B11: 200288.93 | C11: 87967.333 | D11: 112321.59 | E11: 74625.022 | F11: 46988.051 | G11: 31355.272 | H11: 27229.397 | I11: 20091.184
A12: 15 - 19 | B12: 205513.49 | C12: 90080.25 | D12: 115433.24 | E12: 60451.009 | F12: 54527.047 | G12: 38181.286 | H12: 30328.632 | I12: 22025.516
A13: 20 - 24 | B13: 241896.25 | C13: 110997.65 | D13: 130898.6 | E13: 74425.944 | F13: 51944.145 | G13: 50980.265 | H13: 41710.347 | I13: 22835.545
A14: 25 - 29 | B14: 224767.36 | C14: 114741.74 | D14: 109603.17 | E14: 49123.194 | F14: 46891.126 | G14: 48207.36 | H14: 41001.861 | I14: 39543.82
A15: 30 - 34 | B15: 218445.11 | C15: 114153.44 | D15: 104179.95 | E15: 46479.675 | F15: 37053.361 | G15: 43363.37 | H15: 35395.425 | I15: 56153.28
A16: 35 - 39 | B16: 188978.81 | C16: 100156.4 | D16: 87734.352 | E16: 38002.826 | F16: 39094.996 | G16: 31730.851 | H16: 33387.949 | I16: 46762.183
A17: 40 - 44 | B17: 183568.18 | C17: 101461.47 | D17: 82106.706 | E17: 32233.694 | F17: 39649.444 | G17: 37048.72 | H17: 31606.186 | I17: 43030.132
A18: 45 - 49 | B18: 186109.2 | C18: 102543.16 | D18: 83566.031 | E18: 42352.603 | F18: 40668.889 | G18: 38724.085 | H18: 34449.438 | I18: 29914.18
A19: 50 - 54 | B19: 208843.01 | C19: 110781.63 | D19: 98061.386 | E19: 46270.879 | F19: 41819.757 | G19: 36661.277 | H19: 48284.185 | I19: 35806.914
... A25: 80 o MÁS | B25: 86675.709 | C25: 57626.703 | D25: 29049.006 | E25: 12568.843 | F25: 20546.67 | G25: 21199.834 | H25: 23649.537 | I25: 8710.8251
A27: NIVEL EDUCACIONAL(3)
A28: TOTAL | B28: 2942892 | C28: 1513071.5 | D28: 1428198.2 | E28: 720061.64 | F28: 633890.13 | G28: 594583.17 | H28: 523772.36 | I28: 470584.7
A29: NUNCA ASISTIÓ(4) | B29: 107204.7 | C29: 56320.994 | D29: 50883.701 | E29: 39577.265 | F29: 27008.604 | G29: 17578.563 | H29: 12941.298 | I29: 10098.965
A30: EDUCACIÓN DIFERENCIAL | B30: 17835.246 | C30: 5677.2301 | D30: 12158.016 | E30: 6437.0898 | F30: 4562.7518 | G30: 4877.6096 | H30: 1261.6666 | I30: 696.12807
A31: EDUCACIÓN PREESCOLAR(5) | B31: 144392.77 | C31: 68565.314 | D31: 75827.454 | E31: 45638.997 | F31: 32484.127 | G31: 24595.244 | H31: 16808.95 | I31: 24865.45
A32: EDUCACIÓN BÁSICA | B32: 590920.17 | C32: 291924.61 | D32: 298995.55 | E32: 212342.29 | F32: 148528.94 | G32: 108903.08 | H32: 80977.905 | I32: 40167.949
A33: EDUCACIÓN PRIMARIA (SISTEMA ANTIGUO) | B33: 61759.949 | C33: 41332.019 | D33: 20427.931 | E33: 9608.3275 | F33: 16947.75 | G33: 21967.659 | H33: 10716.728 | I33: 2519.4852
A34: EDUCACIÓN MEDIA CIENTÍFICO HUMANISTA | B34: 711864.85 | C34: 364379.52 | D34: 347485.33 | E34: 197773.17 | F34: 185598.79 | G34: 161596.17 | H34: 112002.48 | I34: 54894.239
A35: EDUCACIÓN MEDIA TÉCNICO PROFESIONAL | B35: 269407.37 | C35: 124579.42 | D35: 144827.95 | E35: 75110.05 | F35: 66250.683 | G35: 57439.523 | H35: 44659.321 | I35: 25947.794
A36: EDUCACIÓN HUMANIDADES (SISTEMA ANTIGUO) | B36: 60595.801 | C36: 37177.426 | D36: 23418.375 | E36: 9207.8869 | F36: 13433.61 | G36: 13772.449 | H36: 17158.412 | I36: 7023.4428
A37: EDUCACIÓN TÉCNICA COMERCIAL, INDUSTRIAL O NORMALISTA (SISTEMA ANTIGUO) | B37: 13692.247 | C37: 5942.0862 | D37: 7750.161 | E37: 247.95196 | F37: 1959.3896 | G37: 2938.3172 | H37: 5431.0725 | I37: 3115.516
A38: EDUCACIÓN TÉCNICO SUPERIOR (MENOS DE 4 AÑOS) | B38: 310087.96 | C38: 169648.35 | D38: 140439.61 | E38: 45417.494 | F38: 66109.993 | G38: 70611.233 | H38: 73638.752 | I38: 54310.486
A39: EDUCACIÓN PROFESIONAL (CARRERA DE 4 AÑOS O MÁS) | B39: 555203.76 | C39: 292845.63 | D39: 261695.96 | E39: 73136.209 | F39: 67001.01 | G39: 104839.96 | H39: 127893.2 | I39: 182333.38
... A41: MAGÍSTER (DE UN AÑO O MÁS) | B41: 53204.575 | C41: 28564.904 | D41: 24639.672 | E41: 1672.2653 | F41: 758.96804 | G41: 2917.7483 | H41: 13315.403 | I41: 34540.19
A42: ESPECIALIDAD MÉDICA U ODONTOLÓGICA | B42: 4036.4222 | C42: 2759.4109 | D42: 1277.0113 | E42: - | F42: - | G42: - | H42: - | I42: 4036.4222
A43: DOCTORADO | B43: 6982.6961 | C43: 3329.4447 | D43: 3653.2514 | E43: 114.61864 | F43: 259.035 | G43: 164.46459 | H43: 968.08224 | I43: 5476.4956
A44: NO SABE / NO RESPONDE | B44: 6398.5369 | C44: 2077.0848 | D44: 3361.4006 | E44: 3632.944 | F44: 1557.8417 | G44: 539.10015 | H44: 441.59537 | I44: 227.05565
A46: ESTUDIA ACTUALMENTE
A47: TOTAL | B47: 2942892 | C47: 1513071.5 | D47: 1428198.2 | E47: 720061.64 | F47: 633890.13 | G47: 594583.17 | H47: 523772.36 | I47: 470584.7
A48: SÍ | B48: 882018.67 | C48: 422214.3 | D48: 459692.66 | E48: 258077.09 | F48: 195518.37 | G48: 160018.47 | H48: 139164.67 | I48: 129240.07
A49: NO | B49: 2058587 | C49: 1090857.2 | D49: 967179.28 | E49: 460804.39 | F49: 437877.03 | G49: 434151.3 | H49: 384409.62 | I49: 341344.64
A50: NO SABE / NO RESPONDE | B50: 2286.3465 | C50: - | D50: 1326.295 | E50: 1180.1534 | F50: 494.73373 | G50: 413.39447 | H50: 198.06483 | I50: -
A52: DEPENDENCIA DEL LUGAR DE ESTUDIO
A53: TOTAL | B53: 2942892 | C53: 1513071.5 | D53: 1428198.2 | E53: 720061.64 | F53: 633890.13 | G53: 594583.17 | H53: 523772.36 | I53: 470584.7
A54: MUNICIPAL / LOCAL / CORPORACIONES | B54: 208676.74 | C54: 91021.666 | D54: 117655.07 | E54: 100413.25 | F54: 59761.134 | G54: 28835.564 | H54: 12820.816 | I54: 6845.9757
A55: PARTICULAR SUBVENCIONADO | B55: 327700.04 | C55: 148826.08 | D55: 178873.96 | E55: 96323.338 | F55: 84214.127 | G55: 70626.013 | H55: 49475.941 | I55: 27060.623
A56: PARTICULAR | B56: 69455.706 | C56: 33097.752 | D56: 36357.954 | E56: 5060.6637 | F56: 2590.0634 | G56: 6238.1827 | H56: 15817.509 | I56: 39749.287
A57: JARDÍN INFANTIL O SALA CUNA DEL LUGAR DE TRABAJO | B57: 2096.5378 | C57: 1036.5993 | D57: 1059.9385 | E57: 1185.2501 | F57: 124.70628 | G57: 104.13677 | H57: 513.60129 | I57: 168.84336
A58: OTRO TIPO DE ESTABLECIMIENTO DE EDUCACIÓN PARVULARIA, BÁSICA O MEDIA | B58: 3299.9076 | C58: 1420.262 | D58: 1879.6457 | E58: 840.0417 | F58: 589.70966 | G58: 951.36298 | H58: 813.26702 | I58: 105.52626
A59: CENTRO DE FORMACIÓN TÉCNICA | B59: 12855.738 | C59: 9152.6251 | D59: 3703.1124 | E59: 4305.0487 | F59: 4091.5426 | G59: 1752.3504 | H59: 1790.4636 | I59: 916.33238
A60: INSTITUTO PROFESIONAL | B60: 60190.654 | C60: 32214.404 | D60: 27976.25 | E60: 14442.328 | F60: 13616.521 | G60: 15348.807 | H60: 12447.449 | I60: 4335.5488
A61: UNIVERSIDAD | B61: 187932.7 | C61: 98586.704 | D61: 89345.995 | E61: 34396.071 | F61: 28913.343 | G61: 35570.051 | H61: 43121.837 | I61: 45931.398
A62: FUERZAS ARMADAS | B62: 846.06919 | C62: 397.3129 | D62: 448.75628 | E62: 324.05001 | F62: 522.01918 | G62: - | H62: - | I62: -
A63: OTRO TIPO DE ESTABLECIMIENTO DE EDUCACIÓN SUPERIOR | B63: 5315.7126 | C63: 4431.0237 | D63: 772.97298 | E63: - | F63: 119.60012 | G63: 260.06475 | H63: 1370.9161 | I63: 3565.1316
A64: NO APLICA, NO ESTUDIA ACTUALMENTE | B64: 2060873.3 | C64: 1090857.2 | D64: 968505.57 | E64: 461984.54 | F64: 438371.76 | G64: 434564.7 | H64: 384607.69 | I64: 341344.64
A65: NO SABE / NO RESPONDE | B65: 3648.8676 | C65: 2029.8656 | D65: 1619.002 | E65: 787.05164 | F65: 975.60233 | G65: 331.94059 | H65: 992.87206 | I65: 561.401
A66: (1) El grupo de quintil de hogares por ingreso disponible per cápita del hogar, excluye arriendo imputado.
A67: (2) Los quintiles corresponden a una variable de ordenación que indica en que 20% de la distribución de los ingresos (del hogar o per cápita) se encuentra el hogar y no corresponden a una variable de estratificación socioeconómica.
A68: (3) Incluye el nivel más alto alcanzado sin que necesariamente éste se haya terminado.
A69: (4) Incluye personas que no han estudiado nunca en establecimientos de educación formal y quienes están iniciando su educación formal.
A70: (5) Incluye las categorías de jardín infantil, prekínder, kínder y sala cuna.
A71: "-": No se registraron casos en la muestra o existe un recuento no ponderado inferior a 6 observaciones.
A72: Nota: Se excluyen del cálculo las personas sin información sobre su sexo
A73: Fuente: Instituto Nacional de Estadísticas (INE), IX Encuesta de Presupuestos Familiares (EPF).

Sheet CUADRO 1E
A1: CUADRO 1E | J1: ÍNDICE
A2: POBLACIÓN TOTAL SEGÚN EDAD, NIVEL EDUCACIONAL, SI ESTUDIA ACTUALMENTE Y LA DEPENDENCIA DEL ESTABLECIMIENTO EDUCACIONAL, POR SEXO Y QUINTIL DE HOGARES ORDENADOS DE ACUERDO AL INGRESO DISPONIBLE PER CÁPITA PROMEDIO MENSUAL DEL HOGAR. MACROZONA SUR (EXCLUYE ARRIENDO IMPUTADO)
A4: CARACTERÍSTICAS DE LA POBLACIÓN | B4: MACROZONA SUR | G4: GRUPO QUINTIL(1)(2)
B5: TOTAL | C5: MUJERES | D5: HOMBRES | E5: I | F5: II | G5: III | H5: IV | I5: V
A7: GRUPOS DE EDAD
A8: TOTAL | B8: 993433 | C8: 510812 | D8: 482321.99 | E8: 228640.76 | F8: 217851.98 | G8: 199765.68 | H8: 189395.05 | I8: 157779.52
A9: 0 - 4 | B9: 47004.112 | C9: 24226.643 | D9: 22777.469 | E9: 14848.028 | F9: 11010.127 | G9: 6415.1353 | H9: 8194.0829 | I9: 6536.7393
A10: 5 - 9 | B10: 63218.378 | C10: 32547.729 | D10: 30670.649 | E10: 17272.541 | F10: 14593.721 | G10: 11279.057 | H10: 11559.956 | I10: 8513.1025
A11: 10 - 14 | B11: 69393.701 | C11: 28676.415 | D11: 40717.286 | E11: 22023.713 | F11: 16530.172 | G11: 12010.195 | H11: 10997.711 | I11: 7831.91
A12: 15 - 19 | B12: 75587.489 | C12: 36045.65 | D12: 39541.839 | E12: 23939.998 | F12: 17977.905 | G12: 15736.003 | H12: 12058.082 | I12: 5875.5011
A13: 20 - 24 | B13: 79770.836 | C13: 38343.819 | D13: 41427.016 | E13: 22392.063 | F13: 18717.72 | G13: 16613.688 | H13: 14458.385 | I13: 7588.9799
A14: 25 - 29 | B14: 78843.814 | C14: 38404.298 | D14: 40439.516 | E14: 18118.441 | F14: 20205.394 | G14: 15678.129 | H14: 14088.678 | I14: 10753.172
A15: 30 - 34 | B15: 73534.515 | C15: 37923.68 | D15: 35610.835 | E15: 14016.093 | F15: 14106.477 | G15: 12877.54 | H15: 13257.058 | I15: 19277.347
A16: 35 - 39 | B16: 66622.048 | C16: 33281.871 | D16: 33340.178 | E16: 12828.006 | F16: 11024.527 | G16: 11554.478 | H16: 14296.667 | I16: 16918.37
A17: 40 - 44 | B17: 72738.452 | C17: 38545.227 | D17: 34193.225 | E17: 11095.76 | F17: 14568.347 | G17: 13420.928 | H17: 17104.789 | I17: 16548.629
A18: 45 - 49 | B18: 69942.448 | C18: 36214.898 | D18: 33727.55 | E18: 14603.87 | F18: 11784.649 | G18: 14381.039 | H18: 16175.45 | I18: 12997.441
A19: 50 - 54 | B19: 63042.996 | C19: 35363.742 | D19: 27679.254 | E19: 13127.012 | F19: 13955.544 | G19: 12505.378 | H19: 13390.43 | I19: 10064.632
... A25: 80 o MÁS | B25: 26291.301 | C25: 15350.145 | D25: 10941.157 | E25: 3981.8349 | F25: 7723.2276 | G25: 6493.7841 | H25: 5082.8803 | I25: 3009.5745
A27: NIVEL EDUCACIONAL(3)
A28: TOTAL | B28: 993433 | C28: 510812 | D28: 482321.99 | E28: 228640.76 | F28: 217851.98 | G28: 199765.68 | H28: 189395.05 | I28: 157779.52
A29: NUNCA ASISTIÓ(4) | B29: 34866.913 | C29: 20164.868 | D29: 14702.045 | E29: 11584.979 | F29: 9825.2509 | G29: 5019.2845 | H29: 5165.1756 | I29: 3272.2232
A30: EDUCACIÓN DIFERENCIAL | B30: 3529.1269 | C30: 1798.9948 | D30: 1730.1321 | E30: 591.23209 | F30: 1216.6139 | G30: 680.41854 | H30: 660.62885 | I30: 380.23352
A31: EDUCACIÓN PREESCOLAR(5) | B31: 49598.333 | C31: 25142.433 | D31: 24455.9 | E31: 14643.34 | F31: 10654.501 | G31: 8967.6618 | H31: 7939.1921 | I31: 7393.6381
A32: EDUCACIÓN BÁSICA | B32: 215892.45 | C32: 107939.73 | D32: 107802.73 | E32: 71605.277 | F32: 56908.681 | G32: 40715.58 | H32: 32024.047 | I32: 14638.865
A33: EDUCACIÓN PRIMARIA (SISTEMA ANTIGUO) | B33: 15951.376 | C33: 11031.192 | D33: 4920.184 | E33: 2865.3376 | F33: 5709.5463 | G33: 4551.8836 | H33: 2318.0406 | I33: 506.5678
A34: EDUCACIÓN MEDIA CIENTÍFICO HUMANISTA | B34: 216054.91 | C34: 107865.43 | D34: 108040.47 | E34: 56717.186 | F34: 53015.405 | G34: 52353.944 | H34: 39360.628 | I34: 14607.75
A35: EDUCACIÓN MEDIA TÉCNICO PROFESIONAL | B35: 104701.96 | C35: 51605.406 | D35: 53096.559 | E35: 28771.12 | F35: 25544.158 | G35: 23520.181 | H35: 18506.961 | I35: 8359.5454
A36: EDUCACIÓN HUMANIDADES (SISTEMA ANTIGUO) | B36: 18952.218 | C36: 10204.478 | D36: 8747.7398 | E36: 3734.4548 | F36: 4299.0526 | G36: 5551.214 | H36: 3438.6341 | I36: 1928.8627
A37: EDUCACIÓN TÉCNICA COMERCIAL, INDUSTRIAL O NORMALISTA (SISTEMA ANTIGUO) | B37: 3527.1743 | C37: 1788.8048 | D37: 1738.3696 | E37: 533.02055 | F37: 127.69406 | G37: 1055.6005 | H37: 1496.4759 | I37: 314.38333
A38: EDUCACIÓN TÉCNICO SUPERIOR (MENOS DE 4 AÑOS) | B38: 88347.865 | C38: 47900.487 | D38: 40447.378 | E38: 13422.493 | F38: 16582.448 | G38: 19934.61 | H38: 22553.652 | I38: 15854.662
A39: EDUCACIÓN PROFESIONAL (CARRERA DE 4 AÑOS O MÁS) | B39: 204886.78 | C39: 107090.35 | D39: 97796.425 | E39: 23474.903 | F39: 32783.631 | G39: 34934.613 | H39: 48668.983 | I39: 65024.65
... A41: MAGÍSTER (DE UN AÑO O MÁS) | B41: 19293.24 | C41: 10086.975 | D41: 9206.2651 | E41: 173.65974 | F41: 593.04611 | G41: 1428.843 | H41: 3805.6201 | I41: 13292.071
A42: ESPECIALIDAD MÉDICA U ODONTOLÓGICA | B42: 2038.2781 | C42: 932.96305 | D42: 1105.3151 | E42: - | F42: - | G42: 97.114755 | H42: - | I42: 1941.1634
A43: DOCTORADO | B43: 3439.8039 | C43: 951.28342 | D43: 2488.5205 | E43: - | F43: - | G43: - | H43: 478.18883 | I43: 2961.6151
A44: NO SABE / NO RESPONDE | B44: 1049.7692 | C44: 550.28165 | D44: 499.48759 | E44: 396.38882 | F44: 441.78305 | G44: 103.09877 | H44: 108.4986 | I44: -
A46: ESTUDIA ACTUALMENTE
A47: TOTAL | B47: 993433 | C47: 510812 | D47: 482321.99 | E47: 228640.76 | F47: 217851.98 | G47: 199765.68 | H47: 189395.05 | I47: 157779.52
A48: SÍ | B48: 303100.62 | C48: 147183.1 | D48: 155917.52 | E48: 82835.409 | F48: 69374.936 | G48: 53514.094 | H48: 54150.408 | I48: 43225.772
A49: NO | B49: 689966.95 | C49: 363628.9 | D49: 326039.05 | E49: 145708.82 | F49: 148477.05 | G49: 145982.7 | H49: 135244.64 | I49: 114553.75
A50: NO SABE / NO RESPONDE | B50: 365.42815 | C50: - | D50: 365.42815 | E50: 96.539422 | F50: - | G50: 268.88873 | H50: - | I50: -
A52: DEPENDENCIA DEL LUGAR DE ESTUDIO
A53: TOTAL | B53: 993433 | C53: 510812 | D53: 482321.99 | E53: 228640.76 | F53: 217851.98 | G53: 199765.68 | H53: 189395.05 | I53: 157779.52
A54: MUNICIPAL / LOCAL / CORPORACIONES | B54: 73633.018 | C54: 34224.271 | D54: 39408.748 | E54: 27356.522 | F54: 21695.183 | G54: 13001.142 | H54: 8264.5496 | I54: 3315.6219
A55: PARTICULAR SUBVENCIONADO | B55: 107826.22 | C55: 50312.668 | D55: 57513.551 | E55: 33942.494 | F55: 24913.199 | G55: 20947.31 | H55: 20195.652 | I55: 7827.564
A56: PARTICULAR | B56: 25522.573 | C56: 12965.471 | D56: 12557.102 | E56: 1817.1694 | F56: 1754.7689 | G56: 3090.2965 | H56: 6068.2577 | I56: 12792.081
A57: JARDÍN INFANTIL O SALA CUNA DEL LUGAR DE TRABAJO | B57: 973.41893 | C57: 343.75139 | D57: 629.66754 | E57: 584.80836 | F57: - | G57: - | H57: 107.93689 | I57: 280.67368
A58: OTRO TIPO DE ESTABLECIMIENTO DE EDUCACIÓN PARVULARIA, BÁSICA O MEDIA | B58: 511.97091 | C58: 303.29193 | D58: 208.67898 | E58: 108.54709 | F58: 303.29193 | G58: 100.13188 | H58: - | I58: -
A59: CENTRO DE FORMACIÓN TÉCNICA | B59: 4699.0844 | C59: 2020.5782 | D59: 2678.5061 | E59: 888.83373 | F59: 1241.9006 | G59: 892.76424 | H59: 1537.4003 | I59: 138.18547
A60: INSTITUTO PROFESIONAL | B60: 18009.882 | C60: 9436.259 | D60: 8573.6228 | E60: 4563.6503 | F60: 4279.4295 | G60: 3321.9799 | H60: 2593.9541 | I60: 3250.868
A61: UNIVERSIDAD | B61: 68696.094 | C61: 36576.585 | D61: 32119.509 | E61: 12383.743 | F61: 14647.91 | G61: 11441.024 | H61: 15071.357 | I61: 15152.061
A62: FUERZAS ARMADAS | B62: - | C62: - | D62: - | E62: - | F62: - | G62: - | H62: - | I62: -
A63: OTRO TIPO DE ESTABLECIMIENTO DE EDUCACIÓN SUPERIOR | B63: 980.68631 | C63: 154.47154 | D63: 826.21477 | E63: 200.6685 | F63: - | G63: - | H63: 311.30041 | I63: 468.7174
A64: NO APLICA, NO ESTUDIA ACTUALMENTE | B64: 690332.38 | C64: 363628.9 | D64: 326404.48 | E64: 145805.36 | F64: 148477.05 | G64: 146251.59 | H64: 135244.64 | I64: 114553.75
A65: NO SABE / NO RESPONDE | B65: 2247.6717 | C65: 845.75521 | D65: 1401.9165 | E65: 988.9721 | F65: 539.25366 | G65: 719.4459 | H65: - | I65: -
A66: (1) El grupo de quintil de hogares por ingreso disponible per cápita del hogar, excluye arriendo imputado.
A67: (2) Los quintiles corresponden a una variable de ordenación que indica en que 20% de la distribución de los ingresos (del hogar o per cápita) se encuentra el hogar y no corresponden a una variable de estratificación socioeconómica.
A68: (3) Incluye el nivel más alto alcanzado sin que necesariamente éste se haya terminado.
A69: (4) Incluye personas que no han estudiado nunca en establecimientos de educación formal y quienes están iniciando su educación formal.
A70: (5) Incluye las categorías de jardín infantil, prekínder, kínder y sala cuna.
A71: "-": No se registraron casos en la muestra o existe un recuento no ponderado inferior a 6 observaciones.
A72: Nota: Se excluyen del cálculo las personas sin información sobre su sexo
A73: Fuente: Instituto Nacional de Estadísticas (INE), IX Encuesta de Presupuestos Familiares (EPF).

Sheet CUADRO 2A
A1: CUADRO 2A | J1: ÍNDICE
A2: INGRESO DISPONIBLE Y GASTO PROMEDIO MENSUAL DEL HOGAR Y PER CÁPITA, SEGÚN CARACTERÍSTICAS DE PERSONA SUSTENTADORA PRINCIPAL Y DEL HOGAR (SEXO, EDAD, NIVEL EDUCACIONAL, CATEGORÍA OCUPACIONAL, TENENCIA DE LA VIVIENDA, TIPO DE VIVIENDA, SITUACIÓN PREVISIONAL Y DE SALUD Y NÚMERO DE PERSONAS EN EL HOGAR). TOTAL CAPITALES REGIONALES (EXCLUYE ARRIENDO IMPUTADO)
D4: TOTAL CAPITALES REGIONALES
A5: CARACTERÍSTICAS DE PERSONA SUSTENTADORA PRINCIPAL Y DEL HOGAR | B5: HOGARES | C5: GASTO PROMEDIO MENSUAL | E5: INGRESO DISPONIBLE PROMEDIO MENSUAL
C6: POR HOGAR | D6: PER CÁPITA | E6: POR HOGAR | F6: PER CÁPITA
A8: SEXO
A9: TOTAL | B9: 4420863.6 | C9: 1451782.2 | D9: 564680.21 | E9: 1413348.7 | F9: 555436.77
A10: HOMBRE | B10: 2525536.3 | C10: 1590266.9 | D10: 604721.78 | E10: 1580816.7 | F10: 610515.68
A11: MUJER | B11: 1892831.9 | C11: 1267298 | D11: 511190.62 | E11: 1190983.4 | F11: 482321.82
A13: GRUPOS DE EDAD
A14: TOTAL | B14: 4420863.6 | C14: 1451782.2 | D14: 564680.21 | E14: 1413348.7 | F14: 555436.77
A15: 15 - 19 | B15: 9127.2947 | C15: 995925.38 | D15: 607092.23 | E15: 511464.79 | F15: 299192.16
A16: 20 - 29 | B16: 362034.37 | C16: 1330862.7 | D16: 616129.45 | E16: 1114795.5 | F16: 515022.28
A17: 30 - 39 | B17: 904157.74 | C17: 1652383.2 | D17: 663570.78 | E17: 1573853.4 | F17: 645600.24
A18: 40 - 49 | B18: 964779.19 | C18: 1756976.2 | D18: 607850.51 | E18: 1682598.2 | F18: 594123.6
A19: 50 - 59 | B19: 936885.17 | C19: 1488522 | D19: 542248.01 | E19: 1498367.1 | F19: 550556.74
A20: 60 - 69 | B20: 677745.76 | C20: 1237297 | D20: 501641.08 | E20: 1273976.3 | F20: 516359.68
A21: 70 - 79 | B21: 409419.06 | C21: 921784.13 | D21: 420588.91 | E21: 967743.1 | F21: 440177.16
A22: 80 O MÁS | B22: 156715.02 | C22: 814029.15 | D22: 390214.71 | E22: 830611.54 | F22: 404652.61
A24: NIVEL EDUCACIONAL(1)
A25: TOTAL | B25: 4420863.6 | C25: 1451782.2 | D25: 564680.21 | E25: 1413348.7 | F25: 555436.77
A26: NUNCA ASISTIÓ(2) | B26: 33973.271 | C26: 580730.91 | D26: 222372.24 | E26: 620569.39 | F26: 260739.94
A27: EDUCACIÓN DIFERENCIAL | B27: 3843.2029 | C27: 461136.04 | D27: 177905.54 | E27: 477112.61 | F27: 218692.89
A28: EDUCACIÓN PREESCOLAR | B28: - | C28: - | D28: - | E28: - | F28: -
A29: EDUCACIÓN BÁSICA | B29: 501852.83 | C29: 846413.03 | D29: 292202.24 | E29: 793860.82 | F29: 272703.43
A30: EDUCACIÓN PRIMARIA (SISTEMA ANTIGUO) | B30: 163109.93 | C30: 716994.11 | D30: 308865.96 | E30: 717177.94 | F30: 308356.07
A31: EDUCACIÓN MEDIA CIENTÍFICO HUMANISTA | B31: 1015802 | C31: 1083576.2 | D31: 380987 | E31: 930676.81 | F31: 326601.32
A32: EDUCACIÓN MEDIA TÉCNICO PROFESIONAL | B32: 510383.56 | C32: 1218135.3 | D32: 412729.32 | E32: 1099236 | F32: 376752.23
A33: EDUCACIÓN HUMANIDADES (SISTEMA ANTIGUO) | B33: 149111.69 | C33: 836602.87 | D33: 386747.2 | E33: 841022.95 | F33: 382604.09
A34: EDUCACIÓN TÉCNICA COMERCIAL, INDUSTRIAL O NORMALISTA (SISTEMA ANTIGUO) | B34: 32627.954 | C34: 954748.09 | D34: 456288.48 | E34: 890322.43 | F34: 444835.53
A35: EDUCACIÓN TÉCNICO SUPERIOR (MENOS DE 4 AÑOS) | B35: 610630.52 | C35: 1448661 | D35: 550465.92 | E35: 1329036.8 | F35: 516762.14
A36: EDUCACIÓN PROFESIONAL (CARRERA DE 4 AÑOS O MÁS) | B36: 1077974.9 | C36: 1991667.7 | D36: 831988.27 | E36: 2014764 | F36: 845037.11
A37: DIPLOMADOS O POSTÍTULO | B37: 94591.591 | C37: 2817455.3 | D37: 1255132.5 | E37: 2673229.4 | F37: 1156291
A38: MAGÍSTER (DE UN AÑO O MÁS) | B38: 175684.29 | C38: 3015794.6 | D38: 1200912 | E38: 3619241.9 | F38: 1465473.6
A39: ESPECIALIDAD MÉDICA U ODONTOLÓGICA | B39: 15981.759 | C39: 3535587.1 | D39: 1449701.3 | E39: 4454128 | F39: 1733065.6
A40: DOCTORADO | B40: 26466.133 | C40: 3113916.4 | D40: 1199894.1 | E40: 3743026.4 | F40: 1496756.8
A41: NO SABE / NO RESPONDE | B41: 8829.8998 | C41: 1106888.5 | D41: 370867.67 | E41: 756680.92 | F41: 273718.77
A43: CATEGORÍA EN LA OCUPACIÓN /R
A44: TOTAL | B44: 4420863.6 | C44: 1451782.2 | D44: 564680.21 | E44: 1413348.7 | F44: 555436.77
A45: OCUPADO | B45: 3482305.1 | C45: 1586059.4 | D45: 606703.93 | E45: 1585112.1 | F45: 615719.22
A46: INDEPENDIENTE | B46: 786647.91 | C46: 1368003.2 | D46: 523285.67 | E46: 1392554.4 | F46: 538975.25
A47: EMPLEADOR/A | B47: 153594.91 | C47: 2435204 | D47: 932849.88 | E47: 2801054.5 | F47: 1100127.9
A48: TRABAJADOR/A POR CUENTA PROPIA | B48: 633053 | C48: 1109072.9 | D48: 423914.88 | E48: 1050816.2 | F48: 402825.2
A49: DEPENDIENTE | B49: 2695657.2 | C49: 1649692.6 | D49: 631047.08 | E49: 1641304.4 | F49: 638114.68
A50: EMPLEADO/A DEL SECTOR PRIVADO | B50: 2132276.4 | C50: 1627819.1 | D50: 620245.76 | E50: 1594924.2 | F50: 616169.92
A51: EMPLEADO/A DEL SECTOR PÚBLICO | B51: 478936.57 | C51: 1893440.3 | D51: 729187.16 | E51: 2002053.5 | F51: 791507.94
A52: EMPLEADO/A DEL SECTOR HOGARES | B52: 83457.485 | C52: 817417.81 | D52: 347124.21 | E52: 763963.75 | F52: 322238.57
A53: FAMILIAR NO REMUNERADO/A | B53: 986.77226 | C53: 1001287.8 | D53: 351363.64 | E53: 972580.04 | F53: 322812.56
A54: DESOCUPADA O INACTIVA | B54: 926231.41 | C54: 947177.17 | D54: 408085.66 | E54: 772146.02 | F54: 331856.48
A55: NO SABE / NO RESPONDE | B55: 12327.056 | C55: 1434482.4 | D55: 459494.66 | E55: 1070151.5 | F55: 325472.22
A57: SISTEMA SALUD
A58: TOTAL | B58: 4420863.6 | C58: 1451782.2 | D58: 564680.21 | E58: 1413348.7 | F58: 555436.77
A59: ESTÁ AFILIADO Y COTIZA | B59: 2866213.7 | C59: 1723611.7 | D59: 663455.78 | E59: 1731610.4 | F59: 676187.16
A60: ESTÁ AFILIADO, PERO NO COTIZA | B60: 1369889.7 | C60: 943741.57 | D60: 383398.17 | E60: 806833.49 | F60: 327791.88
A61: NO SABE / NO RESPONDE | B61: 22914.699 | C61: 931667.76 | D61: 353052.71 | E61: 894689.84 | F61: 314550.82
A62: NO TIENE SISTEMA DE SALUD | B62: 161845.45 | C62: 1011585.3 | D62: 379774.67 | E62: 984159.55 | F62: 377932.93
A64: SITUACIÓN PREVISIONAL
A65: TOTAL | B65: 4420863.6 | C65: 1451782.2 | D65: 564680.21 | E65: 1413348.7 | F65: 555436.77
A66: ESTÁ AFILIADO Y COTIZA | B66: 2467502.5 | C66: 1782458.8 | D66: 676229.89 | E66: 1783182.6 | F66: 685901.34
A67: ESTÁ AFILIADO, PERO NO COTIZA | B67: 1213267.3 | C67: 1089210.3 | D67: 437606.13 | E67: 979707.97 | F67: 397564.23
A68: NO SABE / NO RESPONDE | B68: 31774.041 | C68: 1297715 | D68: 432633.12 | E68: 1174796.9 | F68: 382153.73
A69: NO TIENE PREVISIÓN | B69: 708319.73 | C69: 927790.44 | D69: 399671.95 | E69: 878471.15 | F69: 379140.46
A71: TENENCIA DE LA VIVIENDA
A72: TOTAL | B72: 4420863.6 | C72: 1451782.2 | D72: 564680.21 | E72: 1413348.7 | F72: 555436.77
A73: PROPIA, TOTALMENTE PAGADA | B73: 1674132.2 | C73: 1172984.4 | D73: 431948.68 | E73: 1165812.2 | F73: 435635.51
A74: PROPIA, PAGÁNDOSE | B74: 820047.58 | C74: 2160182.4 | D74: 772827.69 | E74: 2261173.9 | F74: 832257.8
A75: ARRENDADA(3) | B75: 1313192.5 | C75: 1554135.9 | D75: 675737.99 | E75: 1435068.1 | F75: 625928.98
A76: CEDIDA POR TRABAJO O SERVICIO | B76: 17306.674 | C76: 1325946.2 | D76: 543299.4 | E76: 1537794.4 | F76: 624073.38
A77: CEDIDA POR UN PARIENTE O AMIGO | B77: 331950.61 | C77: 1110690.2 | D77: 445504.77 | E77: 910893.64 | F77: 372250.71
A78: CEDIDA POR EL ESTADO | B78: 6727.1049 | C78: 862443.74 | D78: 293433.22 | E78: 971895.6 | F78: 301000.99
A79: OCUPADA DE HECHO | B79: 36107.741 | C79: 900374.57 | D79: 294473.54 | E79: 723466.82 | F79: 241188.77
A80: PROPIEDAD EN LITIGIO | B80: 8133.3054 | C80: 1114587.2 | D80: 615501.91 | E80: 1044456.9 | F80: 448626.71
A81: HERENCIA O SUCESIÓN COMPARTIDA | B81: 208917.94 | C81: 954772.35 | D81: 363300.06 | E81: 880744.4 | F81: 343056.17
A82: NO SABE / NO RESPONDE | B82: 4347.9791 | C82: 823222.11 | D82: 300024.21 | E82: 819346.91 | F82: 303594.78
A84: TIPO DE VIVIENDA
A85: TOTAL | B85: 4420863.6 | C85: 1451782.2 | D85: 564680.21 | E85: 1413348.7 | F85: 555436.77
A86: CASA NO PAREADA (INDEPENDIENTE) | B86: 1113040.6 | C86: 1636621.8 | D86: 550098.58 | E86: 1647505.5 | F86: 559039.78
A87: CASA PAREADA POR UN LADO | B87: 1412141.1 | C87: 1329111.9 | D87: 465658.51 | E87: 1222374.2 | F87: 431859
A88: CASA PAREADA POR AMBOS LADOS | B88: 651773.55 | C88: 1183666.1 | D88: 407605.36 | E88: 1108079.2 | F88: 389855.73
A89: DEPARTAMENTO EN EDIFICIO CON ASCENSOR | B89: 627423.21 | C89: 1905564.2 | D89: 1009223 | E89: 2017794.7 | F89: 1057025.2
A90: DEPARTAMENTO EN EDIFICIO SIN ASCENSOR | B90: 569395.68 | C90: 1247809.6 | D90: 544854.41 | E90: 1154025.3 | F90: 505351.34
A91: PIEZA EN CASA ANTIGUA O EN CONVENTILLO | B91: 21842.248 | C91: 828162.81 | D91: 367684.08 | E91: 835634.02 | F91: 390736
A92: MEDIAGUA O MEJORA | B92: 8652.139 | C92: 881583.28 | D92: 279446.03 | E92: 673979.78 | F92: 231137.38
A93: VIVIENDA PRECARIA DE MATERIALES REUTILIZADOS | B93: 3579.3104 | C93: 913536.51 | D93: 414281.07 | E93: 1948613.3 | F93: 893344.88
A94: OTRO TIPO DE VIVIENDA PARTICULAR(4) | B94: 4413.8158 | C94: 1214627.9 | D94: 516270.64 | E94: 847609.22 | F94: 346637.85
A95: NO SABE / NO RESPONDE | B95: 8601.9607 | C95: 893814.93 | D95: 371089.54 | E95: 952348.73 | F95: 363150.57
A97: NÚMERO DE PERSONAS EN EL HOGAR
A98: TOTAL | B98: 4420863.6 | C98: 1451782.2 | D98: 564680.21 | E98: 1413348.7 | F98: 555436.77
A99: 1 PERSONA EN EL HOGAR | B99: 735943.19 | C99: 853463.67 | D99: 853463.67 | E99: 846962.64 | F99: 846962.64
A100: 2 PERSONAS EN EL HOGAR | B100: 1190364.2 | C100: 1255229.3 | D100: 627614.67 | E100: 1276323.8 | F100: 638161.91
A101: 3 PERSONAS EN EL HOGAR | B101: 1037085 | C101: 1497967.6 | D101: 499322.54 | E101: 1434059.4 | F101: 478019.81
A102: 4 PERSONAS EN EL HOGAR | B102: 856449.55 | C102: 1822444.6 | D102: 455611.14 | E102: 1735516.2 | F102: 433879.05
A103: 5 PERSONAS EN EL HOGAR | B103: 373872.03 | C103: 1897033.5 | D103: 379406.69 | E103: 1862661.4 | F103: 372532.29
A104: 6 O MÁS PERSONAS EN EL HOGAR | B104: 227149.63 | C104: 2079029.3 | D104: 313828.15 | E104: 1917655.1 | F104: 290234.37
A105: (1) Incluye el nivel más alto alcanzado sin necesariamente estar éste terminado
A106: (2) Incluye personas que no han estudiado nunca en establecimientos de educación formal y quienes están iniciando su educación formal.
A107: (3) Incluye viviendas arrendadas con y sin contrato.
A108: (4) Incluye la categoría rancho o choza.
A109: El ingreso disponible y gasto promedio mensual del hogar y per cápita están expresado en pesos chilenos corrientes.
A110: "-": No se registraron casos en la muestra o existe un recuento no ponderado inferior a 6 observaciones.
...

Sheet CUADRO 2B
A1: CUADRO 2B | J1: ÍNDICE
A2: INGRESO DISPONIBLE Y GASTO PROMEDIO MENSUAL DEL HOGAR Y PER CÁPITA, SEGÚN CARACTERÍSTICAS DE PERSONA SUSTENTADORA PRINCIPAL Y DEL HOGAR (SEXO, EDAD, NIVEL EDUCACIONAL, CATEGORÍA OCUPACIONAL, TENENCIA DE LA VIVIENDA, TIPO DE VIVIENDA, SITUACIÓN PREVISIONAL Y DE SALUD Y NÚMERO DE PERSONAS EN EL HOGAR). MACROZONA NORTE (EXCLUYE ARRIENDO IMPUTADO)
D4: MACROZONA NORTE
A5: CARACTERÍSTICAS DE PERSONA SUSTENTADORA PRINCIPAL Y DEL HOGAR | B5: HOGARES | C5: GASTO PROMEDIO MENSUAL | E5: INGRESO DISPONIBLE PROMEDIO MENSUAL
C6: POR HOGAR | D6: PER CÁPITA | E6: POR HOGAR | F6: PER CÁPITA
A8: SEXO
A9: TOTAL | B9: 535451.32 | C9: 1325057 | D9: 478646.33 | E9: 1241219.7 | F9: 456972.17
A10: HOMBRE | B10: 313877.12 | C10: 1411919.1 | D10: 498602.17 | E10: 1340993.5 | F10: 490981.45
A11: MUJER | B11: 220888.32 | C11: 1200785 | D11: 450202.78 | E11: 1101291.5 | F11: 409395.47
A13: GRUPOS DE EDAD
A14: TOTAL | B14: 535451.32 | C14: 1325057 | D14: 478646.33 | E14: 1241219.7 | F14: 456972.17
A15: 15 - 19 | B15: 1103.7659 | C15: 714169.98 | D15: 249725.35 | E15: 553478.06 | F15: 179121.06
A16: 20 - 29 | B16: 44354.052 | C16: 1173532.6 | D16: 495265.5 | E16: 1051355.8 | F16: 447924.4
A17: 30 - 39 | B17: 114751.43 | C17: 1568805.8 | D17: 538012.82 | E17: 1318895.1 | F17: 463592.24
A18: 40 - 49 | B18: 117996.6 | C18: 1570795.4 | D18: 529871.73 | E18: 1400947.6 | F18: 493042.27
A19: 50 - 59 | B19: 112244.93 | C19: 1385735.6 | D19: 484481.43 | E19: 1389628.3 | F19: 491754.66
A20: 60 - 69 | B20: 79626.823 | C20: 1027877.4 | D20: 408369.75 | E20: 1095987.6 | F20: 426482.98
A21: 70 - 79 | B21: 46436.675 | C21: 858055.55 | D21: 363528.3 | E21: 923449.4 | F21: 386487.62
A22: 80 O MÁS | B22: 18937.039 | C22: 742429.96 | D22: 317342.08 | E22: 770295.67 | F22: 324366.64
A24: NIVEL EDUCACIONAL(1)
A25: TOTAL | B25: 535451.32 | C25: 1325057 | D25: 478646.33 | E25: 1241219.7 | F25: 456972.17
A26: NUNCA ASISTIÓ(2) | B26: 4946.3552 | C26: 507221.06 | D26: 224918.01 | E26: 671870.85 | F26: 282831.07
A27: EDUCACIÓN DIFERENCIAL | B27: 312.31874 | C27: 731953.51 | D27: 279822.75 | E27: 610249.47 | F27: 258424.53
A28: EDUCACIÓN PREESCOLAR | B28: - | C28: - | D28: - | E28: - | F28: -
A29: EDUCACIÓN BÁSICA | B29: 61039.009 | C29: 854043.59 | D29: 276130.19 | E29: 744244.05 | F29: 246948
A30: EDUCACIÓN PRIMARIA (SISTEMA ANTIGUO) | B30: 16593.512 | C30: 722178.83 | D30: 296798.7 | E30: 768022.06 | F30: 307735.3
A31: EDUCACIÓN MEDIA CIENTÍFICO HUMANISTA | B31: 144182.29 | C31: 1096598.6 | D31: 361142.88 | E31: 969583.35 | F31: 318719.07
A32: EDUCACIÓN MEDIA TÉCNICO PROFESIONAL | B32: 80976.999 | C32: 1165394.9 | D32: 390364.3 | E32: 1044348.7 | F32: 355347.52
A33: EDUCACIÓN HUMANIDADES (SISTEMA ANTIGUO) | B33: 15263.208 | C33: 716571.25 | D33: 317066.78 | E33: 772894.47 | F33: 341598.78
A34: EDUCACIÓN TÉCNICA COMERCIAL, INDUSTRIAL O NORMALISTA (SISTEMA ANTIGUO) | B34: 4901.3992 | C34: 1019535.5 | D34: 326943.42 | E34: 1006569.9 | F34: 363512.7
A35: EDUCACIÓN TÉCNICO SUPERIOR (MENOS DE 4 AÑOS) | B35: 64867.932 | C35: 1459287.3 | D35: 530469.72 | E35: 1297919.9 | F35: 481908.85
A36: EDUCACIÓN PROFESIONAL (CARRERA DE 4 AÑOS O MÁS) | B36: 120592.05 | C36: 1875354.4 | D36: 707165.24 | E36: 1831273.6 | F36: 709446.48
A37: DIPLOMADOS O POSTÍTULO | B37: 4382.4493 | C37: 2608777.8 | D37: 1095321.8 | E37: 2385890.1 | F37: 979969.45
A38: MAGÍSTER (DE UN AÑO O MÁS) | B38: 13290.885 | C38: 2419589.2 | D38: 1135783.9 | E38: 2713458.2 | F38: 1250622.6
A39: ESPECIALIDAD MÉDICA U ODONTOLÓGICA | B39: 888.96011 | C39: 3492617.7 | D39: 1158209.6 | E39: 3403057.6 | F39: 1021448.3
A40: DOCTORADO | B40: 1570.7298 | C40: 2538913 | D40: 1058341.2 | E40: 3767256.2 | F40: 1389157.4
A41: NO SABE / NO RESPONDE | B41: 1643.2237 | C41: 1667528.1 | D41: 555407.7 | E41: 814303.61 | F41: 293297.83
A43: CATEGORÍA EN LA OCUPACIÓN /R
A44: TOTAL | B44: 535451.32 | C44: 1325057 | D44: 478646.33 | E44: 1241219.7 | F44: 456972.17
A45: OCUPADO | B45: 416868.47 | C45: 1439219.2 | D45: 512159.89 | E45: 1373967.5 | F45: 501386.83
A46: INDEPENDIENTE | B46: 107408.91 | C46: 1107508.6 | D46: 390200.85 | E46: 1107750.1 | F46: 409763.84
A47: EMPLEADOR/A | B47: 15796.588 | C47: 1860749.7 | D47: 663054.91 | E47: 2293595.1 | F47: 844571.8
A48: TRABAJADOR/A POR CUENTA PROPIA | B48: 91612.325 | C48: 977628.24 | D48: 343153 | E48: 903276.49 | F48: 334790.5
A49: DEPENDIENTE | B49: 309459.56 | C49: 1554351.2 | D49: 554490.1 | E49: 1466367.7 | F49: 533187.84
A50: EMPLEADO/A DEL SECTOR PRIVADO | B50: 235559.03 | C50: 1489806.7 | D50: 524852.49 | E50: 1346521.9 | F50: 475916.99
A51: EMPLEADO/A DEL SECTOR PÚBLICO | B51: 68387.273 | C51: 1850390.1 | D51: 677110.83 | E51: 1946255.3 | F51: 751447.42
A52: EMPLEADO/A DEL SECTOR HOGARES | B52: 5031.9936 | C52: 634649.58 | D52: 299398.33 | E52: 647169.93 | F52: 281414.2
A53: FAMILIAR NO REMUNERADO/A | B53: - | C53: - | D53: - | E53: - | F53: -
A54: DESOCUPADA O INACTIVA | B54: 117257.85 | C54: 916556.39 | D54: 356500.55 | E54: 772278.99 | F54: 299372.93
A55: NO SABE / NO RESPONDE | B55: - | C55: - | D55: - | E55: - | F55: -
A57: SISTEMA DE SALUD
A58: TOTAL | B58: 535451.32 | C58: 1325057 | D58: 478646.33 | E58: 1241219.7 | F58: 456972.17
A59: ESTÁ AFILIADO Y COTIZA | B59: 329284.22 | C59: 1586956 | D59: 567419.81 | E59: 1528056.1 | F59: 558700.58
A60: ESTÁ AFILIADO, PERO NO COTIZA | B60: 170558.24 | C60: 903426.62 | D60: 336559.76 | E60: 781734.61 | F60: 295994.67
A61: NO SABE / NO RESPONDE | B61: 2002.5124 | C61: 1000973.2 | D61: 430973.48 | E61: 808962.54 | F61: 357593.75
A62: NO TIENE SISTEMA DE SALUD | B62: 33606.346 | C62: 918060.31 | D62: 332774.89 | E62: 788445.18 | F62: 283120.66
A64: SITUACIÓN PREVISIONAL
A65: TOTAL | B65: 535451.32 | C65: 1325057 | D65: 478646.33 | E65: 1241219.7 | F65: 456972.17
A66: ESTÁ AFILIADO Y COTIZA | B66: 285207.4 | C66: 1660650.7 | D66: 589631.39 | E66: 1571777.7 | F66: 572567.15
A67: ESTÁ AFILIADO, PERO NO COTIZA | B67: 141664.05 | C67: 966761.73 | D67: 361966.01 | E67: 900093.99 | F67: 333617.99
A68: NO SABE / NO RESPONDE | B68: 3444.5539 | C68: 1122029.8 | D68: 373713.68 | E68: 814901.35 | F68: 274720.58
A69: NO TIENE PREVISIÓN | B69: 105135.32 | C69: 904105.13 | D69: 338228.2 | E69: 818109.46 | F69: 315574.26
A71: TENENCIA DE LA VIVIENDA
A72: TOTAL | B72: 535451.32 | C72: 1325057 | D72: 478646.33 | E72: 1241219.7 | F72: 456972.17
A73: PROPIA, TOTALMENTE PAGADA | B73: 205676.62 | C73: 1069724.4 | D73: 365606.15 | E73: 1072077.1 | F73: 376492.49
A74: PROPIA, PAGÁNDOSE | B74: 87922.941 | C74: 2120758.2 | D74: 752781.38 | E74: 1930483.2 | F74: 694722.24
A75: ARRENDADA(3) | B75: 153435.83 | C75: 1447267.6 | D75: 555415.91 | E75: 1278475.7 | F75: 502235.1
A76: CEDIDA POR TRABAJO O SERVICIO | B76: 4674.066 | C76: 1395917.3 | D76: 562661.44 | E76: 2074645.2 | F76: 896910.47
A77: CEDIDA POR UN PARIENTE O AMIGO | B77: 38009.086 | C77: 925994.03 | D77: 362260.57 | E77: 816620.69 | F77: 321808.38
A78: CEDIDA POR EL ESTADO | B78: 2479.9236 | C78: 812146.25 | D78: 223751.91 | E78: 1133303.3 | F78: 310874.73
A79: OCUPADA DE HECHO | B79: 17525.412 | C79: 748854.96 | D79: 230148.87 | E79: 681327.44 | F79: 214776.88
A80: PROPIEDAD EN LITIGIO | B80: - | C80: - | D80: - | E80: - | F80: -
A81: HERENCIA O SUCESIÓN COMPARTIDA | B81: 24737.903 | C81: 929447.06 | D81: 338826.59 | E81: 866113.24 | F81: 316463.45
A82: NO SABE / NO RESPONDE | B82: - | C82: - | D82: - | E82: - | F82: -
A84: TIPO DE VIVIENDA
A85: TOTAL | B85: 535451.32 | C85: 1325057 | D85: 478646.33 | E85: 1241219.7 | F85: 456972.17
A86: CASA NO PAREADA (INDEPENDIENTE) | B86: 113713.95 | C86: 1202184.4 | D86: 423990.19 | E86: 1232531.8 | F86: 435683.03
A87: CASA PAREADA POR UN LADO | B87: 146421.54 | C87: 1307848.5 | D87: 438813.15 | E87: 1187273.6 | F87: 410261.12
A88: CASA PAREADA POR AMBOS LADOS | B88: 165386.94 | C88: 1263652.1 | D88: 421394.73 | E88: 1135117 | F88: 382030.4
A89: DEPARTAMENTO EN EDIFICIO CON ASCENSOR | B89: 34091.91 | C89: 2067389.2 | D89: 876831.03 | E89: 2210194.2 | F89: 940228.56
A90: DEPARTAMENTO EN EDIFICIO SIN ASCENSOR | B90: 65155.877 | C90: 1458796.4 | D90: 636377.97 | E90: 1230550.4 | F90: 557612.62
A91: PIEZA EN CASA ANTIGUA O EN CONVENTILLO | B91: 6580.3314 | C91: 573760.06 | D91: 272585.81 | E91: 761367.63 | F91: 384537.53
A92: MEDIAGUA O MEJORA | B92: 2456.295 | C92: 671759.28 | D92: 258271.34 | E92: 582700.61 | F92: 255077.1
A93: VIVIENDA PRECARIA DE MATERIALES REUTILIZADOS | B93: - | C93: - | D93: - | E93: - | F93: -
A94: OTRO TIPO DE VIVIENDA PARTICULAR(4) | B94: - | C94: - | D94: - | E94: - | F94: -
A95: NO SABE / NO RESPONDE | B95: - | C95: - | D95: - | E95: - | F95: -
A97: NÚMERO DE PERSONAS EN EL HOGAR
A98: TOTAL | B98: 535451.32 | C98: 1325057 | D98: 478646.33 | E98: 1241219.7 | F98: 456972.17
A99: 1 PERSONA EN EL HOGAR | B99: 73949.507 | C99: 757580.36 | D99: 757580.36 | E99: 767795.12 | F99: 767795.12
A100: 2 PERSONAS EN EL HOGAR | B100: 129043.33 | C100: 1022396.6 | D100: 511198.29 | E100: 985114.48 | F100: 492557.23
A101: 3 PERSONAS EN EL HOGAR | B101: 132678.65 | C101: 1377135.6 | D101: 459045.2 | E101: 1289892.9 | F101: 429964.29
A102: 4 PERSONAS EN EL HOGAR | B102: 110392.54 | C102: 1663471.1 | D102: 415867.77 | E102: 1548634.5 | F102: 387158.63
A103: 5 PERSONAS EN EL HOGAR | B103: 51529.684 | C103: 1668118.4 | D103: 333623.69 | E103: 1484179.7 | F103: 296835.94
A104: 6 O MÁS PERSONAS EN EL HOGAR | B104: 37857.607 | C104: 1828918.1 | D104: 271984.08 | E104: 1641254.4 | F104: 244724.56
A105: (1) Incluye el nivel más alto alcanzado sin necesariamente estar éste terminado
A106: (2) Incluye personas que no han estudiado nunca en establecimientos de educación formal y quienes están iniciando su educación formal.
A107: (3) Incluye viviendas arrendadas con y sin contrato.
A108: (4) Incluye la categoría rancho o choza.
A109: El ingreso disponible y gasto promedio mensual del hogar y per cápita están expresado en pesos chilenos corrientes.
A110: "-": No se registraron casos en la muestra o existe un recuento no ponderado inferior a 6 observaciones.
...

Sheet CUADRO 2C
A1: CUADRO 2C | J1: ÍNDICE
A2: INGRESO DISPONIBLE Y GASTO PROMEDIO MENSUAL DEL HOGAR Y PER CÁPITA, SEGÚN CARACTERÍSTICAS DE PERSONA SUSTENTADORA PRINCIPAL Y DEL HOGAR (SEXO, EDAD, NIVEL EDUCACIONAL, CATEGORÍA OCUPACIONAL, TENENCIA DE LA VIVIENDA, TIPO DE VIVIENDA, SITUACIÓN PREVISIONAL Y DE SALUD Y NÚMERO DE PERSONAS EN EL HOGAR). GRAN SANTIAGO (EXCLUYE ARRIENDO IMPUTADO)
D4: GRAN SANTIAGO
A5: CARACTERÍSTICAS DE PERSONA SUSTENTADORA PRINCIPAL Y DEL HOGAR | B5: HOGARES | C5: GASTO PROMEDIO MENSUAL | E5: INGRESO DISPONIBLE PROMEDIO MENSUAL
C6: POR HOGAR | D6: PER CÁPITA | E6: POR HOGAR | F6: PER CÁPITA
A8: SEXO
A9: TOTAL | B9: 2492867.7 | C9: 1590105.1 | D9: 618643.19 | E9: 1578833 | F9: 621623.52
A10: HOMBRE | B10: 1427758.8 | C10: 1764345.8 | D10: 673797.41 | E10: 1790514.6 | F10: 692832.06
A11: MUJER | B11: 1065108.8 | C11: 1356538.7 | D11: 544709.97 | E11: 1295077.7 | F11: 526169.78
A13: GRUPOS DE EDAD
A14: TOTAL | B14: 2492867.7 | C14: 1590105.1 | D14: 618643.19 | E14: 1578833 | F14: 621623.52
A15: 15 - 19 | B15: 6621.3853 | C15: 1098288.1 | D15: 706302.05 | E15: 537030.03 | F15: 337155.68
A16: 20 - 29 | B16: 196391.53 | C16: 1458747.1 | D16: 669078.57 | E16: 1250788.8 | F16: 574486.04
A17: 30 - 39 | B17: 533892.44 | C17: 1729573 | D17: 714288.39 | E17: 1712670.4 | F17: 726826.67
A18: 40 - 49 | B18: 564252.31 | C18: 1911225.2 | D18: 670047.82 | E18: 1868963 | F18: 667057.43
A19: 50 - 59 | B19: 517971.32 | C19: 1632459.1 | D19: 591138.63 | E19: 1692937 | F19: 618555.82
A20: 60 - 69 | B20: 369472.03 | C20: 1403904.7 | D20: 552320.38 | E20: 1454220.2 | F20: 575828.13
A21: 70 - 79 | B21: 228343.98 | C21: 1024012.4 | D21: 449900.73 | E21: 1045274.8 | F21: 460707.93
A22: 80 O MÁS | B22: 75922.674 | C22: 925245.76 | D22: 443825.73 | E22: 853557.04 | F22: 418664.6
A24: NIVEL EDUCACIONAL(1)
A25: TOTAL | B25: 2492867.7 | C25: 1590105.1 | D25: 618643.19 | E25: 1578833 | F25: 621623.52
A26: NUNCA ASISTIÓ(2) | B26: 12675.694 | C26: 592959.37 | D26: 212296.83 | E26: 632162.89 | F26: 277673.94
A27: EDUCACIÓN DIFERENCIAL | B27: 1621.432 | C27: 309130.33 | D27: 162605.93 | E27: 287803.44 | F27: 234343.46
A28: EDUCACIÓN PREESCOLAR | B28: - | C28: - | D28: - | E28: - | F28: -
A29: EDUCACIÓN BÁSICA | B29: 248788.6 | C29: 925528.12 | D29: 308902.25 | E29: 877989.87 | F29: 289690.01
A30: EDUCACIÓN PRIMARIA (SISTEMA ANTIGUO) | B30: 101197.16 | C30: 776041.5 | D30: 327799.62 | E30: 729582.43 | F30: 310543.95
A31: EDUCACIÓN MEDIA CIENTÍFICO HUMANISTA | B31: 532499.94 | C31: 1149890.8 | D31: 404002.03 | E31: 979492.42 | F31: 341721.23
A32: EDUCACIÓN MEDIA TÉCNICO PROFESIONAL | B32: 273626.6 | C32: 1255695.5 | D32: 416122.48 | E32: 1131444.1 | F32: 378898.62
A33: EDUCACIÓN HUMANIDADES (SISTEMA ANTIGUO) | B33: 87481.669 | C33: 938106.29 | D33: 407304.16 | E33: 905664.27 | F33: 386807.25
A34: EDUCACIÓN TÉCNICA COMERCIAL, INDUSTRIAL O NORMALISTA (SISTEMA ANTIGUO) | B34: 15812.766 | C34: 891428.33 | D34: 473127.28 | E34: 823076.8 | F34: 427413.79
A35: EDUCACIÓN TÉCNICO SUPERIOR (MENOS DE 4 AÑOS) | B35: 362333.93 | C35: 1509306.7 | D35: 571537.93 | E35: 1399156.7 | F35: 537635.57
A36: EDUCACIÓN PROFESIONAL (CARRERA DE 4 AÑOS O MÁS) | B36: 643171.98 | C36: 2125424.7 | D36: 897774.86 | E36: 2209295.9 | F36: 942479
A37: DIPLOMADOS O POSTÍTULO | B37: 67405.725 | C37: 3002633.9 | D37: 1314200.6 | E37: 2832831.1 | F37: 1195648
A38: MAGÍSTER (DE UN AÑO O MÁS) | B38: 114160.65 | C38: 3373889.5 | D38: 1264085.8 | E38: 4226400.7 | F38: 1644207.3
A39: ESPECIALIDAD MÉDICA U ODONTOLÓGICA | B39: 11544.582 | C39: 3397078.1 | D39: 1431817.1 | E39: 4086799.3 | F39: 1620207.9
A40: DOCTORADO | B40: 16313.996 | C40: 3003293.7 | D40: 1301462.3 | E40: 3615035.8 | F40: 1619612.7
A41: NO SABE / NO RESPONDE | B41: 4232.9546 | C41: 1270599.1 | D41: 459341.27 | E41: 979586.46 | F41: 374061.12
A43: CATEGORÍA EN LA OCUPACIÓN /R
A44: TOTAL | B44: 2492867.7 | C44: 1590105.1 | D44: 618643.19 | E44: 1578833 | F44: 621623.52
A45: OCUPADO | B45: 2027169.4 | C45: 1714065.3 | D45: 659829.42 | E45: 1751395.5 | F45: 684394.4
A46: INDEPENDIENTE | B46: 439667.47 | C46: 1556943.3 | D46: 590729.13 | E46: 1574904.7 | F46: 604497.15
A47: EMPLEADOR/A | B47: 93200.466 | C47: 2791992 | D47: 1053791 | E47: 3109710.8 | F47: 1228602.7
A48: TRABAJADOR/A POR CUENTA PROPIA | B48: 346467 | C48: 1224712.2 | D48: 466164.35 | E48: 1162038.1 | F48: 436611.22
A49: DEPENDIENTE | B49: 1587502 | C49: 1757581.1 | D49: 678967.13 | E49: 1800275.6 | F49: 706522.38
A50: EMPLEADO/A DEL SECTOR PRIVADO | B50: 1304619.9 | C50: 1763331.8 | D50: 680923.06 | E50: 1790361.6 | F50: 700713.46
A51: EMPLEADO/A DEL SECTOR PÚBLICO | B51: 226161.42 | C51: 1945351.2 | D51: 746015.58 | E51: 2096624.9 | F51: 828374.79
A52: EMPLEADO/A DEL SECTOR HOGARES | B52: 56569.2 | C52: 872968.39 | D52: 365621.36 | E52: 841115.32 | F52: 352611.21
A53: FAMILIAR NO REMUNERADO/A | B53: - | C53: - | D53: - | E53: - | F53: -
A54: DESOCUPADA O INACTIVA | B54: 458302.6 | C54: 1041296.9 | D54: 438936.34 | E54: 821114.04 | F54: 348635.36
A55: NO SABE / NO RESPONDE | B55: 7395.6347 | C55: 1621479.7 | D55: 465668.38 | E55: 1234187.9 | F55: 332802.04
A57: SISTEMA DE SALUD
A58: TOTAL | B58: 2492867.7 | C58: 1590105.1 | D58: 618643.19 | E58: 1578833 | F58: 621623.52
A59: ESTÁ AFILIADO Y COTIZA | B59: 1698287.4 | C59: 1850805.8 | D59: 718103.68 | E59: 1891957.3 | F59: 744932.29
A60: ESTÁ AFILIADO, PERO NO COTIZA | B60: 700209.99 | C60: 1014533.3 | D60: 401347.78 | E60: 873347.12 | F60: 344868.07
A61: NO SABE / NO RESPONDE | B61: 12522.437 | C61: 1053657.5 | D61: 384373.74 | E61: 928032.34 | F61: 315090.77
A62: NO TIENE SISTEMA DE SALUD | B62: 81847.838 | C62: 1186844.9 | D62: 449714.39 | E62: 1216732.3 | F62: 477596.82
A64: SITUACIÓN PREVISIONAL
A65: TOTAL | B65: 2492867.7 | C65: 1590105.1 | D65: 618643.19 | E65: 1578833 | F65: 621623.52
A66: ESTÁ AFILIADO Y COTIZA | B66: 1459950.6 | C66: 1906678.2 | D66: 730167.96 | E66: 1948706.1 | F66: 756066.11
A67: ESTÁ AFILIADO, PERO NO COTIZA | B67: 652671.7 | C67: 1187763.2 | D67: 467778.5 | E67: 1085892.7 | F67: 434075.64
A68: NO SABE / NO RESPONDE | B68: 18796.586 | C68: 1511450.2 | D68: 507351.11 | E68: 1203178 | F68: 402996.56
A69: NO TIENE PREVISIÓN | B69: 361448.75 | C69: 1042017.9 | D69: 446381.91 | E69: 994497.79 | F69: 428614.39
A71: TENENCIA DE LA VIVIENDA
A72: TOTAL | B72: 2492867.7 | C72: 1590105.1 | D72: 618643.19 | E72: 1578833 | F72: 621623.52
A73: PROPIA, TOTALMENTE PAGADA | B73: 863538.53 | C73: 1317264 | D73: 476195.76 | E73: 1319811.1 | F73: 484480.1
A74: PROPIA, PAGÁNDOSE | B74: 506573.58 | C74: 2271470.8 | D74: 809386.78 | E74: 2446381.4 | F74: 901899.45
A75: ARRENDADA(3) | B75: 798086.76 | C75: 1652533.1 | D75: 728386.65 | E75: 1563702.7 | F75: 690560.16
A76: CEDIDA POR TRABAJO O SERVICIO | B76: 7796.8978 | C76: 987320.82 | D76: 594350.93 | E76: 1001305.5 | F76: 519807.67
A77: CEDIDA POR UN PARIENTE O AMIGO | B77: 177999.65 | C77: 1179065.4 | D77: 463737.25 | E77: 979395.29 | F77: 396798.6
A78: CEDIDA POR EL ESTADO | B78: 2379.8253 | C78: 947848.92 | D78: 293927.63 | E78: 1094996.2 | F78: 343238.13
A79: OCUPADA DE HECHO | B79: 9592.0041 | C79: 1068429.8 | D79: 401371.79 | E79: 772305.11 | F79: 291061.04
A80: PROPIEDAD EN LITIGIO | B80: 6208.2205 | C80: 1085491.5 | D80: 686919.97 | E80: 941853.28 | F80: 465363.67
A81: HERENCIA O SUCESIÓN COMPARTIDA | B81: 118553.91 | C81: 999865.65 | D81: 362312.11 | E81: 922958.75 | F81: 348887.12
A82: NO SABE / NO RESPONDE | B82: - | C82: - | D82: - | E82: - | F82: -
A84: TIPO DE VIVIENDA
A85: TOTAL | B85: 2492867.7 | C85: 1590105.1 | D85: 618643.19 | E85: 1578833 | F85: 621623.52
A86: CASA NO PAREADA (INDEPENDIENTE) | B86: 399576.61 | C86: 2186364.8 | D86: 670585.57 | E86: 2224933.4 | F86: 696196.13
A87: CASA PAREADA POR UN LADO | B87: 825183.28 | C87: 1469103.2 | D87: 497259.64 | E87: 1358227.7 | F87: 461955.72
A88: CASA PAREADA POR AMBOS LADOS | B88: 384711.09 | C88: 1170592.9 | D88: 402254.33 | E88: 1132155.3 | F88: 398116.82
A89: DEPARTAMENTO EN EDIFICIO CON ASCENSOR | B89: 503931.32 | C89: 1905837.2 | D89: 1017966.1 | E89: 2062911.4 | F89: 1089295.7
A90: DEPARTAMENTO EN EDIFICIO SIN ASCENSOR | B90: 351520 | C90: 1245879.9 | D90: 525029.02 | E90: 1197255.6 | F90: 500357.53
A91: PIEZA EN CASA ANTIGUA O EN CONVENTILLO | B91: 14342.388 | C91: 957189.44 | D91: 402978.79 | E91: 879863.29 | F91: 386147.86
A92: MEDIAGUA O MEJORA | B92: 3484.272 | C92: 1143126.5 | D92: 333916.61 | E92: 704711.94 | F92: 209261.22
A93: VIVIENDA PRECARIA DE MATERIALES REUTILIZADOS | B93: - | C93: - | D93: - | E93: - | F93: -
A94: OTRO TIPO DE VIVIENDA PARTICULAR(4) | B94: 2828.1772 | C94: 1261383.9 | D94: 439279.35 | E94: 846194.36 | F94: 308189.85
A95: NO SABE / NO RESPONDE | B95: 5334.4712 | C95: 1069332.1 | D95: 435386.02 | E95: 1196067.8 | F95: 413962.72
A97: NÚMERO DE PERSONAS EN EL HOGAR
A98: TOTAL | B98: 2492867.7 | C98: 1590105.1 | D98: 618643.19 | E98: 1578833 | F98: 621623.52
A99: 1 PERSONA EN EL HOGAR | B99: 412921.7 | C99: 957527.45 | D99: 957527.45 | E99: 964554.78 | F99: 964554.78
A100: 2 PERSONAS EN EL HOGAR | B100: 668831.94 | C100: 1389805.5 | D100: 694902.73 | E100: 1464566.4 | F100: 732283.22
A101: 3 PERSONAS EN EL HOGAR | B101: 569617.33 | C101: 1620106.9 | D101: 540035.65 | E101: 1567654.5 | F101: 522551.49
A102: 4 PERSONAS EN EL HOGAR | B102: 478559.43 | C102: 1953932.6 | D102: 488483.15 | E102: 1894930.6 | F102: 473732.66
A103: 5 PERSONAS EN EL HOGAR | B103: 223508.12 | C103: 2066695.2 | D103: 413339.05 | E103: 2060733.3 | F103: 412146.66
A104: 6 O MÁS PERSONAS EN EL HOGAR | B104: 139429.16 | C104: 2289008.2 | D104: 346212.39 | E104: 2134392.9 | F104: 323342.98
A105: (1) Incluye el nivel más alto alcanzado sin necesariamente estar éste terminado
A106: (2) Incluye personas que no han estudiado nunca en establecimientos de educación formal y quienes están iniciando su educación formal.
A107: (3) Incluye viviendas arrendadas con y sin contrato.
A108: (4) Incluye la categoría rancho o choza.
A109: El ingreso disponible y gasto promedio mensual del hogar y per cápita están expresado en pesos chilenos corrientes.
A110: "-": No se registraron casos en la muestra o existe un recuento no ponderado inferior a 6 observaciones.
...

Sheet CUADRO 2D
A1: CUADRO 2D | J1: ÍNDICE
A2: INGRESO DISPONIBLE Y GASTO PROMEDIO MENSUAL DEL HOGAR Y PER CÁPITA, SEGÚN CARACTERÍSTICAS DE PERSONA SUSTENTADORA PRINCIPAL Y DEL HOGAR (SEXO, EDAD, NIVEL EDUCACIONAL, CATEGORÍA OCUPACIONAL, TENENCIA DE LA VIVIENDA, TIPO DE VIVIENDA, SITUACIÓN PREVISIONAL Y DE SALUD Y NÚMERO DE PERSONAS EN EL HOGAR). MACROZONA CENTRO (EXCLUYE ARRIENDO IMPUTADO)
D4: MACROZONA CENTRO
A5: CARACTERÍSTICAS DE PERSONA SUSTENTADORA PRINCIPAL Y DEL HOGAR | B5: HOGARES | C5: GASTO PROMEDIO MENSUAL | E5: INGRESO DISPONIBLE PROMEDIO MENSUAL
C6: POR HOGAR | D6: PER CÁPITA | E6: POR HOGAR | F6: PER CÁPITA
A8: SEXO
A9: TOTAL | B9: 1032044.8 | C9: 1254635.2 | D9: 495352.13 | E9: 1163409 | F9: 462685.11
A10: HOMBRE | B10: 586091.24 | C10: 1358453.1 | D10: 517902.71 | E10: 1282720.1 | F10: 496345.65
A11: MUJER | B11: 444443.01 | C11: 1118405.1 | D11: 464909.76 | E11: 1008328.9 | F11: 419012.71
A13: GRUPOS DE EDAD
A14: TOTAL | B14: 1032044.8 | C14: 1254635.2 | D14: 495352.13 | E14: 1163409 | F14: 462685.11
A15: 15 - 19 | B15: - | C15: - | D15: - | E15: - | F15: -
A16: 20 - 29 | B16: 88074.563 | C16: 1233120.5 | D16: 593379.07 | E16: 908460.5 | F16: 432247.65
A17: 30 - 39 | B17: 185573.86 | C17: 1505976.2 | D17: 604142.05 | E17: 1378207.3 | F17: 547391.22
A18: 40 - 49 | B18: 204103.43 | C18: 1540154 | D18: 509339.99 | E18: 1406013.1 | F18: 476465.6
A19: 50 - 59 | B19: 228379.32 | C19: 1295466.1 | D19: 479123.8 | E19: 1200469.2 | F19: 453675.98
A20: 60 - 69 | B20: 173638.46 | C20: 1057511 | D20: 445974.29 | E20: 1026296.7 | F20: 429026.2
A21: 70 - 79 | B21: 103724.41 | C21: 756694.2 | D21: 377612.47 | E21: 833700.71 | F21: 410833.99
A22: 80 O MÁS | B22: 47667.84 | C22: 707044.24 | D22: 347539.71 | E22: 812121.5 | F22: 413300.32
A24: NIVEL EDUCACIONAL(1)
A25: TOTAL | B25: 1032044.8 | C25: 1254635.2 | D25: 495352.13 | E25: 1163409 | F25: 462685.11
A26: NUNCA ASISTIÓ(2) | B26: 12626.985 | C26: 643272.64 | D26: 241821.05 | E26: 620668.21 | F26: 246478.69
A27: EDUCACIÓN DIFERENCIAL | B27: 1713.169 | C27: 581042.16 | D27: 180477.85 | E27: 618273.35 | F27: 187491.39
A28: EDUCACIÓN PREESCOLAR | B28: - | C28: - | D28: - | E28: - | F28: -
A29: EDUCACIÓN BÁSICA | B29: 134876.89 | C29: 762937.36 | D29: 275484.92 | E29: 702171.22 | F29: 255260.73
A30: EDUCACIÓN PRIMARIA (SISTEMA ANTIGUO) | B30: 36231.779 | C30: 592399.54 | D30: 271448.08 | E30: 668834.42 | F30: 301320.24
A31: EDUCACIÓN MEDIA CIENTÍFICO HUMANISTA | B31: 256392.52 | C31: 974282.85 | D31: 346764.33 | E31: 813701.51 | F31: 295324.15
A32: EDUCACIÓN MEDIA TÉCNICO PROFESIONAL | B32: 113534.92 | C32: 1219739.9 | D32: 426111.98 | E32: 1079530 | F32: 380725.37
A33: EDUCACIÓN HUMANIDADES (SISTEMA ANTIGUO) | B33: 34450.253 | C33: 688496.12 | D33: 368961.29 | E33: 739519.73 | F33: 389985.81
A34: EDUCACIÓN TÉCNICA COMERCIAL, INDUSTRIAL O NORMALISTA (SISTEMA ANTIGUO) | B34: 9716.35 | C34: 991030.81 | D34: 482243.1 | E34: 904781.13 | F34: 513347.79
A35: EDUCACIÓN TÉCNICO SUPERIOR (MENOS DE 4 AÑOS) | B35: 143616.07 | C35: 1343125.2 | D35: 517102.54 | E35: 1199249.5 | F35: 485466.13
A36: EDUCACIÓN PROFESIONAL (CARRERA DE 4 AÑOS O MÁS) | B36: 226053.75 | C36: 1745265.7 | D36: 743157.16 | E36: 1657544 | F36: 683185.19
A37: DIPLOMADOS O POSTÍTULO | B37: 16312.543 | C37: 2212846.6 | D37: 1045738.8 | E37: 2111642.3 | F37: 988979.12
A38: MAGÍSTER (DE UN AÑO O MÁS) | B38: 35738.602 | C38: 2251477.4 | D38: 1002678.3 | E38: 2391461.3 | F38: 1060105.8
A39: ESPECIALIDAD MÉDICA U ODONTOLÓGICA | B39: 2167.644 | C39: 4272099.2 | D39: 1768064.4 | E39: 5916508.9 | F39: 2423050.6
A40: DOCTORADO | B40: 5887.3826 | C40: 4230182 | D40: 1157683.1 | E40: 4542866.5 | F40: 1299921
A41: NO SABE / NO RESPONDE | B41: 2725.8968 | C41: 579729.47 | D41: 142906.85 | E41: 361412.44 | F41: 103595.14
A43: CATEGORÍA EN LA OCUPACIÓN /R
A44: TOTAL | B44: 1032044.8 | C44: 1254635.2 | D44: 495352.13 | E44: 1163409 | F44: 462685.11
A45: OCUPADO | B45: 760016.18 | C45: 1399490 | D45: 534444.52 | E45: 1324980.4 | F45: 512648.55
A46: INDEPENDIENTE | B46: 174513.61 | C46: 1121669.8 | D46: 452308.55 | E46: 1179000.9 | F46: 465933.52
A47: EMPLEADOR/A | B47: 31049.493 | C47: 1898705.3 | D47: 774305.5 | E47: 2457871.4 | F47: 930168.1
A48: TRABAJADOR/A POR CUENTA PROPIA | B48: 143464.12 | C48: 953498.49 | D48: 382619.75 | E48: 902218.92 | F48: 365460.68
A49: DEPENDIENTE | B49: 585502.57 | C49: 1482296.4 | D49: 558925.78 | E49: 1368490.7 | F49: 526572.33
A50: EMPLEADO/A DEL SECTOR PRIVADO | B50: 444864.57 | C50: 1413018.9 | D50: 526313.07 | E50: 1268210.4 | F50: 483348.4
A51: EMPLEADO/A DEL SECTOR PÚBLICO | B51: 125150.5 | C51: 1818272.3 | D51: 706472.82 | E51: 1818333.5 | F51: 714772.1
A52: EMPLEADO/A DEL SECTOR HOGARES | B52: 15487.498 | C52: 757296.78 | D52: 303407.13 | E52: 613887.51 | F52: 247347.26
A53: FAMILIAR NO REMUNERADO/A | B53: - | C53: - | D53: - | E53: - | F53: -
A54: DESOCUPADA O INACTIVA | B54: 269151.49 | C54: 846636.18 | D54: 386106.97 | E54: 710835.53 | F54: 323481.98
A55: NO SABE / NO RESPONDE | B55: 2877.074 | C55: 1157873.7 | D55: 388524.19 | E55: 820700.33 | F55: 286709.69
A57: SISTEMA DE SALUD
A58: TOTAL | B58: 1032044.8 | C58: 1254635.2 | D58: 495352.13 | E58: 1163409 | F58: 462685.11
A59: ESTÁ AFILIADO Y COTIZA | B59: 613833.09 | C59: 1528367.7 | D59: 584892.58 | E59: 1468263.6 | F59: 568892.37
A60: ESTÁ AFILIADO, PERO NO COTIZA | B60: 379523.02 | C60: 858659.34 | D60: 371719.95 | E60: 712620.19 | F60: 311580.32
A61: NO SABE / NO RESPONDE | B61: 6324.1979 | C61: 835291.58 | D61: 306633.52 | E61: 984247.41 | F61: 322813.74
A62: NO TIENE SISTEMA DE SALUD | B62: 32364.443 | C62: 788319.61 | D62: 283757.56 | E62: 702656.11 | F62: 247596.99
A64: SITUACIÓN PREVISIONAL
A65: TOTAL | B65: 1032044.8 | C65: 1254635.2 | D65: 495352.13 | E65: 1163409 | F65: 462685.11
A66: ESTÁ AFILIADO Y COTIZA | B66: 529179.2 | C66: 1591132.4 | D66: 597262.01 | E66: 1520267.3 | F66: 578013.64
A67: ESTÁ AFILIADO, PERO NO COTIZA | B67: 306710.77 | C67: 979267.21 | D67: 407488.63 | E67: 812561.97 | F67: 344474.53
A68: NO SABE / NO RESPONDE | B68: 7151.0248 | C68: 951785.54 | D68: 290568.54 | E68: 1328840.6 | F68: 395648.76
A69: NO TIENE PREVISIÓN | B69: 189003.76 | C69: 770817.88 | D69: 360352.16 | E69: 727352.11 | F69: 334149.98
A71: TENENCIA DE LA VIVIENDA
A72: TOTAL | B72: 1032044.8 | C72: 1254635.2 | D72: 495352.13 | E72: 1163409 | F72: 462685.11
A73: PROPIA, TOTALMENTE PAGADA | B73: 446152.71 | C73: 1015969.2 | D73: 391114.63 | E73: 960470.66 | F73: 376152.98
A74: PROPIA, PAGÁNDOSE | B74: 163544.9 | C74: 1923966.2 | D74: 690327.95 | E74: 1974664.1 | F74: 725759.5
A75: ARRENDADA(3) | B75: 262691.54 | C75: 1371506.2 | D75: 604281.91 | E75: 1186939.4 | F75: 521288.77
A76: CEDIDA POR TRABAJO O SERVICIO | B76: 4039.8054 | C76: 1866734.1 | D76: 440624.64 | E76: 1917361.4 | F76: 485259.1
A77: CEDIDA POR UN PARIENTE O AMIGO | B77: 88757.783 | C77: 1101451.8 | D77: 441518.31 | E77: 848142.25 | F77: 345168.66
A78: CEDIDA POR EL ESTADO | B78: 1451.6817 | C78: 606982.21 | D78: 199289.98 | E78: 585462.08 | F78: 195195.06
A79: OCUPADA DE HECHO | B79: 7778.667 | C79: 1088489.5 | D79: 317655.11 | E79: 776901.24 | F79: 234452.92
A80: PROPIEDAD EN LITIGIO | B80: 1370.046 | C80: 1249151.8 | D80: 414137.83 | E80: 1365739.6 | F80: 421481.07
A81: HERENCIA O SUCESIÓN COMPARTIDA | B81: 54842.521 | C81: 894096.33 | D81: 372366.19 | E81: 808138.23 | F81: 334984.9
A82: NO SABE / NO RESPONDE | B82: - | C82: - | D82: - | E82: - | F82: -
A84: TIPO DE VIVIENDA
A85: TOTAL | B85: 1032044.8 | C85: 1254635.2 | D85: 495352.13 | E85: 1163409 | F85: 462685.11
A86: CASA NO PAREADA (INDEPENDIENTE) | B86: 395707.86 | C86: 1361395.2 | D86: 479607.21 | E86: 1329699.4 | F86: 469472.33
A87: CASA PAREADA POR UN LADO | B87: 335398.2 | C87: 1084405 | D87: 410801.13 | E87: 978131.88 | F87: 379139.87
A88: CASA PAREADA POR AMBOS LADOS | B88: 88980.203 | C88: 1112305.9 | D88: 404153.08 | E88: 964080.97 | F88: 363241.08
A89: DEPARTAMENTO EN EDIFICIO CON ASCENSOR | B89: 79683.374 | C89: 1826712.3 | D89: 997469.66 | E89: 1690336.8 | F89: 911044.09
A90: DEPARTAMENTO EN EDIFICIO SIN ASCENSOR | B90: 126757.45 | C90: 1138938.8 | D90: 525596.53 | E90: 967114.11 | F90: 458768.33
A91: PIEZA EN CASA ANTIGUA O EN CONVENTILLO | B91: - | C91: - | D91: - | E91: - | F91: -
A92: MEDIAGUA O MEJORA | B92: 2366.6133 | C92: 734330.3 | D92: 221360.45 | E92: 721134.57 | F92: 231162.78
A93: VIVIENDA PRECARIA DE MATERIALES REUTILIZADOS | B93: - | C93: - | D93: - | E93: - | F93: -
A94: OTRO TIPO DE VIVIENDA PARTICULAR(4) | B94: - | C94: - | D94: - | E94: - | F94: -
A95: NO SABE / NO RESPONDE | B95: 1725.3059 | C95: 536802.76 | D95: 381000.61 | E95: 448278.14 | F95: 336163.82
A97: NÚMERO DE PERSONAS EN EL HOGAR
A98: TOTAL | B98: 1032044.8 | C98: 1254635.2 | D98: 495352.13 | E98: 1163409 | F98: 462685.11
A99: 1 PERSONA EN EL HOGAR | B99: 181221.21 | C99: 691516.39 | D99: 691516.39 | E99: 662842.27 | F99: 662842.27
A100: 2 PERSONAS EN EL HOGAR | B100: 289944.66 | C100: 1096246.1 | D100: 548123.04 | E100: 1025667.8 | F100: 512833.91
A101: 3 PERSONAS EN EL HOGAR | B101: 244929.47 | C101: 1324782 | D101: 441593.99 | E101: 1215443 | F101: 405147.66
A102: 4 PERSONAS EN EL HOGAR | B102: 200112.04 | C102: 1668240.9 | D102: 417060.23 | E102: 1510830.7 | F102: 377707.67
A103: 5 PERSONAS EN EL HOGAR | B103: 77391.025 | C103: 1641514.3 | D103: 328302.85 | E103: 1630643.2 | F103: 326128.65
A104: 6 O MÁS PERSONAS EN EL HOGAR | B104: 38446.337 | C104: 1724998.1 | D104: 258982.3 | E104: 1481332.6 | F104: 224763.06
A105: (1) Incluye el nivel más alto alcanzado sin necesariamente estar éste terminado
A106: (2) Incluye personas que no han estudiado nunca en establecimientos de educación formal y quienes están iniciando su educación formal.
A107: (3) Incluye viviendas arrendadas con y sin contrato.
A108: (4) Incluye la categoría rancho o choza.
A109: El ingreso disponible y gasto promedio mensual del hogar y per cápita están expresado en pesos chilenos corrientes.
A110: "-": No se registraron casos en la muestra o existe un recuento no ponderado inferior a 6 observaciones.
...

Sheet CUADRO 2E
A1: CUADRO 2E | J1: ÍNDICE
A2: INGRESO DISPONIBLE Y GASTO PROMEDIO MENSUAL DEL HOGAR Y PER CÁPITA, SEGÚN CARACTERÍSTICAS DE PERSONA SUSTENTADORA PRINCIPAL Y DEL HOGAR (SEXO, EDAD, NIVEL EDUCACIONAL, CATEGORÍA OCUPACIONAL, TENENCIA DE LA VIVIENDA, TIPO DE VIVIENDA, SITUACIÓN PREVISIONAL Y DE SALUD Y NÚMERO DE PERSONAS EN EL HOGAR). MACROZONA SUR (EXCLUYE ARRIENDO IMPUTADO)
D4: MACROZONA SUR
A5: CARACTERÍSTICAS DE PERSONA SUSTENTADORA PRINCIPAL Y DEL HOGAR | B5: HOGARES | C5: GASTO PROMEDIO MENSUAL | E5: INGRESO DISPONIBLE PROMEDIO MENSUAL
C6: POR HOGAR | D6: PER CÁPITA | E6: POR HOGAR | F6: PER CÁPITA
A8: SEXO
A9: TOTAL | B9: 360499.87 | C9: 1247895.1 | D9: 517784.39 | E9: 1240214.6 | F9: 509534.02
A10: HOMBRE | B10: 197809.12 | C10: 1303630.3 | D10: 531767.96 | E10: 1331024.9 | F10: 544316.35
A11: MUJER | B11: 162391.74 | C11: 1179949 | D11: 500961.93 | E11: 1130141.5 | F11: 467191.88
A13: GRUPOS DE EDAD
A14: TOTAL | B14: 360499.87 | C14: 1247895.1 | D14: 517784.39 | E14: 1240214.6 | F14: 509534.02
A15: 15 - 19 | B15: - | C15: - | D15: - | E15: - | F15: -
A16: 20 - 29 | B16: 33214.226 | C16: 1043980.2 | D16: 524776.32 | E16: 942541.96 | F16: 472517.07
A17: 30 - 39 | B17: 69940.014 | C17: 1588741.5 | D17: 640102.45 | E17: 1451609.8 | F17: 584755.69
A18: 40 - 49 | B18: 78426.852 | C18: 1491602.2 | D18: 534056.8 | E18: 1485332.2 | F18: 527674.08
A19: 50 - 59 | B19: 78289.592 | C19: 1246751.9 | D19: 485744.16 | E19: 1235976 | F19: 467585.61
A20: 60 - 69 | B20: 55008.445 | C20: 988904.4 | D20: 471976.75 | E20: 1102808.1 | F20: 522706.23
A21: 70 - 79 | B21: 30913.999 | C21: 816329.71 | D21: 433988.35 | E21: 911342.35 | F21: 467630.32
A22: 80 O MÁS | B22: 14187.47 | C22: 673888.14 | D22: 343971.45 | E22: 850453.03 | F22: 407777.45
A24: NIVEL EDUCACIONAL(1)
A25: TOTAL | B25: 360499.87 | C25: 1247895.1 | D25: 517784.39 | E25: 1240214.6 | F25: 509534.02
A26: NUNCA ASISTIÓ(2) | B26: 3724.2368 | C26: 424695.8 | D26: 187342.44 | E26: 512638.86 | F26: 222116.11
A27: EDUCACIÓN DIFERENCIAL | B27: 196.28317 | C27: 239344.85 | D27: 119672.43 | E27: 597034.35 | F27: 298517.17
A28: EDUCACIÓN PREESCOLAR | B28: - | C28: - | D28: - | E28: - | F28: -
A29: EDUCACIÓN BÁSICA | B29: 57148.333 | C29: 690857.19 | D29: 276121.83 | E29: 697007.91 | F29: 267430.06
A30: EDUCACIÓN PRIMARIA (SISTEMA ANTIGUO) | B30: 9087.4786 | C30: 546740.31 | D30: 269242.37 | E30: 678948.41 | F30: 313177.46
A31: EDUCACIÓN MEDIA CIENTÍFICO HUMANISTA | B31: 82727.291 | C31: 972752.73 | D31: 373493.78 | E31: 911186.78 | F31: 339950.77
A32: EDUCACIÓN MEDIA TÉCNICO PROFESIONAL | B32: 42245.042 | C32: 1071636.3 | D32: 397655.22 | E32: 1048791.2 | F32: 393201.27
A33: EDUCACIÓN HUMANIDADES (SISTEMA ANTIGUO) | B33: 11916.559 | C33: 673359 | D33: 376502.47 | E33: 747182.21 | F33: 382928.88
A34: EDUCACIÓN TÉCNICA COMERCIAL, INDUSTRIAL O NORMALISTA (SISTEMA ANTIGUO) | B34: 2197.4387 | C34: 1105458.1 | D34: 508858.63 | E34: 1050999.8 | F34: 448654.62
A35: EDUCACIÓN TÉCNICO SUPERIOR (MENOS DE 4 AÑOS) | B35: 39812.587 | C35: 1260111.1 | D35: 511621.98 | E35: 1209758.9 | F35: 496475.09
A36: EDUCACIÓN PROFESIONAL (CARRERA DE 4 AÑOS O MÁS) | B36: 88157.164 | C36: 1806746.2 | D36: 750556.26 | E36: 1762497.6 | F36: 734626.32
A37: DIPLOMADOS O POSTÍTULO | B37: 6490.8743 | C37: 2554798.4 | D37: 1275865.4 | E37: 2621171.3 | F37: 1287107.2
A38: MAGÍSTER (DE UN AÑO O MÁS) | B38: 12494.158 | C38: 2564334 | D38: 1259998.6 | E38: 2547075 | F38: 1220437.6
A39: ESPECIALIDAD MÉDICA U ODONTOLÓGICA | B39: 1380.5732 | C39: 3565089.2 | D39: 1287082.7 | E39: 5906491.4 | F39: 2051667.8
A40: DOCTORADO | B40: 2694.0248 | C40: 1679628 | D40: 759612.35 | E40: 2756033.2 | F40: 1245677.4
A41: NO SABE / NO RESPONDE | B41: 227.82475 | C41: 328858.41 | D41: 123539.01 | E41: 928852.87 | F41: 303663.23
A43: CATEGORÍA EN LA OCUPACIÓN /R
A44: TOTAL | B44: 360499.87 | C44: 1247895.1 | D44: 517784.39 | E44: 1240214.6 | F44: 509534.02
A45: OCUPADO | B45: 278251.06 | C45: 1383074.2 | D45: 558676.73 | E45: 1400528.2 | F45: 568210.76
A46: INDEPENDIENTE | B46: 65057.916 | C46: 1181971.5 | D46: 477607.58 | E46: 1203262.2 | F46: 505426.45
A47: EMPLEADOR/A | B47: 13548.362 | C47: 1880127.7 | D47: 778793.83 | E47: 2055936.4 | F47: 903806.6
A48: TRABAJADOR/A POR CUENTA PROPIA | B48: 51509.554 | C48: 998338.18 | D48: 398387.71 | E48: 978986.59 | F48: 400642.03
A49: DEPENDIENTE | B49: 213193.14 | C49: 1444442.6 | D49: 583415.75 | E49: 1460725.8 | F49: 587369.99
A50: EMPLEADO/A DEL SECTOR PRIVADO | B50: 147232.96 | C50: 1296877.9 | D50: 519027 | E50: 1247755.2 | F50: 492748.22
A51: EMPLEADO/A DEL SECTOR PÚBLICO | B51: 59237.375 | C51: 1903757.5 | D51: 773046.84 | E51: 2093551.9 | F51: 859122.33
A52: EMPLEADO/A DEL SECTOR HOGARES | B52: 6368.7931 | C52: 614610.31 | D52: 326846.47 | E52: 535915.63 | F52: 266835.77
A53: FAMILIAR NO REMUNERADO/A | B53: - | C53: - | D53: - | E53: - | F53: -
A54: DESOCUPADA O INACTIVA | B54: 81519.465 | C54: 794035.56 | D54: 381409.97 | E54: 699084.22 | F54: 311899.99
A55: NO SABE / NO RESPONDE | B55: - | C55: - | D55: - | E55: - | F55: -
A57: SISTEMA DE SALUD
A58: TOTAL | B58: 360499.87 | C58: 1247895.1 | D58: 517784.39 | E58: 1240214.6 | F58: 509534.02
A59: ESTÁ AFILIADO Y COTIZA | B59: 224809.01 | C59: 1496013 | D59: 605806.77 | E59: 1537504.7 | F59: 621912.54
A60: ESTÁ AFILIADO, PERO NO COTIZA | B60: 119598.48 | C60: 856764.18 | D60: 382163.51 | E60: 752179.16 | F60: 324606.35
A61: NO SABE / NO RESPONDE | B61: 2065.5518 | C61: 419992.7 | D61: 229749.67 | E61: 501458.77 | F61: 244249.14
A62: NO TIENE SISTEMA DE SALUD | B62: 14026.828 | C62: 728148.67 | D62: 305817.53 | E62: 745500.51 | F62: 324269.42
A64: SITUACIÓN PREVISIONAL
A65: TOTAL | B65: 360499.87 | C65: 1247895.1 | D65: 517784.39 | E65: 1240214.6 | F65: 509534.02
A66: ESTÁ AFILIADO Y COTIZA | B66: 193165.27 | C66: 1547594.4 | D66: 612759.71 | E66: 1564549.1 | F66: 618490.58
A67: ESTÁ AFILIADO, PERO NO COTIZA | B67: 112220.82 | C67: 971092.14 | D67: 439924.76 | E67: 919471.02 | F67: 411038.61
A68: NO SABE / NO RESPONDE | B68: 2381.8762 | C68: 903662.92 | D68: 354717.8 | E68: 1008810.5 | F68: 332521.37
A69: NO TIENE PREVISIÓN | B69: 52731.9 | C69: 754673.35 | D69: 342936.58 | E69: 745165.35 | F69: 328016.48
A71: TENENCIA DE LA VIVIENDA
A72: TOTAL | B72: 360499.87 | C72: 1247895.1 | D72: 517784.39 | E72: 1240214.6 | F72: 509534.02
A73: PROPIA, TOTALMENTE PAGADA | B73: 158764.34 | C73: 963239.85 | D73: 391979.21 | E73: 1026667.4 | F73: 413737.89
A74: PROPIA, PAGÁNDOSE | B74: 62006.158 | C74: 1929923 | D74: 720172.78 | E74: 1972675.2 | F74: 739221.4
A75: ARRENDADA(3) | B75: 98978.357 | C75: 1411106.8 | D75: 627388.27 | E75: 1299145.3 | F75: 574259.85
A76: CEDIDA POR TRABAJO O SERVICIO | B76: - | C76: - | D76: - | E76: - | F76: -
A77: CEDIDA POR UN PARIENTE O AMIGO | B77: 27184.095 | C77: 951381.71 | D77: 455528.61 | E77: 799050.14 | F77: 370466.32
A78: CEDIDA POR EL ESTADO | B78: - | C78: - | D78: - | E78: - | F78: -
A79: OCUPADA DE HECHO | B79: 1211.6579 | C79: 553885.83 | D79: 229790.4 | E79: 603304.54 | F79: 271642.98
A80: PROPIEDAD EN LITIGIO | B80: - | C80: - | D80: - | E80: - | F80: -
A81: HERENCIA O SUCESIÓN COMPARTIDA | B81: 10783.607 | C81: 825699.98 | D81: 384196.38 | E81: 819463.68 | F81: 381003.98
A82: NO SABE / NO RESPONDE | B82: - | C82: - | D82: - | E82: - | F82: -
A84: TIPO DE VIVIENDA
A85: TOTAL | B85: 360499.87 | C85: 1247895.1 | D85: 517784.39 | E85: 1240214.6 | F85: 509534.02
A86: CASA NO PAREADA (INDEPENDIENTE) | B86: 204042.13 | C86: 1335931.3 | D86: 521136.36 | E86: 1364328.9 | F86: 532895.47
A87: CASA PAREADA POR UN LADO | B87: 105138.11 | C87: 1040626.4 | D87: 430020.46 | E87: 984153.3 | F87: 393899.21
A88: CASA PAREADA POR AMBOS LADOS | B88: 12695.316 | C88: 1037972.6 | D88: 414316.99 | E88: 1035530.1 | F88: 428000.01
A89: DEPARTAMENTO EN EDIFICIO CON ASCENSOR | B89: 9716.6017 | C89: 1970264.7 | D89: 1116680.5 | E89: 1688252.1 | F89: 990329.45
A90: DEPARTAMENTO EN EDIFICIO SIN ASCENSOR | B90: 25962.359 | C90: 1275984.3 | D90: 677615.87 | E90: 1289222.2 | F90: 669243.81
A91: PIEZA EN CASA ANTIGUA O EN CONVENTILLO | B91: - | C91: - | D91: - | E91: - | F91: -
A92: MEDIAGUA O MEJORA | B92: - | C92: - | D92: - | E92: - | F92: -
A93: VIVIENDA PRECARIA DE MATERIALES REUTILIZADOS | B93: - | C93: - | D93: - | E93: - | F93: -
A94: OTRO TIPO DE VIVIENDA PARTICULAR(4) | B94: 1030.7659 | C94: 1291712.3 | D94: 805264.66 | E94: 938774.23 | F94: 454231.79
A95: NO SABE / NO RESPONDE | B95: 965.88028 | C95: 410767.96 | D95: 118698.76 | E95: 590734.92 | F95: 172397.44
A97: NÚMERO DE PERSONAS EN EL HOGAR
A98: TOTAL | B98: 360499.87 | C98: 1247895.1 | D98: 517784.39 | E98: 1240214.6 | F98: 509534.02
A99: 1 PERSONA EN EL HOGAR | B99: 67850.778 | C99: 757202.68 | D99: 757202.68 | E99: 709374.99 | F99: 709374.99
A100: 2 PERSONAS EN EL HOGAR | B100: 102544.32 | C100: 1120000.4 | D100: 560000.22 | E100: 1123729.6 | F100: 561864.81
A101: 3 PERSONAS EN EL HOGAR | B101: 89859.504 | C101: 1374190.2 | D101: 458063.41 | E101: 1395948.5 | F101: 465316.17
A102: 4 PERSONAS EN EL HOGAR | B102: 67385.538 | C102: 1607007.4 | D102: 401751.86 | E102: 1576777.9 | F102: 394194.46
A103: 5 PERSONAS EN EL HOGAR | B103: 21443.203 | C103: 1600903.5 | D103: 320180.69 | E103: 1545008.2 | F103: 309001.65
A104: 6 O MÁS PERSONAS EN EL HOGAR | B104: 11416.53 | C104: 1536187.9 | D104: 241777.49 | E104: 1656569 | F104: 257275.09
A105: (1) Incluye el nivel más alto alcanzado sin necesariamente estar éste terminado
A106: (2) Incluye personas que no han estudiado nunca en establecimientos de educación formal y quienes están iniciando su educación formal.
A107: (3) Incluye viviendas arrendadas con y sin contrato.
A108: (4) Incluye la categoría rancho o choza.
A109: El ingreso disponible y gasto promedio mensual del hogar y per cápita están expresado en pesos chilenos corrientes.
A110: "-": No se registraron casos en la muestra o existe un recuento no ponderado inferior a 6 observaciones.
...

Sheet CUADROS 3A - 3E
A1: CUADRO 3A | J1: ÍNDICE
A2: HOGARES, PERSONAS, GASTO E INGRESO DISPONIBLE PROMEDIO MENSUAL DEL HOGAR Y PER CÁPITA, SEGÚN QUINTIL DE HOGARES ORDENADOS DE ACUERDO AL INGRESO DISPONIBLE PROMEDIO MENSUAL DEL HOGAR. TOTAL CAPITALES REGIONALES (EXCLUYE ARRIENDO IMPUTADO)
F4: TOTAL CAPITALES REGIONALES
A5: GRUPO QUINTIL DE HOGARES(1)(2) | B5: HOGARES | D5: PROMEDIO DE PERSONAS POR HOGAR | E5: PERSONAS | G5: GASTO PROMEDIO MENSUAL | I5: PARTICIPACIÓN EN GASTO PROMEDIO MENSUAL | J5: INGRESO DISPONIBLE PROMEDIO MENSUAL | L5: PARTICIPACIÓN EN INGRESO DISPONIBLE PROMEDIO MENSUAL
B6: NÚMERO | C6: PORCENTAJE | E6: NÚMERO | F6: PORCENTAJE | G6: POR HOGAR | H6: PER CÁPITA | J6: POR HOGAR | K6: PER CÁPITA
A7: Total | B7: 4420863.6 | C7: 100 | D7: 2.9550391 | E7: 13063825 | F7: 100 | G7: 1451782.2 | H7: 564680.21 | I7: 100 | J7: 1413348.7 | K7: 555436.77 | L7: 100
A8: I | B8: 884172.72 | C8: 20 | D8: 2.1937888 | E8: 1939688.2 | F8: 14.847782 | G8: 658971.58 | H8: 350084.34 | I8: 9.0781056 | J8: 322286.03 | K8: 190432.12 | L8: 4.5606018
A9: II | B9: 884172.72 | C9: 20 | D9: 2.7358955 | E9: 2419004.2 | F9: 18.516814 | G9: 904445.51 | H9: 395419.79 | I9: 12.459796 | J9: 647340.02 | K9: 306616.01 | L9: 9.1603725
A10: III | B10: 884172.72 | C10: 20 | D10: 3.0817339 | E10: 2724785.1 | F10: 20.857483 | G10: 1201712.9 | H10: 483473.71 | I10: 16.555002 | J10: 987747.3 | K10: 409074.8 | L10: 13.977404
A11: IV | B11: 884172.72 | C11: 20 | D11: 3.2992952 | E11: 2917146.9 | F11: 22.32996 | G11: 1595586 | H11: 599134.29 | I11: 21.981066 | J11: 1506926.2 | K11: 592073.13 | L11: 21.324196
A12: V | B12: 884172.72 | C12: 20 | D12: 3.4644822 | E12: 3063200.6 | F12: 23.447961 | G12: 2898194.8 | H12: 995288.91 | I12: 39.926029 | J12: 3602443.9 | K12: 1278987.8 | L12: 50.977425
A13: (1) El grupo de quintil de hogares por ingreso disponible promedio mensual del hogar, excluye arriendo imputado.
A14: (2) Los quintiles corresponden a una variable de ordenación que indica en que 20% de la distribución de los ingresos (del hogar o per cápita) se encuentra el hogar y no corresponden a una variable de estratificación socioeconómica.
A15: El ingreso disponible y gasto promedio mensual del hogar y per cápita están expresado en pesos chilenos corrientes.
A16: "-": No se registraron casos en la muestra o existe un recuento no ponderado inferior a 6 observaciones.
A17: Nota estadística: Con el propósito de dar cuenta de la calidad de las estimaciones se colorearon las celdas de acuerdo a su clasificación según el Estándar de calidad de las estimaciones del INE. Si la estimación fue clasificada como "poco fiable", se encuentra en color amarillo, por lo que debe ocuparse con precaución. Si la estimación fue clasificada como "no fiable", se encuentra en color rojo, por lo que no se recomienda su uso. Se recomienda revisar de forma complementaria los tabulados de calidad, en los cuales se encuentra está información detallada para cada estimación.
A18: Fuente: Instituto Nacional de Estadísticas (INE), IX Encuesta de Presupuestos Familiares (EPF).
A21: CUADRO 3B
A22: HOGARES, PERSONAS, GASTO E INGRESO DISPONIBLE PROMEDIO MENSUAL DEL HOGAR Y PER CÁPITA, SEGÚN QUINTIL DE HOGARES ORDENADOS DE ACUERDO AL INGRESO DISPONIBLE PROMEDIO MENSUAL DEL HOGAR. MACROZONA NORTE (EXCLUYE ARRIENDO IMPUTADO)
F24: MACROZONA NORTE /R
A25: GRUPO QUINTIL DE HOGARES(1)(2) | B25: HOGARES | D25: PROMEDIO DE PERSONAS POR HOGAR | E25: PERSONAS | G25: GASTO PROMEDIO MENSUAL | I25: PARTICIPACIÓN EN GASTO PROMEDIO MENSUAL | J25: INGRESO DISPONIBLE PROMEDIO MENSUAL | L25: PARTICIPACIÓN EN INGRESO DISPONIBLE PROMEDIO MENSUAL
B26: NÚMERO | C26: PORCENTAJE | E26: NÚMERO | F26: PORCENTAJE | G26: POR HOGAR | H26: PER CÁPITA | J26: POR HOGAR | K26: PER CÁPITA
A27: Total | B27: 535451.32 | C27: 100 | D27: 3.1505796 | E27: 1686982 | F27: 100 | G27: 1325057 | H27: 478646.33 | I27: 100 | J27: 1241219.7 | K27: 456972.17 | L27: 100
A28: I | B28: 107090.26 | C28: 20 | D28: 2.2794686 | E28: 244108.89 | F28: 14.470154 | G28: 669565.24 | H28: 327294.41 | I28: 10.10621 | J28: 322902.99 | K28: 182869.01 | L28: 5.2029948
A29: II | B29: 107090.26 | C29: 20 | D29: 2.8676771 | E29: 307100.3 | F29: 18.204124 | G29: 858801.9 | H29: 348355.11 | I29: 12.96249 | J29: 624387.78 | K29: 277775.05 | L29: 10.060874
A30: III | B30: 107090.26 | C30: 20 | D30: 3.2538091 | E30: 348451.27 | F30: 20.655305 | G30: 1177642.2 | H30: 433136.26 | I30: 17.774967 | J30: 928525.62 | K30: 355987.51 | L30: 14.961503
A31: IV | B31: 107090.26 | C31: 20 | D31: 3.6271107 | E31: 388428.24 | F31: 23.025038 | G31: 1481547.3 | H31: 483367.22 | I31: 22.362016 | J31: 1419305.5 | K31: 490528.24 | L31: 22.869528
A32: V | B32: 107090.26 | C32: 20 | D32: 3.7248325 | E32: 398893.29 | F32: 23.645379 | G32: 2437728.4 | H32: 801078.65 | I32: 36.794317 | J32: 2910976.8 | K32: 977701.05 | L32: 46.9051
A33: (1) El grupo de quintil de hogares por ingreso disponible promedio mensual del hogar, excluye arriendo imputado.
A34: (2) Los quintiles corresponden a una variable de ordenación que indica en que 20% de la distribución de los ingresos (del hogar o per cápita) se encuentra el hogar y no corresponden a una variable de estratificación socioeconómica.
A35: El ingreso disponible y gasto promedio mensual del hogar y per cápita están expresado en pesos chilenos corrientes.
A36: "-": No se registraron casos en la muestra o existe un recuento no ponderado inferior a 6 observaciones.
A37: Nota estadística: Con el propósito de dar cuenta de la calidad de las estimaciones se colorearon las celdas de acuerdo a su clasificación según el Estándar de calidad de las estimaciones del INE. Si la estimación fue clasificada como "poco fiable", se encuentra en color amarillo, por lo que debe ocuparse con precaución. Si la estimación fue clasificada como "no fiable", se encuentra en color rojo, por lo que no se recomienda su uso. Se recomienda revisar de forma complementaria los tabulados de calidad, en los cuales se encuentra está información detallada para cada estimación.
A38: /R: Cifras rectificadas al 10-11-2023 por ajuste en la cuadratura en gastos e ingresos de los hogares.
A39: Fuente: Instituto Nacional de Estadísticas (INE), IX Encuesta de Presupuestos Familiares (EPF).
A41: CUADRO 3C
A42: HOGARES, PERSONAS, GASTO E INGRESO DISPONIBLE PROMEDIO MENSUAL DEL HOGAR Y PER CÁPITA, SEGÚN QUINTIL DE HOGARES ORDENADOS DE ACUERDO AL INGRESO DISPONIBLE PROMEDIO MENSUAL DEL HOGAR. GRAN SANTIAGO (EXCLUYE ARRIENDO IMPUTADO)
F44: GRAN SANTIAGO /R
A45: GRUPO QUINTIL DE HOGARES(1)(2) | B45: HOGARES | D45: PROMEDIO DE PERSONAS POR HOGAR | E45: PERSONAS | G45: GASTO PROMEDIO MENSUAL | I45: PARTICIPACIÓN EN GASTO PROMEDIO MENSUAL | J45: INGRESO DISPONIBLE PROMEDIO MENSUAL | L45: PARTICIPACIÓN EN INGRESO DISPONIBLE PROMEDIO MENSUAL
B46: NÚMERO | C46: PORCENTAJE | E46: NÚMERO | F46: PORCENTAJE | G46: POR HOGAR | H46: PER CÁPITA | J46: POR HOGAR | K46: PER CÁPITA
A47: Total | B47: 2492867.7 | C47: 100 | D47: 2.9847224 | E47: 7440518 | F47: 100 | G47: 1590105.1 | H47: 618643.19 | I47: 100 | J47: 1578833 | K47: 621623.52 | L47: 100
A48: I | B48: 498573.53 | C48: 20 | D48: 2.2676037 | E48: 1130567.2 | F48: 15.194737 | G48: 730927.74 | H48: 388662.19 | I48: 9.1934519 | J48: 360908.65 | K48: 209925.58 | L48: 4.5718408
A49: II | B49: 498573.53 | C49: 20 | D49: 2.7825567 | E49: 1387309.1 | F49: 18.64533 | G49: 1000684.6 | H49: 436179.06 | I49: 12.586396 | J49: 709178.3 | K49: 331784.13 | L49: 8.9835759
A50: III | B50: 498573.53 | C50: 20 | D50: 3.154133 | E50: 1572567.2 | F50: 21.135185 | G50: 1287334 | H50: 506020.97 | I50: 16.191809 | J50: 1079120.5 | K50: 437713.7 | L50: 13.669849
A51: IV | B51: 498573.53 | C51: 20 | D51: 3.2632331 | E51: 1626961.7 | F51: 21.866242 | G51: 1727075 | H51: 667532.09 | I51: 21.722778 | J51: 1656508 | K51: 671299.23 | L51: 20.983954
A52: V | B52: 498573.53 | C52: 20 | D52: 3.4560856 | E52: 1723112.8 | F52: 23.158506 | G52: 3204504.3 | H52: 1094821.6 | I52: 40.305565 | J52: 4088449.6 | K52: 1457394.9 | L52: 51.79078
A53: (1) El grupo de quintil de hogares por ingreso disponible promedio mensual del hogar, excluye arriendo imputado.
A54: (2) Los quintiles corresponden a una variable de ordenación que indica en que 20% de la distribución de los ingresos (del hogar o per cápita) se encuentra el hogar y no corresponden a una variable de estratificación socioeconómica.
A55: El ingreso disponible y gasto promedio mensual del hogar y per cápita están expresado en pesos chilenos corrientes.
A56: "-": No se registraron casos en la muestra o existe un recuento no ponderado inferior a 6 observaciones.
A57: Nota estadística: Con el propósito de dar cuenta de la calidad de las estimaciones se colorearon las celdas de acuerdo a su clasificación según el Estándar de calidad de las estimaciones del INE. Si la estimación fue clasificada como "poco fiable", se encuentra en color amarillo, por lo que debe ocuparse con precaución. Si la estimación fue clasificada como "no fiable", se encuentra en color rojo, por lo que no se recomienda su uso. Se recomienda revisar de forma complementaria los tabulados de calidad, en los cuales se encuentra está información detallada para cada estimación.
A58: /R: Cifras rectificadas al 10-11-2023 por ajuste en la cuadratura en gastos e ingresos de los hogares.
A59: Fuente: Instituto Nacional de Estadísticas (INE), IX Encuesta de Presupuestos Familiares (EPF).
A61: CUADRO 3D
A62: HOGARES, PERSONAS, GASTO E INGRESO DISPONIBLE PROMEDIO MENSUAL DEL HOGAR Y PER CÁPITA, SEGÚN QUINTIL DE HOGARES ORDENADOS DE ACUERDO AL INGRESO DISPONIBLE PROMEDIO MENSUAL DEL HOGAR. MACROZONA CENTRO (EXCLUYE ARRIENDO IMPUTADO)
F64: MACROZONA CENTRO /R
A65: GRUPO QUINTIL DE HOGARES(1)(2) | B65: HOGARES | D65: PROMEDIO DE PERSONAS POR HOGAR | E65: PERSONAS | G65: GASTO PROMEDIO MENSUAL | I65: PARTICIPACIÓN EN GASTO PROMEDIO MENSUAL | J65: INGRESO DISPONIBLE PROMEDIO MENSUAL | L65: PARTICIPACIÓN EN INGRESO DISPONIBLE PROMEDIO MENSUAL
B66: NÚMERO | C66: PORCENTAJE | E66: NÚMERO | F66: PORCENTAJE | G66: POR HOGAR | H66: PER CÁPITA | J66: POR HOGAR | K66: PER CÁPITA
A67: Total | B67: 1032044.8 | C67: 100 | D67: 2.8515159 | E67: 2942892 | F67: 100 | G67: 1254635.2 | H67: 495352.13 | I67: 100 | J67: 1163409 | K67: 462685.11 | L67: 100
A68: I | B68: 206408.95 | C68: 20 | D68: 2.1112112 | E68: 435772.88 | F68: 14.807641 | G68: 593617.69 | H68: 313533.76 | I68: 9.4627932 | J68: 264818.88 | K68: 161427.96 | L68: 4.5524638
A69: II | B69: 206408.95 | C69: 20 | D69: 2.5494626 | E69: 526231.89 | F69: 17.881454 | G69: 788562.04 | H69: 372500.16 | I69: 12.570379 | J69: 549286.28 | K69: 280114.15 | L69: 9.4427028
A70: III | B70: 206408.95 | C70: 20 | D70: 3.0190472 | E70: 623158.37 | F70: 21.175034 | G70: 1073297 | H70: 420294.17 | I70: 17.109307 | J70: 845670.3 | K70: 347789.71 | L70: 14.537799
A71: IV | B71: 206408.95 | C71: 20 | D71: 3.211405 | E71: 662862.74 | F71: 22.524195 | G71: 1383606.9 | H71: 527659.98 | I71: 22.055923 | J71: 1283901.5 | K71: 503636.02 | L71: 22.071368
A72: V | B72: 206408.95 | C72: 20 | D72: 3.3664534 | E72: 694866.12 | F72: 23.611676 | G72: 2434092.6 | H72: 842772.56 | I72: 38.801597 | J72: 2873368.2 | K72: 1020457.7 | L72: 49.395666
A73: (1) El grupo de quintil de hogares por ingreso disponible promedio mensual del hogar, excluye arriendo imputado.
A74: (2) Los quintiles corresponden a una variable de ordenación que indica en que 20% de la distribución de los ingresos (del hogar o per cápita) se encuentra el hogar y no corresponden a una variable de estratificación socioeconómica.
A75: El ingreso disponible y gasto promedio mensual del hogar y per cápita están expresado en pesos chilenos corrientes.
A76: "-": No se registraron casos en la muestra o existe un recuento no ponderado inferior a 6 observaciones.
A77: Nota estadística: Con el propósito de dar cuenta de la calidad de las estimaciones se colorearon las celdas de acuerdo a su clasificación según el Estándar de calidad de las estimaciones del INE. Si la estimación fue clasificada como "poco fiable", se encuentra en color amarillo, por lo que debe ocuparse con precaución. Si la estimación fue clasificada como "no fiable", se encuentra en color rojo, por lo que no se recomienda su uso. Se recomienda revisar de forma complementaria los tabulados de calidad, en los cuales se encuentra está información detallada para cada estimación.
A78: /R: Cifras rectificadas al 10-11-2023 por ajuste en la cuadratura en gastos e ingresos de los hogares.
A79: Fuente: Instituto Nacional de Estadísticas (INE), IX Encuesta de Presupuestos Familiares (EPF).
A81: CUADRO 3E
A82: HOGARES, PERSONAS, GASTO E INGRESO DISPONIBLE PROMEDIO MENSUAL DEL HOGAR Y PER CÁPITA, SEGÚN QUINTIL DE HOGARES ORDENADOS DE ACUERDO AL INGRESO DISPONIBLE PROMEDIO MENSUAL DEL HOGAR. MACROZONA SUR (EXCLUYE ARRIENDO IMPUTADO)
F84: MACROZONA SUR /R
A85: GRUPO QUINTIL DE HOGARES(1)(2) | B85: HOGARES | D85: PROMEDIO DE PERSONAS POR HOGAR | E85: PERSONAS | G85: GASTO PROMEDIO MENSUAL | I85: PARTICIPACIÓN EN GASTO PROMEDIO MENSUAL | J85: INGRESO DISPONIBLE PROMEDIO MENSUAL | L85: PARTICIPACIÓN EN INGRESO DISPONIBLE PROMEDIO MENSUAL
B86: NÚMERO | C86: PORCENTAJE | E86: NÚMERO | F86: PORCENTAJE | G86: POR HOGAR | H86: PER CÁPITA | J86: POR HOGAR | K86: PER CÁPITA
A87: Total | B87: 360499.87 | C87: 100 | D87: 2.7557097 | E87: 993433 | F87: 100 | G87: 1247895.1 | H87: 517784.39 | I87: 100 | J87: 1240214.6 | K87: 509534.02 | L87: 100
A88: I | B88: 72099.974 | C88: 20 | D88: 1.9912184 | E88: 143566.79 | F88: 14.451583 | G88: 556345.73 | H88: 322931.56 | I88: 8.9165465 | J88: 286267.96 | K88: 180240.26 | L88: 4.6164263
A89: II | B89: 72099.974 | C89: 20 | D89: 2.5026901 | E89: 180443.89 | F89: 18.16367 | G89: 739371.04 | H89: 364046.04 | I89: 11.849891 | J89: 585946.3 | K89: 297454.78 | L89: 9.4491117
A90: III | B90: 72099.974 | C90: 20 | D90: 2.8948048 | E90: 208715.35 | F90: 21.009505 | G90: 1044890.3 | H90: 441562.57 | I90: 16.746444 | J90: 901221.89 | K90: 390810.57 | L90: 14.533322
A91: IV | B91: 72099.974 | C91: 20 | D91: 3.098012 | E91: 223366.58 | F91: 22.484313 | G91: 1463015.5 | H91: 582331.65 | I91: 23.447733 | J91: 1384643.1 | K91: 550082.41 | L91: 22.329089
A92: V | B92: 72099.974 | C92: 20 | D92: 3.2918235 | E92: 237340.38 | F92: 23.89093 | G92: 2435852.9 | H92: 878050.14 | I92: 39.039386 | J92: 3042993.6 | K92: 1129082.1 | L92: 49.072051
A93: (1) El grupo de quintil de hogares por ingreso disponible promedio mensual del hogar, excluye arriendo imputado.
A94: (2) Los quintiles corresponden a una variable de ordenación que indica en que 20% de la distribución de los ingresos (del hogar o per cápita) se encuentra el hogar y no corresponden a una variable de estratificación socioeconómica.
A95: El ingreso disponible y gasto promedio mensual del hogar y per cápita están expresado en pesos chilenos corrientes.
A96: "-": No se registraron casos en la muestra o existe un recuento no ponderado inferior a 6 observaciones.
A97: Nota estadística: Con el propósito de dar cuenta de la calidad de las estimaciones se colorearon las celdas de acuerdo a su clasificación según el Estándar de calidad de las estimaciones del INE. Si la estimación fue clasificada como "poco fiable", se encuentra en color amarillo, por lo que debe ocuparse con precaución. Si la estimación fue clasificada como "no fiable", se encuentra en color rojo, por lo que no se recomienda su uso. Se recomienda revisar de forma complementaria los tabulados de calidad, en los cuales se encuentra está información detallada para cada estimación.
A98: /R: Cifras rectificadas al 10-11-2023 por ajuste en la cuadratura en gastos e ingresos de los hogares.
A99: Fuente: Instituto Nacional de Estadísticas (INE), IX Encuesta de Presupuestos Familiares (EPF).

Sheet CUADROS 3F - 3J
A1: CUADRO 3F | J1: ÍNDICE
A2: HOGARES, PERSONAS, GASTO E INGRESO DISPONIBLE PROMEDIO MENSUAL DEL HOGAR Y PER CÁPITA, SEGÚN QUINTIL DE HOGARES ORDENADOS DE ACUERDO AL INGRESO DISPONIBLE PROMEDIO MENSUAL DEL HOGAR. TOTAL CAPITALES REGIONALES (INCLUYE ARRIENDO IMPUTADO)
F4: TOTAL CAPITALES REGIONALES /R
A5: GRUPO QUINTIL DE HOGARES(1)(2) | B5: HOGARES | D5: PROMEDIO DE PERSONAS POR HOGAR | E5: PERSONAS | G5: GASTO PROMEDIO MENSUAL | I5: PARTICIPACIÓN EN GASTO PROMEDIO MENSUAL | J5: INGRESO DISPONIBLE PROMEDIO MENSUAL | L5: PARTICIPACIÓN EN INGRESO DISPONIBLE PROMEDIO MENSUAL
B6: NÚMERO | C6: PORCENTAJE | E6: NÚMERO | F6: PORCENTAJE | G6: POR HOGAR | H6: PER CÁPITA | J6: POR HOGAR | K6: PER CÁPITA
A7: Total | B7: 4420863.6 | C7: 100 | D7: 2.9550391 | E7: 13063825 | F7: 100 | G7: 1730924.3 | H7: 682148.14 | I7: 100 | J7: 1692719.9 | K7: 672999.67 | L7: 100
A8: I | B8: 884172.72 | C8: 20 | D8: 2.2385329 | E8: 1979249.7 | F8: 15.150614 | G8: 810852.03 | H8: 441208.15 | I8: 9.3690064 | J8: 490519.04 | K8: 289766.07 | L8: 5.7956316
A9: II | B9: 884172.72 | C9: 20 | D9: 2.7453885 | E9: 2427397.6 | F9: 18.581064 | G9: 1126448.9 | H9: 502173.08 | I9: 13.015577 | J9: 858770.68 | K9: 405207.77 | L9: 10.146637
A10: III | B10: 884172.72 | C10: 20 | D10: 3.0010807 | E10: 2653473.7 | F10: 20.311614 | G10: 1388015 | H10: 579267.86 | I10: 16.037848 | J10: 1224782.9 | K10: 526207.83 | L10: 14.471182
A11: IV | B11: 884172.72 | C11: 20 | D11: 3.3268482 | E11: 2941508.4 | F11: 22.516441 | G11: 1887971.6 | H11: 708735.09 | I11: 21.814607 | J11: 1782070 | K11: 689442.88 | L11: 21.055699
A12: V | B12: 884172.72 | C12: 20 | D12: 3.4633454 | E12: 3062195.6 | F12: 23.440268 | G12: 3441333.8 | H12: 1179356.5 | I12: 39.762962 | J12: 4107456.7 | K12: 1454373.8 | L12: 48.53085
A13: (1) El grupo de quintil de hogares por ingreso disponible promedio mensual del hogar, incluye arriendo imputado.
A14: (2) Los quintiles corresponden a una variable de ordenación que indica en que 20% de la distribución de los ingresos (del hogar o per cápita) se encuentra el hogar y no corresponden a una variable de estratificación socioeconómica.
A15: El ingreso disponible y gasto promedio mensual del hogar y per cápita están expresado en pesos chilenos corrientes.
A16: "-": No se registraron casos en la muestra o existe un recuento no ponderado inferior a 6 observaciones.
A17: Nota estadística: Con el propósito de dar cuenta de la calidad de las estimaciones se colorearon las celdas de acuerdo a su clasificación según el Estándar de calidad de las estimaciones del INE. Si la estimación fue clasificada como "poco fiable", se encuentra en color amarillo, por lo que debe ocuparse con precaución. Si la estimación fue clasificada como "no fiable", se encuentra en color rojo, por lo que no se recomienda su uso. Se recomienda revisar de forma complementaria los tabulados de calidad, en los cuales se encuentra está información detallada para cada estimación.
A18: /R: Cifras rectificadas al 21-10-2024 por ajuste en la cuadratura en gastos e ingresos de los hogares.
A19: Fuente: Instituto Nacional de Estadísticas (INE), IX Encuesta de Presupuestos Familiares (EPF).
A21: CUADRO 3G
A22: HOGARES, PERSONAS, GASTO E INGRESO DISPONIBLE PROMEDIO MENSUAL DEL HOGAR Y PER CÁPITA, SEGÚN QUINTIL DE HOGARES ORDENADOS DE ACUERDO AL INGRESO DISPONIBLE PROMEDIO MENSUAL DEL HOGAR. MACROZONA NORTE (INCLUYE ARRIENDO IMPUTADO)
F24: MACROZONA NORTE /R
A25: GRUPO QUINTIL DE HOGARES(1)(2) | B25: HOGARES | D25: PROMEDIO DE PERSONAS POR HOGAR | E25: PERSONAS | G25: GASTO PROMEDIO MENSUAL | I25: PARTICIPACIÓN EN GASTO PROMEDIO MENSUAL | J25: INGRESO DISPONIBLE PROMEDIO MENSUAL | L25: PARTICIPACIÓN EN INGRESO DISPONIBLE PROMEDIO MENSUAL
B26: NÚMERO | C26: PORCENTAJE | E26: NÚMERO | F26: PORCENTAJE | G26: POR HOGAR | H26: PER CÁPITA | J26: POR HOGAR | K26: PER CÁPITA
A27: Total | B27: 535451.32 | C27: 100 | D27: 3.1505796 | E27: 1686982 | F27: 100 | G27: 1589187.6 | H27: 587558.88 | I27: 100 | J27: 1505905.4 | K27: 566055.84 | L27: 100
A28: I | B28: 107090.26 | C28: 20 | D28: 2.3624364 | E28: 252993.94 | F28: 14.996837 | G28: 850429.13 | H28: 422863.38 | I28: 10.70269 | J28: 505065.1 | K28: 280891.34 | L28: 6.7077932
A29: II | B29: 107090.26 | C29: 20 | D29: 2.8950704 | E29: 310033.85 | F29: 18.378018 | G29: 1080257.5 | H29: 453474.93 | I29: 13.595091 | J29: 843288.03 | K29: 376749.56 | L29: 11.199748
A30: III | B30: 107090.26 | C30: 20 | D30: 3.1782382 | E30: 340358.37 | F30: 20.175578 | G30: 1417558.6 | H30: 535672.1 | I30: 17.84004 | J30: 1175699.8 | K30: 463339.44 | L30: 15.614524
A31: IV | B31: 107090.26 | C31: 20 | D31: 3.5924556 | E31: 384717.02 | F31: 22.805046 | G31: 1737849 | H31: 584633.12 | I31: 21.870911 | J31: 1688223.6 | K31: 600032.71 | L31: 22.421377
A32: V | B32: 107090.26 | C32: 20 | D32: 3.7246973 | E32: 398878.82 | F32: 23.644521 | G32: 2859843.8 | H32: 941150.87 | I32: 35.991268 | J32: 3317250.4 | K32: 1109266.1 | L32: 44.056558
A33: (1) El grupo de quintil de hogares por ingreso disponible promedio mensual del hogar, incluye arriendo imputado.
A34: (2) Los quintiles corresponden a una variable de ordenación que indica en que 20% de la distribución de los ingresos (del hogar o per cápita) se encuentra el hogar y no corresponden a una variable de estratificación socioeconómica.
A35: El ingreso disponible y gasto promedio mensual del hogar y per cápita están expresado en pesos chilenos corrientes.
A36: "-": No se registraron casos en la muestra o existe un recuento no ponderado inferior a 6 observaciones.
A37: Nota estadística: Con el propósito de dar cuenta de la calidad de las estimaciones se colorearon las celdas de acuerdo a su clasificación según el Estándar de calidad de las estimaciones del INE. Si la estimación fue clasificada como "poco fiable", se encuentra en color amarillo, por lo que debe ocuparse con precaución. Si la estimación fue clasificada como "no fiable", se encuentra en color rojo, por lo que no se recomienda su uso. Se recomienda revisar de forma complementaria los tabulados de calidad, en los cuales se encuentra está información detallada para cada estimación.
A38: /R: Cifras rectificadas al 21-10-2024 por ajuste en la cuadratura en gastos e ingresos de los hogares.
A39: Fuente: Instituto Nacional de Estadísticas (INE), IX Encuesta de Presupuestos Familiares (EPF).
A41: CUADRO 3H
A42: HOGARES, PERSONAS, GASTO E INGRESO DISPONIBLE PROMEDIO MENSUAL DEL HOGAR Y PER CÁPITA, SEGÚN QUINTIL DE HOGARES ORDENADOS DE ACUERDO AL INGRESO DISPONIBLE PROMEDIO MENSUAL DEL HOGAR. GRAN SANTIAGO (INCLUYE ARRIENDO IMPUTADO)
F44: GRAN SANTIAGO /R
A45: GRUPO QUINTIL DE HOGARES(1)(2) | B45: HOGARES | D45: PROMEDIO DE PERSONAS POR HOGAR | E45: PERSONAS | G45: GASTO PROMEDIO MENSUAL | I45: PARTICIPACIÓN EN GASTO PROMEDIO MENSUAL | J45: INGRESO DISPONIBLE PROMEDIO MENSUAL | L45: PARTICIPACIÓN EN INGRESO DISPONIBLE PROMEDIO MENSUAL
B46: NÚMERO | C46: PORCENTAJE | E46: NÚMERO | F46: PORCENTAJE | G46: POR HOGAR | H46: PER CÁPITA | J46: POR HOGAR | K46: PER CÁPITA
A47: Total | B47: 2492867.7 | C47: 100 | D47: 2.9847224 | E47: 7440518 | F47: 100 | G47: 1896266.3 | H47: 744722.53 | I47: 100 | J47: 1885072.4 | K47: 747741.98 | L47: 100
A48: I | B48: 498573.53 | C48: 20 | D48: 2.3000182 | E48: 1146728.2 | F48: 15.41194 | G48: 873375.43 | H48: 469538.99 | I48: 9.2115272 | J48: 537910.7 | K48: 309174.66 | L48: 5.7070561
A49: II | B49: 498573.53 | C49: 20 | D49: 2.788857 | E49: 1390450.3 | F49: 18.687547 | G49: 1232416.3 | H49: 554824.82 | I49: 12.998347 | J49: 936972.84 | K49: 443021.25 | L49: 9.9409744
A50: III | B50: 498573.53 | C50: 20 | D50: 3.0761034 | E50: 1533663.7 | F50: 20.612325 | G50: 1471278.5 | H50: 596561.31 | I50: 15.517636 | J50: 1327841.7 | K50: 556261.38 | L50: 14.087964
A51: IV | B51: 498573.53 | C51: 20 | D51: 3.3310593 | E51: 1660778 | F51: 22.320731 | G51: 2055981.2 | H51: 785651.85 | I51: 21.684519 | J51: 1949859.3 | K51: 768620.93 | L51: 20.687368
A52: V | B52: 498573.53 | C52: 20 | D52: 3.4275742 | E52: 1708897.8 | F52: 22.967457 | G52: 3848280.1 | H52: 1317035.7 | I52: 40.587971 | J52: 4672777.6 | K52: 1661631.7 | L52: 49.576637
A53: (1) El grupo de quintil de hogares por ingreso disponible promedio mensual del hogar, incluye arriendo imputado.
A54: (2) Los quintiles corresponden a una variable de ordenación que indica en que 20% de la distribución de los ingresos (del hogar o per cápita) se encuentra el hogar y no corresponden a una variable de estratificación socioeconómica.
A55: El ingreso disponible y gasto promedio mensual del hogar y per cápita están expresado en pesos chilenos corrientes.
A56: "-": No se registraron casos en la muestra o existe un recuento no ponderado inferior a 6 observaciones.
A57: Nota estadística: Con el propósito de dar cuenta de la calidad de las estimaciones se colorearon las celdas de acuerdo a su clasificación según el Estándar de calidad de las estimaciones del INE. Si la estimación fue clasificada como "poco fiable", se encuentra en color amarillo, por lo que debe ocuparse con precaución. Si la estimación fue clasificada como "no fiable", se encuentra en color rojo, por lo que no se recomienda su uso. Se recomienda revisar de forma complementaria los tabulados de calidad, en los cuales se encuentra está información detallada para cada estimación.
A58: /R: Cifras rectificadas al 21-10-2024 por ajuste en la cuadratura en gastos e ingresos de los hogares.
A59: Fuente: Instituto Nacional de Estadísticas (INE), IX Encuesta de Presupuestos Familiares (EPF).
A61: CUADRO 3I
A62: HOGARES, PERSONAS, GASTO E INGRESO DISPONIBLE PROMEDIO MENSUAL DEL HOGAR Y PER CÁPITA, SEGÚN QUINTIL DE HOGARES ORDENADOS DE ACUERDO AL INGRESO DISPONIBLE PROMEDIO MENSUAL DEL HOGAR. MACROZONA CENTRO (INCLUYE ARRIENDO IMPUTADO)
F64: MACROZONA CENTRO /R
A65: GRUPO QUINTIL DE HOGARES(1)(2) | B65: HOGARES | D65: PROMEDIO DE PERSONAS POR HOGAR | E65: PERSONAS | G65: GASTO PROMEDIO MENSUAL | I65: PARTICIPACIÓN EN GASTO PROMEDIO MENSUAL | J65: INGRESO DISPONIBLE PROMEDIO MENSUAL | L65: PARTICIPACIÓN EN INGRESO DISPONIBLE PROMEDIO MENSUAL
B66: NÚMERO | C66: PORCENTAJE | E66: NÚMERO | F66: PORCENTAJE | G66: POR HOGAR | H66: PER CÁPITA | J66: POR HOGAR | K66: PER CÁPITA
A67: Total | B67: 1032044.8 | C67: 100 | D67: 2.8515159 | E67: 2942892 | F67: 100 | G67: 1485994.5 | H67: 597370.19 | I67: 100 | J67: 1395272.6 | K67: 564926.7 | L67: 100
A68: I | B68: 206408.95 | C68: 20 | D68: 2.121499 | E68: 437896.39 | F68: 14.879798 | G68: 721250.99 | H68: 403951.75 | I68: 9.7073167 | J68: 417812.31 | K68: 259851.51 | L68: 5.9889704
A69: II | B69: 206408.95 | C69: 20 | D69: 2.599775 | E69: 536616.82 | F69: 18.234336 | G69: 989384.95 | H69: 460998.14 | I69: 13.316132 | J69: 736019.91 | K69: 367080.83 | L69: 10.550195
A70: III | B70: 206408.95 | C70: 20 | D70: 2.9575582 | E70: 610466.49 | F70: 20.743761 | G70: 1247387 | H70: 513223.09 | I70: 16.788581 | J70: 1048774.9 | K70: 453220.95 | L70: 15.033262
A71: IV | B71: 206408.95 | C71: 20 | D71: 3.1831646 | E71: 657033.67 | F71: 22.326122 | G71: 1633077.2 | H71: 624884.57 | I71: 21.979586 | J71: 1512117.1 | K71: 589833.97 | L71: 21.674862
A72: V | B72: 206408.95 | C72: 20 | D72: 3.3955826 | E72: 700878.63 | F72: 23.815982 | G72: 2838872.6 | H72: 983793.38 | I72: 38.208385 | J72: 3261638.8 | K72: 1154646.2 | L72: 46.752711
A73: (1) El grupo de quintil de hogares por ingreso disponible promedio mensual del hogar, incluye arriendo imputado.
A74: (2) Los quintiles corresponden a una variable de ordenación que indica en que 20% de la distribución de los ingresos (del hogar o per cápita) se encuentra el hogar y no corresponden a una variable de estratificación socioeconómica.
A75: El ingreso disponible y gasto promedio mensual del hogar y per cápita están expresado en pesos chilenos corrientes.
A76: "-": No se registraron casos en la muestra o existe un recuento no ponderado inferior a 6 observaciones.
A77: Nota estadística: Con el propósito de dar cuenta de la calidad de las estimaciones se colorearon las celdas de acuerdo a su clasificación según el Estándar de calidad de las estimaciones del INE. Si la estimación fue clasificada como "poco fiable", se encuentra en color amarillo, por lo que debe ocuparse con precaución. Si la estimación fue clasificada como "no fiable", se encuentra en color rojo, por lo que no se recomienda su uso. Se recomienda revisar de forma complementaria los tabulados de calidad, en los cuales se encuentra está información detallada para cada estimación.
A78: /R: Cifras rectificadas al 21-10-2024 por ajuste en la cuadratura en gastos e ingresos de los hogares.
A79: Fuente: Instituto Nacional de Estadísticas (INE), IX Encuesta de Presupuestos Familiares (EPF).
A81: CUADRO 3J
A82: HOGARES, PERSONAS, GASTO E INGRESO DISPONIBLE PROMEDIO MENSUAL DEL HOGAR Y PER CÁPITA, SEGÚN QUINTIL DE HOGARES ORDENADOS DE ACUERDO AL INGRESO DISPONIBLE PROMEDIO MENSUAL DEL HOGAR. MACROZONA SUR (INCLUYE ARRIENDO IMPUTADO)
F84: MACROZONA SUR /R
A85: GRUPO QUINTIL DE HOGARES(1)(2) | B85: HOGARES | D85: PROMEDIO DE PERSONAS POR HOGAR | E85: PERSONAS | G85: GASTO PROMEDIO MENSUAL | I85: PARTICIPACIÓN EN GASTO PROMEDIO MENSUAL | J85: INGRESO DISPONIBLE PROMEDIO MENSUAL | L85: PARTICIPACIÓN EN INGRESO DISPONIBLE PROMEDIO MENSUAL
B86: NÚMERO | C86: PORCENTAJE | E86: NÚMERO | F86: PORCENTAJE | G86: POR HOGAR | H86: PER CÁPITA | J86: POR HOGAR | K86: PER CÁPITA
A87: Total | B87: 360499.87 | C87: 100 | D87: 2.7557097 | E87: 993433 | F87: 100 | G87: 1499289.5 | H87: 632641.67 | I87: 100 | J87: 1491609 | K87: 624391.3 | L87: 100
A88: I | B88: 72099.974 | C88: 20 | D88: 2.0579163 | E88: 148375.71 | F88: 14.935654 | G88: 741664.09 | H88: 433064.87 | I88: 9.8935408 | J88: 449865.79 | K88: 282422.55 | L88: 6.0319534
A89: II | B89: 72099.974 | C89: 20 | D89: 2.481157 | E89: 178891.36 | F89: 18.00739 | G89: 936175.74 | H89: 469555.2 | I89: 12.488259 | J89: 791244.16 | K89: 410038.35 | L89: 10.609271
A90: III | B90: 72099.974 | C90: 20 | D90: 2.8692828 | E90: 206875.22 | F90: 20.824275 | G90: 1250463.6 | H90: 542001.55 | I90: 16.680749 | J90: 1124283.8 | K90: 489517.4 | L90: 15.07478
A91: IV | B91: 72099.974 | C91: 20 | D91: 3.1303374 | E91: 225697.25 | F91: 22.71892 | G91: 1722669.8 | H91: 673851.1 | I91: 22.979816 | J91: 1659546.1 | K91: 651443.39 | L91: 22.251759
A92: V | B92: 72099.974 | C92: 20 | D92: 3.2398551 | E92: 233593.47 | F92: 23.513762 | G92: 2845474.2 | H92: 1044735.6 | I92: 37.957635 | J92: 3433104.9 | K92: 1288534.8 | L92: 46.032238
A93: (1) El grupo de quintil de hogares por ingreso disponible promedio mensual del hogar, incluye arriendo imputado.
A94: (2) Los quintiles corresponden a una variable de ordenación que indica en que 20% de la distribución de los ingresos (del hogar o per cápita) se encuentra el hogar y no corresponden a una variable de estratificación socioeconómica.
A95: El ingreso disponible y gasto promedio mensual del hogar y per cápita están expresado en pesos chilenos corrientes.
A96: "-": No se registraron casos en la muestra o existe un recuento no ponderado inferior a 6 observaciones.
A97: Nota estadística: Con el propósito de dar cuenta de la calidad de las estimaciones se colorearon las celdas de acuerdo a su clasificación según el Estándar de calidad de las estimaciones del INE. Si la estimación fue clasificada como "poco fiable", se encuentra en color amarillo, por lo que debe ocuparse con precaución. Si la estimación fue clasificada como "no fiable", se encuentra en color rojo, por lo que no se recomienda su uso. Se recomienda revisar de forma complementaria los tabulados de calidad, en los cuales se encuentra está información detallada para cada estimación.
A98: /R: Cifras rectificadas al 21-10-2024 por ajuste en la cuadratura en gastos e ingresos de los hogares.
A99: Fuente: Instituto Nacional de Estadísticas (INE), IX Encuesta de Presupuestos Familiares (EPF).

Sheet CUADROS 4A - 4E
A1: CUADRO 4A | J1: ÍNDICE
A2: HOGARES, PERSONAS, GASTO E INGRESO DISPONIBLE PROMEDIO MENSUAL DEL HOGAR Y PER CÁPITA, SEGÚN QUINTIL DE HOGARES ORDENADOS DE ACUERDO AL INGRESO DISPONIBLE PER CÁPITA PROMEDIO MENSUAL DEL HOGAR. TOTAL CAPITALES REGIONALES (EXCLUYE ARRIENDO IMPUTADO)
F4: TOTAL CAPITALES REGIONALES
A5: GRUPO QUINTIL DE HOGARES(1)(2) | B5: HOGARES | D5: PROMEDIO DE PERSONAS POR HOGAR | E5: PERSONAS | G5: GASTO PROMEDIO MENSUAL | I5: PARTICIPACIÓN EN GASTO PROMEDIO MENSUAL | J5: INGRESO DISPONIBLE PROMEDIO MENSUAL | L5: PARTICIPACIÓN EN INGRESO DISPONIBLE PROMEDIO MENSUAL
B6: NÚMERO | C6: PORCENTAJE | E6: NÚMERO | F6: PORCENTAJE | G6: POR HOGAR | H6: PER CÁPITA | J6: POR HOGAR | K6: PER CÁPITA
A7: Total | B7: 4420863.6 | C7: 100 | D7: 2.9550391 | E7: 13063825 | F7: 100 | G7: 1451782.2 | H7: 564680.21 | I7: 100 | J7: 1413348.7 | K7: 555436.77 | L7: 100
A8: I | B8: 884172.72 | C8: 20 | D8: 3.6161682 | E8: 3197317.3 | F8: 24.474587 | G8: 901161.82 | H8: 269435.35 | I8: 12.41456 | J8: 462502.76 | K8: 129326.09 | L8: 6.5447793
A9: II | B9: 884172.72 | C9: 20 | D9: 3.2850369 | E9: 2904540 | F9: 22.233458 | G9: 1049974.5 | H9: 337930.59 | I9: 14.464629 | J9: 811308.61 | K9: 247094.26 | L9: 11.480657
A10: III | B10: 884172.72 | C10: 20 | D10: 2.9376375 | E10: 2597378.9 | F10: 19.882224 | G10: 1244605.6 | H10: 437197.85 | I10: 17.1459 | J10: 1075027.6 | K10: 367175.25 | L10: 15.21249
A11: IV | B11: 884172.72 | C11: 20 | D11: 2.6377952 | E11: 2332266.6 | F11: 17.852862 | G11: 1581875.2 | H11: 616564.9 | I11: 21.792184 | J11: 1510483.6 | K11: 572595.9 | L11: 21.374536
A12: V | B12: 884172.72 | C12: 20 | D12: 2.2985579 | E12: 2032322.2 | F12: 15.55687 | G12: 2481293.6 | H12: 1162272.4 | I12: 34.182727 | J12: 3207420.8 | K12: 1460992.4 | L12: 45.387537
A13: (1) El grupo de quintil de hogares por ingreso disponible per cápita del hogar, excluye arriendo imputado.
A14: (2) Los quintiles corresponden a una variable de ordenación que indica en que 20% de la distribución de los ingresos (del hogar o per cápita) se encuentra el hogar y no corresponden a una variable de estratificación socioeconómica.
A15: El ingreso disponible y gasto promedio mensual del hogar y per cápita están expresado en pesos chilenos corrientes.
A16: "-": No se registraron casos en la muestra o existe un recuento no ponderado inferior a 6 observaciones.
A17: Nota estadística: Con el propósito de dar cuenta de la calidad de las estimaciones se colorearon las celdas de acuerdo a su clasificación según el Estándar de calidad de las estimaciones del INE. Si la estimación fue clasificada como "poco fiable", se encuentra en color amarillo, por lo que debe ocuparse con precaución. Si la estimación fue clasificada como "no fiable", se encuentra en color rojo, por lo que no se recomienda su uso. Se recomienda revisar de forma complementaria los tabulados de calidad, en los cuales se encuentra está información detallada para cada estimación
A18: Fuente: Instituto Nacional de Estadísticas (INE), IX Encuesta de Presupuestos Familiares (EPF).
A21: CUADRO 4B
A22: HOGARES, PERSONAS, GASTO E INGRESO DISPONIBLE PROMEDIO MENSUAL DEL HOGAR Y PER CÁPITA, SEGÚN QUINTIL DE HOGARES ORDENADOS DE ACUERDO AL INGRESO DISPONIBLE PER CÁPITA PROMEDIO MENSUAL DEL HOGAR. MACROZONA NORTE (EXCLUYE ARRIENDO IMPUTADO)
F24: MACROZONA NORTE
A25: GRUPO QUINTIL DE HOGARES(1)(2) | B25: HOGARES | D25: PROMEDIO DE PERSONAS POR HOGAR | E25: PERSONAS | G25: GASTO PROMEDIO MENSUAL | I25: PARTICIPACIÓN EN GASTO PROMEDIO MENSUAL | J25: INGRESO DISPONIBLE PROMEDIO MENSUAL | L25: PARTICIPACIÓN EN INGRESO DISPONIBLE PROMEDIO MENSUAL
B26: NÚMERO | C26: PORCENTAJE | E26: NÚMERO | F26: PORCENTAJE | G26: POR HOGAR | H26: PER CÁPITA | J26: POR HOGAR | K26: PER CÁPITA
A27: Total | B27: 535451.32 | C27: 100 | D27: 3.1505796 | E27: 1686982 | F27: 100 | G27: 1325057 | H27: 478646.33 | I27: 100 | J27: 1241219.7 | K27: 456972.17 | L27: 100
A28: I | B28: 107090.26 | C28: 20 | D28: 3.9303866 | E28: 420906.14 | F28: 24.950245 | G28: 990504.34 | H28: 274431.45 | I28: 14.950366 | J28: 487601.2 | K28: 125119.61 | L28: 7.856807
A29: II | B29: 107090.26 | C29: 20 | D29: 3.341053 | E29: 357794.25 | F29: 21.209133 | G29: 976372.72 | H29: 302222.49 | I29: 14.737067 | J29: 752574.45 | K29: 224059.3 | L29: 12.126369
A30: III | B30: 107090.26 | C30: 20 | D30: 3.1290456 | E30: 335090.32 | F30: 19.863301 | G30: 1131184.6 | H30: 368375 | I30: 17.07375 | J30: 1013308.2 | K30: 325437.76 | L30: 16.32762
A31: IV | B31: 107090.26 | C31: 20 | D31: 2.9170458 | E31: 312387.21 | F31: 18.517519 | G31: 1462318.8 | H31: 515449.16 | I31: 22.071787 | J31: 1409000.5 | K31: 484756.46 | L31: 22.703483
A32: V | B32: 107090.26 | C32: 20 | D32: 2.4353669 | E32: 260804.09 | F32: 15.459803 | G32: 2064904.6 | H32: 932753.56 | I32: 31.16703 | J32: 2543614.3 | K32: 1125487.7 | L32: 40.985721
A33: (1) El grupo de quintil de hogares por ingreso disponible per cápita del hogar, excluye arriendo imputado.
A34: (2) Los quintiles corresponden a una variable de ordenación que indica en que 20% de la distribución de los ingresos (del hogar o per cápita) se encuentra el hogar y no corresponden a una variable de estratificación socioeconómica.
A35: El ingreso disponible y gasto promedio mensual del hogar y per cápita están expresado en pesos chilenos corrientes.
A36: "-": No se registraron casos en la muestra o existe un recuento no ponderado inferior a 6 observaciones.
A37: Nota estadística: Con el propósito de dar cuenta de la calidad de las estimaciones se colorearon las celdas de acuerdo a su clasificación según el Estándar de calidad de las estimaciones del INE. Si la estimación fue clasificada como "poco fiable", se encuentra en color amarillo, por lo que debe ocuparse con precaución. Si la estimación fue clasificada como "no fiable", se encuentra en color rojo, por lo que no se recomienda su uso. Se recomienda revisar de forma complementaria los tabulados de calidad, en los cuales se encuentra está información detallada para cada estimación
A38: Fuente: Instituto Nacional de Estadísticas (INE), IX Encuesta de Presupuestos Familiares (EPF).
A41: CUADRO 4C
A42: HOGARES, PERSONAS, GASTO E INGRESO DISPONIBLE PROMEDIO MENSUAL DEL HOGAR Y PER CÁPITA, SEGÚN QUINTIL DE HOGARES ORDENADOS DE ACUERDO AL INGRESO DISPONIBLE PER CÁPITA PROMEDIO MENSUAL DEL HOGAR. GRAN SANTIAGO (EXCLUYE ARRIENDO IMPUTADO)
F44: GRAN SANTIAGO
A45: GRUPO QUINTIL DE HOGARES(1)(2) | B45: HOGARES | D45: PROMEDIO DE PERSONAS POR HOGAR | E45: PERSONAS | G45: GASTO PROMEDIO MENSUAL | I45: PARTICIPACIÓN EN GASTO PROMEDIO MENSUAL | J45: INGRESO DISPONIBLE PROMEDIO MENSUAL | L45: PARTICIPACIÓN EN INGRESO DISPONIBLE PROMEDIO MENSUAL
B46: NÚMERO | C46: PORCENTAJE | E46: NÚMERO | F46: PORCENTAJE | G46: POR HOGAR | H46: PER CÁPITA | J46: POR HOGAR | K46: PER CÁPITA
A47: Total | B47: 2492867.7 | C47: 100 | D47: 2.9847224 | E47: 7440518 | F47: 100 | G47: 1590105.1 | H47: 618643.19 | I47: 100 | J47: 1578833 | K47: 621623.52 | L47: 100
A48: I | B48: 498573.53 | C48: 20 | D48: 3.7269041 | E48: 1858135.7 | F48: 24.973204 | G48: 961813.12 | H48: 284137.09 | I48: 12.097478 | J48: 510577.39 | K48: 138772.86 | L48: 6.4677821
A49: II | B49: 498573.53 | C49: 20 | D49: 3.3954724 | E49: 1692892.7 | F49: 22.75235 | G49: 1165277.6 | H49: 360567.77 | I49: 14.65661 | J49: 907198.67 | K49: 267802.15 | L49: 11.492016
A50: III | B50: 498573.53 | C50: 20 | D50: 2.8676301 | E50: 1429724.5 | F50: 19.215389 | G50: 1325923.8 | H50: 483354.47 | I50: 16.677184 | J50: 1143198.7 | K50: 399387.93 | L50: 14.481567
A51: IV | B51: 498573.53 | C51: 20 | D51: 2.666774 | E51: 1329582.9 | F51: 17.869494 | G51: 1766577.2 | H51: 682935.92 | I51: 22.219628 | J51: 1703650 | K51: 639203.66 | L51: 21.58113
A52: V | B52: 498573.53 | C52: 20 | D52: 2.2668315 | E52: 1130182.2 | F52: 15.189563 | G52: 2730933.9 | H52: 1282220.7 | I52: 34.3491 | J52: 3629540.2 | K52: 1662951 | L52: 45.977506
A53: (1) El grupo de quintil de hogares por ingreso disponible per cápita del hogar, excluye arriendo imputado.
A54: (2) Los quintiles corresponden a una variable de ordenación que indica en que 20% de la distribución de los ingresos (del hogar o per cápita) se encuentra el hogar y no corresponden a una variable de estratificación socioeconómica.
A55: El ingreso disponible y gasto promedio mensual del hogar y per cápita están expresado en pesos chilenos corrientes.
A56: "-": No se registraron casos en la muestra o existe un recuento no ponderado inferior a 6 observaciones.
A57: Nota estadística: Con el propósito de dar cuenta de la calidad de las estimaciones se colorearon las celdas de acuerdo a su clasificación según el Estándar de calidad de las estimaciones del INE. Si la estimación fue clasificada como "poco fiable", se encuentra en color amarillo, por lo que debe ocuparse con precaución. Si la estimación fue clasificada como "no fiable", se encuentra en color rojo, por lo que no se recomienda su uso. Se recomienda revisar de forma complementaria los tabulados de calidad, en los cuales se encuentra está información detallada para cada estimación
A58: Fuente: Instituto Nacional de Estadísticas (INE), IX Encuesta de Presupuestos Familiares (EPF).
A61: CUADRO 4D
A62: HOGARES, PERSONAS, GASTO E INGRESO DISPONIBLE PROMEDIO MENSUAL DEL HOGAR Y PER CÁPITA, SEGÚN QUINTIL DE HOGARES ORDENADOS DE ACUERDO AL INGRESO DISPONIBLE PER CÁPITA PROMEDIO MENSUAL DEL HOGAR. MACROZONA CENTRO (EXCLUYE ARRIENDO IMPUTADO)
F64: MACROZONA CENTRO
A65: GRUPO QUINTIL DE HOGARES(1)(2) | B65: HOGARES | D65: PROMEDIO DE PERSONAS POR HOGAR | E65: PERSONAS | G65: GASTO PROMEDIO MENSUAL | I65: PARTICIPACIÓN EN GASTO PROMEDIO MENSUAL | J65: INGRESO DISPONIBLE PROMEDIO MENSUAL | L65: PARTICIPACIÓN EN INGRESO DISPONIBLE PROMEDIO MENSUAL
B66: NÚMERO | C66: PORCENTAJE | E66: NÚMERO | F66: PORCENTAJE | G66: POR HOGAR | H66: PER CÁPITA | J66: POR HOGAR | K66: PER CÁPITA
A67: Total | B67: 1032044.8 | C67: 100 | D67: 2.8515159 | E67: 2942892 | F67: 100 | G67: 1254635.2 | H67: 495352.13 | I67: 100 | J67: 1163409 | K67: 462685.11 | L67: 100
A68: I | B68: 206408.95 | C68: 20 | D68: 3.4885194 | E68: 720061.64 | F68: 24.467824 | G68: 837010.09 | H68: 260603.56 | I68: 13.342684 | J68: 395610.7 | K68: 112929.38 | L68: 6.8008876
A69: II | B69: 206408.95 | C69: 20 | D69: 3.0710399 | E69: 633890.13 | F69: 21.539701 | G69: 919881.49 | H69: 312304.79 | I69: 14.663728 | J69: 680769.1 | K69: 220587.92 | L69: 11.703005
A70: III | B70: 206408.95 | C70: 20 | D70: 2.8806075 | E70: 594583.17 | F70: 20.204043 | G70: 1108875.4 | H70: 388660.12 | I70: 17.676459 | J70: 941667.17 | K70: 325854.43 | L70: 16.188067
A71: IV | B71: 206408.95 | C71: 20 | D71: 2.5375467 | E71: 523772.36 | F71: 17.797879 | G71: 1334147.7 | H71: 537912.21 | I71: 21.2675 | J71: 1232331.1 | K71: 486193.31 | L71: 21.184829
A72: V | B72: 206408.95 | C72: 20 | D72: 2.2798658 | E72: 470584.7 | F72: 15.990553 | G72: 2073261.5 | H72: 977279.95 | I72: 33.049629 | J72: 2566667.1 | K72: 1167860.5 | L72: 44.123211
A73: (1) El grupo de quintil de hogares por ingreso disponible per cápita del hogar, excluye arriendo imputado.
A74: (2) Los quintiles corresponden a una variable de ordenación que indica en que 20% de la distribución de los ingresos (del hogar o per cápita) se encuentra el hogar y no corresponden a una variable de estratificación socioeconómica.
A75: El ingreso disponible y gasto promedio mensual del hogar y per cápita están expresado en pesos chilenos corrientes.
A76: "-": No se registraron casos en la muestra o existe un recuento no ponderado inferior a 6 observaciones.
A77: Nota estadística: Con el propósito de dar cuenta de la calidad de las estimaciones se colorearon las celdas de acuerdo a su clasificación según el Estándar de calidad de las estimaciones del INE. Si la estimación fue clasificada como "poco fiable", se encuentra en color amarillo, por lo que debe ocuparse con precaución. Si la estimación fue clasificada como "no fiable", se encuentra en color rojo, por lo que no se recomienda su uso. Se recomienda revisar de forma complementaria los tabulados de calidad, en los cuales se encuentra está información detallada para cada estimación
A78: Fuente: Instituto Nacional de Estadísticas (INE), IX Encuesta de Presupuestos Familiares (EPF).
A81: CUADRO 4E
A82: HOGARES, PERSONAS, GASTO E INGRESO DISPONIBLE PROMEDIO MENSUAL DEL HOGAR Y PER CÁPITA, SEGÚN QUINTIL DE HOGARES ORDENADOS DE ACUERDO AL INGRESO DISPONIBLE PER CÁPITA PROMEDIO MENSUAL DEL HOGAR. MACROZONA SUR (EXCLUYE ARRIENDO IMPUTADO)
F84: MACROZONA SUR
A85: GRUPO QUINTIL DE HOGARES(1)(2) | B85: HOGARES | D85: PROMEDIO DE PERSONAS POR HOGAR | E85: PERSONAS | G85: GASTO PROMEDIO MENSUAL | I85: PARTICIPACIÓN EN GASTO PROMEDIO MENSUAL | J85: INGRESO DISPONIBLE PROMEDIO MENSUAL | L85: PARTICIPACIÓN EN INGRESO DISPONIBLE PROMEDIO MENSUAL
B86: NÚMERO | C86: PORCENTAJE | E86: NÚMERO | F86: PORCENTAJE | G86: POR HOGAR | H86: PER CÁPITA | J86: POR HOGAR | K86: PER CÁPITA
A87: Total | B87: 360499.87 | C87: 100 | D87: 2.7557097 | E87: 993433 | F87: 100 | G87: 1247895.1 | H87: 517784.39 | I87: 100 | J87: 1240214.6 | K87: 509534.02 | L87: 100
A88: I | B88: 72099.974 | C88: 20 | D88: 3.1711629 | E88: 228640.76 | F88: 23.015217 | G88: 715677.31 | H88: 252775.54 | I88: 11.470152 | J88: 405956.59 | K88: 129719.07 | L88: 6.5465541
A89: II | B89: 72099.974 | C89: 20 | D89: 3.0215265 | E89: 217851.98 | F89: 21.929207 | G89: 888882.6 | H89: 305485.05 | I89: 14.246111 | J89: 726620.68 | K89: 240330.16 | L89: 11.717661
A90: III | B90: 72099.974 | C90: 20 | D90: 2.7706762 | E90: 199765.68 | F90: 20.108621 | G90: 1066044.5 | H90: 399178.24 | I90: 17.085483 | J90: 980613.81 | K90: 354392.03 | L90: 15.813615
A91: IV | B91: 72099.974 | C91: 20 | D91: 2.6268394 | E91: 189395.05 | F91: 19.064703 | G91: 1453146.4 | H91: 581927.58 | I91: 23.28956 | J91: 1429663 | K91: 544898.33 | L91: 23.055092
A92: V | B92: 72099.974 | C92: 20 | D92: 2.1883437 | E92: 157779.52 | F92: 15.882251 | G92: 2115724.7 | H92: 1049555.6 | I92: 33.908694 | J92: 2658218.7 | K92: 1278330.5 | L92: 42.867078
A93: (1) El grupo de quintil de hogares por ingreso disponible per cápita del hogar, excluye arriendo imputado.
A94: (2) Los quintiles corresponden a una variable de ordenación que indica en que 20% de la distribución de los ingresos (del hogar o per cápita) se encuentra el hogar y no corresponden a una variable de estratificación socioeconómica.
A95: El ingreso disponible y gasto promedio mensual del hogar y per cápita están expresado en pesos chilenos corrientes.
A96: "-": No se registraron casos en la muestra o existe un recuento no ponderado inferior a 6 observaciones.
A97: Nota estadística: Con el propósito de dar cuenta de la calidad de las estimaciones se colorearon las celdas de acuerdo a su clasificación según el Estándar de calidad de las estimaciones del INE. Si la estimación fue clasificada como "poco fiable", se encuentra en color amarillo, por lo que debe ocuparse con precaución. Si la estimación fue clasificada como "no fiable", se encuentra en color rojo, por lo que no se recomienda su uso. Se recomienda revisar de forma complementaria los tabulados de calidad, en los cuales se encuentra está información detallada para cada estimación
A98: Fuente: Instituto Nacional de Estadísticas (INE), IX Encuesta de Presupuestos Familiares (EPF).

Sheet CUADROS 4F - 4J
A1: CUADRO 4F | J1: ÍNDICE
A2: HOGARES, PERSONAS, GASTO E INGRESO DISPONIBLE PROMEDIO MENSUAL DEL HOGAR Y PER CÁPITA, SEGÚN QUINTIL DE HOGARES ORDENADOS DE ACUERDO AL INGRESO DISPONIBLE PER CÁPITA PROMEDIO MENSUAL DEL HOGAR. TOTAL CAPITALES REGIONALES (INCLUYE ARRIENDO IMPUTADO)
F4: TOTAL CAPITALES REGIONALES /R
A5: GRUPO QUINTIL DE HOGARES(1)(2) | B5: HOGARES | D5: PROMEDIO DE PERSONAS POR HOGAR | E5: PERSONAS | G5: GASTO PROMEDIO MENSUAL | I5: PARTICIPACIÓN EN GASTO PROMEDIO MENSUAL | J5: INGRESO DISPONIBLE PROMEDIO MENSUAL | L5: PARTICIPACIÓN EN INGRESO DISPONIBLE PROMEDIO MENSUAL
B6: NÚMERO | C6: PORCENTAJE | E6: NÚMERO | F6: PORCENTAJE | G6: POR HOGAR | H6: PER CÁPITA | J6: POR HOGAR | K6: PER CÁPITA
A7: Total | B7: 4420863.6 | C7: 100 | D7: 2.9550391 | E7: 13063825 | F7: 100 | G7: 1730924.3 | H7: 682148.14 | I7: 100 | J7: 1692719.9 | K7: 672999.67 | L7: 100
A8: I | B8: 884172.72 | C8: 20 | D8: 3.9488047 | E8: 3491425.4 | F8: 26.725905 | G8: 1138781.4 | H8: 312398.06 | I8: 13.158073 | J8: 714669.03 | K8: 182948 | L8: 8.4440318
A9: II | B9: 884172.72 | C9: 20 | D9: 3.2869149 | E9: 2906200.5 | F9: 22.246168 | G9: 1299158.6 | H9: 410884.8 | I9: 15.011155 | J9: 1071148.9 | K9: 327095.92 | L9: 12.655949
A10: III | B10: 884172.72 | C10: 20 | D10: 2.8275604 | E10: 2500051.7 | F10: 19.137211 | G10: 1469344.8 | H10: 539988.29 | I10: 16.977574 | J10: 1323338.4 | K10: 469916.75 | L10: 15.635646
A11: IV | B11: 884172.72 | C11: 20 | D11: 2.5019682 | E11: 2212172.1 | F11: 16.933571 | G11: 1822547.8 | H11: 744181.33 | I11: 21.058666 | J11: 1764057.3 | K11: 705192.11 | L11: 20.842873
A12: V | B12: 884172.72 | C12: 20 | D12: 2.2099475 | E12: 1953975.3 | F12: 14.957145 | G12: 2924788.8 | H12: 1403288.2 | I12: 33.794533 | J12: 3590385.8 | K12: 1679845.6 | L12: 42.4215
A13: (1) El grupo de quintil de hogares por ingreso disponible per cápita del hogar, incluye arriendo imputado.
A14: (2) Los quintiles corresponden a una variable de ordenación que indica en que 20% de la distribución de los ingresos (del hogar o per cápita) se encuentra el hogar y no corresponden a una variable de estratificación socioeconómica.
A15: El ingreso disponible y gasto promedio mensual del hogar y per cápita están expresado en pesos chilenos corrientes.
A16: "-": No se registraron casos en la muestra o existe un recuento no ponderado inferior a 6 observaciones.
A17: Nota estadística: Con el propósito de dar cuenta de la calidad de las estimaciones se colorearon las celdas de acuerdo a su clasificación según el Estándar de calidad de las estimaciones del INE. Si la estimación fue clasificada como "poco fiable", se encuentra en color amarillo, por lo que debe ocuparse con precaución. Si la estimación fue clasificada como "no fiable", se encuentra en color rojo, por lo que no se recomienda su uso. Se recomienda revisar de forma complementaria los tabulados de calidad, en los cuales se encuentra está información detallada para cada estimación
A18: /R: Cifras rectificadas al 21-10-2024 por ajuste en la cuadratura en gastos e ingresos de los hogares.
A19: Fuente: Instituto Nacional de Estadísticas (INE), IX Encuesta de Presupuestos Familiares (EPF).
A21: CUADRO 4G
A22: HOGARES, PERSONAS, GASTO E INGRESO DISPONIBLE PROMEDIO MENSUAL DEL HOGAR Y PER CÁPITA, SEGÚN QUINTIL DE HOGARES ORDENADOS DE ACUERDO AL INGRESO DISPONIBLE PER CÁPITA PROMEDIO MENSUAL DEL HOGAR. MACROZONA NORTE (INCLUYE ARRIENDO IMPUTADO)
F24: MACROZONA NORTE /R
A25: GRUPO QUINTIL DE HOGARES(1)(2) | B25: HOGARES | D25: PROMEDIO DE PERSONAS POR HOGAR | E25: PERSONAS | G25: GASTO PROMEDIO MENSUAL | I25: PARTICIPACIÓN EN GASTO PROMEDIO MENSUAL | J25: INGRESO DISPONIBLE PROMEDIO MENSUAL | L25: PARTICIPACIÓN EN INGRESO DISPONIBLE PROMEDIO MENSUAL
B26: NÚMERO | C26: PORCENTAJE | E26: NÚMERO | F26: PORCENTAJE | G26: POR HOGAR | H26: PER CÁPITA | J26: POR HOGAR | K26: PER CÁPITA
A27: Total | B27: 535451.32 | C27: 100 | D27: 3.1505796 | E27: 1686982 | F27: 100 | G27: 1589187.6 | H27: 587558.88 | I27: 100 | J27: 1505905.4 | K27: 566055.84 | L27: 100
A28: I | B28: 107090.26 | C28: 20 | D28: 4.2380999 | E28: 453859.24 | F28: 26.903621 | G28: 1203745.4 | H28: 302492.46 | I28: 15.149192 | J28: 734282.22 | K28: 174867.4 | L28: 9.7520365
A29: II | B29: 107090.26 | C29: 20 | D29: 3.4988303 | E29: 374690.66 | F29: 22.210709 | G29: 1318705 | H29: 390003.92 | I29: 16.595963 | J29: 1052026.6 | K29: 301411.07 | L29: 13.972015
A30: III | B30: 107090.26 | C30: 20 | D30: 3.0229024 | E30: 323723.42 | F30: 19.1895 | G30: 1370978.4 | H30: 459354.76 | I30: 17.253827 | J30: 1268588.2 | K30: 422199.97 | L30: 16.848179
A31: IV | B31: 107090.26 | C31: 20 | D31: 2.7252816 | E31: 291851.12 | F31: 17.300192 | G31: 1672504.5 | H31: 644998.11 | I31: 21.048546 | J31: 1664281.6 | K31: 614834.61 | L31: 22.103402
A32: V | B32: 107090.26 | C32: 20 | D32: 2.2677838 | E32: 242857.56 | F32: 14.395978 | G32: 2380004.8 | H32: 1140945.1 | I32: 29.952472 | J32: 2810348.4 | K32: 1316966.1 | L32: 37.324368
A33: (1) El grupo de quintil de hogares por ingreso disponible per cápita del hogar, incluye arriendo imputado.
A34: (2) Los quintiles corresponden a una variable de ordenación que indica en que 20% de la distribución de los ingresos (del hogar o per cápita) se encuentra el hogar y no corresponden a una variable de estratificación socioeconómica.
A35: El ingreso disponible y gasto promedio mensual del hogar y per cápita están expresado en pesos chilenos corrientes.
A36: "-": No se registraron casos en la muestra o existe un recuento no ponderado inferior a 6 observaciones.
A37: Nota estadística: Con el propósito de dar cuenta de la calidad de las estimaciones se colorearon las celdas de acuerdo a su clasificación según el Estándar de calidad de las estimaciones del INE. Si la estimación fue clasificada como "poco fiable", se encuentra en color amarillo, por lo que debe ocuparse con precaución. Si la estimación fue clasificada como "no fiable", se encuentra en color rojo, por lo que no se recomienda su uso. Se recomienda revisar de forma complementaria los tabulados de calidad, en los cuales se encuentra está información detallada para cada estimación
A38: /R: Cifras rectificadas al 21-10-2024 por ajuste en la cuadratura en gastos e ingresos de los hogares.
A39: Fuente: Instituto Nacional de Estadísticas (INE), IX Encuesta de Presupuestos Familiares (EPF).
A41: CUADRO 4H
A42: HOGARES, PERSONAS, GASTO E INGRESO DISPONIBLE PROMEDIO MENSUAL DEL HOGAR Y PER CÁPITA, SEGÚN QUINTIL DE HOGARES ORDENADOS DE ACUERDO AL INGRESO DISPONIBLE PER CÁPITA PROMEDIO MENSUAL DEL HOGAR. GRAN SANTIAGO (INCLUYE ARRIENDO IMPUTADO)
F44: GRAN SANTIAGO /R
A45: GRUPO QUINTIL DE HOGARES(1)(2) | B45: HOGARES | D45: PROMEDIO DE PERSONAS POR HOGAR | E45: PERSONAS | G45: GASTO PROMEDIO MENSUAL | I45: PARTICIPACIÓN EN GASTO PROMEDIO MENSUAL | J45: INGRESO DISPONIBLE PROMEDIO MENSUAL | L45: PARTICIPACIÓN EN INGRESO DISPONIBLE PROMEDIO MENSUAL
B46: NÚMERO | C46: PORCENTAJE | E46: NÚMERO | F46: PORCENTAJE | G46: POR HOGAR | H46: PER CÁPITA | J46: POR HOGAR | K46: PER CÁPITA
A47: Total | B47: 2492867.7 | C47: 100 | D47: 2.9847224 | E47: 7440518 | F47: 100 | G47: 1896266.3 | H47: 744722.53 | I47: 100 | J47: 1885072.4 | K47: 747741.98 | L47: 100
A48: I | B48: 498573.53 | C48: 20 | D48: 4.0402609 | E48: 2014367.1 | F48: 27.072942 | G48: 1215920.3 | H48: 326716.12 | I48: 12.824362 | J48: 778595.26 | K48: 195341.75 | L48: 8.2606402
A49: II | B49: 498573.53 | C49: 20 | D49: 3.3486776 | E49: 1669562 | F49: 22.438788 | G49: 1398538.8 | H49: 437360.48 | I49: 14.750447 | J49: 1167153.7 | K49: 349626.75 | L49: 12.383118
A50: III | B50: 498573.53 | C50: 20 | D50: 2.809999 | E50: 1400991.1 | F50: 18.829215 | G50: 1555054.5 | H50: 578419.52 | I50: 16.401225 | J50: 1425313.1 | K50: 508844.11 | L50: 15.122104
A51: IV | B51: 498573.53 | C51: 20 | D51: 2.5156445 | E51: 1254233.8 | F51: 16.856807 | G51: 2068536.1 | H51: 834243.03 | I51: 21.816936 | J51: 1973551.6 | K51: 783670.19 | L51: 20.938735
A52: V | B52: 498573.53 | C52: 20 | D52: 2.2090301 | E52: 1101363.9 | F52: 14.802248 | G52: 3243281.8 | H52: 1546873.5 | I52: 34.207029 | J52: 4080748.5 | K52: 1901227.1 | L52: 43.295402
A53: (1) El grupo de quintil de hogares por ingreso disponible per cápita del hogar, incluye arriendo imputado.
A54: (2) Los quintiles corresponden a una variable de ordenación que indica en que 20% de la distribución de los ingresos (del hogar o per cápita) se encuentra el hogar y no corresponden a una variable de estratificación socioeconómica.
A55: El ingreso disponible y gasto promedio mensual del hogar y per cápita están expresado en pesos chilenos corrientes.
A56: "-": No se registraron casos en la muestra o existe un recuento no ponderado inferior a 6 observaciones.
A57: Nota estadística: Con el propósito de dar cuenta de la calidad de las estimaciones se colorearon las celdas de acuerdo a su clasificación según el Estándar de calidad de las estimaciones del INE. Si la estimación fue clasificada como "poco fiable", se encuentra en color amarillo, por lo que debe ocuparse con precaución. Si la estimación fue clasificada como "no fiable", se encuentra en color rojo, por lo que no se recomienda su uso. Se recomienda revisar de forma complementaria los tabulados de calidad, en los cuales se encuentra está información detallada para cada estimación
A58: /R: Cifras rectificadas al 21-10-2024 por ajuste en la cuadratura en gastos e ingresos de los hogares.
A59: Fuente: Instituto Nacional de Estadísticas (INE), IX Encuesta de Presupuestos Familiares (EPF).
A61: CUADRO 4I
A62: HOGARES, PERSONAS, GASTO E INGRESO DISPONIBLE PROMEDIO MENSUAL DEL HOGAR Y PER CÁPITA, SEGÚN QUINTIL DE HOGARES ORDENADOS DE ACUERDO AL INGRESO DISPONIBLE PER CÁPITA PROMEDIO MENSUAL DEL HOGAR. MACROZONA CENTRO (INCLUYE ARRIENDO IMPUTADO)
F64: MACROZONA CENTRO /R
A65: GRUPO QUINTIL DE HOGARES(1)(2) | B65: HOGARES | D65: PROMEDIO DE PERSONAS POR HOGAR | E65: PERSONAS | G65: GASTO PROMEDIO MENSUAL | I65: PARTICIPACIÓN EN GASTO PROMEDIO MENSUAL | J65: INGRESO DISPONIBLE PROMEDIO MENSUAL | L65: PARTICIPACIÓN EN INGRESO DISPONIBLE PROMEDIO MENSUAL
B66: NÚMERO | C66: PORCENTAJE | E66: NÚMERO | F66: PORCENTAJE | G66: POR HOGAR | H66: PER CÁPITA | J66: POR HOGAR | K66: PER CÁPITA
A67: Total | B67: 1032044.8 | C67: 100 | D67: 2.8515159 | E67: 2942892 | F67: 100 | G67: 1485994.5 | H67: 597370.19 | I67: 100 | J67: 1395272.6 | K67: 564926.7 | L67: 100
A68: I | B68: 206408.95 | C68: 20 | D68: 3.7425432 | E68: 772494.42 | F68: 26.249499 | G68: 1027951.1 | H68: 298674.68 | I68: 13.835193 | J68: 604708.45 | K68: 164020.54 | L68: 8.6679614
A69: II | B69: 206408.95 | C69: 20 | D69: 3.2004609 | E69: 660603.78 | F69: 22.447435 | G69: 1185399 | H69: 386353.22 | I69: 15.954285 | J69: 936942.36 | K69: 294334.95 | L69: 13.430241
A70: III | B70: 206408.95 | C70: 20 | D70: 2.7870282 | E70: 575267.57 | F70: 19.547695 | G70: 1322688.8 | H70: 481742.51 | I70: 17.802068 | J70: 1164782.6 | K70: 418416 | L70: 16.69613
A71: IV | B71: 206408.95 | C71: 20 | D71: 2.3152956 | E71: 477897.73 | F71: 16.239051 | G71: 1500166.2 | H71: 657463.2 | I71: 20.190736 | J71: 1396391.1 | K71: 603812.53 | L71: 20.016032
A72: V | B72: 206408.95 | C72: 20 | D72: 2.2122515 | E72: 456628.51 | F72: 15.516319 | G72: 2393767.6 | H72: 1162617.3 | I72: 32.217718 | J72: 2873538.5 | K72: 1344049.5 | L72: 41.189635
A73: (1) El grupo de quintil de hogares por ingreso disponible per cápita del hogar, incluye arriendo imputado.
A74: (2) Los quintiles corresponden a una variable de ordenación que indica en que 20% de la distribución de los ingresos (del hogar o per cápita) se encuentra el hogar y no corresponden a una variable de estratificación socioeconómica.
A75: El ingreso disponible y gasto promedio mensual del hogar y per cápita están expresado en pesos chilenos corrientes.
A76: "-": No se registraron casos en la muestra o existe un recuento no ponderado inferior a 6 observaciones.
A77: Nota estadística: Con el propósito de dar cuenta de la calidad de las estimaciones se colorearon las celdas de acuerdo a su clasificación según el Estándar de calidad de las estimaciones del INE. Si la estimación fue clasificada como "poco fiable", se encuentra en color amarillo, por lo que debe ocuparse con precaución. Si la estimación fue clasificada como "no fiable", se encuentra en color rojo, por lo que no se recomienda su uso. Se recomienda revisar de forma complementaria los tabulados de calidad, en los cuales se encuentra está información detallada para cada estimación
A78: /R: Cifras rectificadas al 21-10-2024 por ajuste en la cuadratura en gastos e ingresos de los hogares.
A79: Fuente: Instituto Nacional de Estadísticas (INE), IX Encuesta de Presupuestos Familiares (EPF).
A81: CUADRO 4J
A82: HOGARES, PERSONAS, GASTO E INGRESO DISPONIBLE PROMEDIO MENSUAL DEL HOGAR Y PER CÁPITA, SEGÚN QUINTIL DE HOGARES ORDENADOS DE ACUERDO AL INGRESO DISPONIBLE PER CÁPITA PROMEDIO MENSUAL DEL HOGAR. MACROZONA SUR (INCLUYE ARRIENDO IMPUTADO)
F84: MACROZONA SUR /R
A85: GRUPO QUINTIL DE HOGARES(1)(2) | B85: HOGARES | D85: PROMEDIO DE PERSONAS POR HOGAR | E85: PERSONAS | G85: GASTO PROMEDIO MENSUAL | I85: PARTICIPACIÓN EN GASTO PROMEDIO MENSUAL | J85: INGRESO DISPONIBLE PROMEDIO MENSUAL | L85: PARTICIPACIÓN EN INGRESO DISPONIBLE PROMEDIO MENSUAL
B86: NÚMERO | C86: PORCENTAJE | E86: NÚMERO | F86: PORCENTAJE | G86: POR HOGAR | H86: PER CÁPITA | J86: POR HOGAR | K86: PER CÁPITA
A87: Total | B87: 360499.87 | C87: 100 | D87: 2.7557097 | E87: 993433 | F87: 100 | G87: 1499289.5 | H87: 632641.67 | I87: 100 | J87: 1491609 | K87: 624391.3 | L87: 100
A88: I | B88: 72099.974 | C88: 20 | D88: 3.5146864 | E88: 253408.8 | F88: 25.508394 | G88: 961154.75 | H88: 302152.4 | I88: 12.82147 | J88: 641764.65 | K88: 184918.99 | L88: 8.6049986
A89: II | B89: 72099.974 | C89: 20 | D89: 3.0440394 | E89: 219475.16 | F89: 22.092598 | G89: 1095720.2 | H89: 378341.61 | I89: 14.616526 | J89: 987236.64 | K89: 326302.61 | L89: 13.237204
A90: III | B90: 72099.974 | C90: 20 | D90: 2.7009644 | E90: 194739.46 | F90: 19.602677 | G90: 1327998.8 | H90: 508264.39 | I90: 17.715042 | J90: 1257852.4 | K90: 467382.25 | L90: 16.865712
A91: IV | B91: 72099.974 | C91: 20 | D91: 2.4530122 | E91: 176862.12 | F91: 17.803125 | G91: 1670835.3 | H91: 701994.53 | I91: 22.288361 | J91: 1642056.8 | K91: 667668 | L91: 22.017255
A92: V | B92: 72099.974 | C92: 20 | D92: 2.0658462 | E92: 148947.46 | F92: 14.993206 | G92: 2440738.4 | H92: 1272455.4 | I92: 32.558601 | J92: 2929134.4 | K92: 1475684.6 | L92: 39.27483
A93: (1) El grupo de quintil de hogares por ingreso disponible per cápita del hogar, incluye arriendo imputado.
A94: (2) Los quintiles corresponden a una variable de ordenación que indica en que 20% de la distribución de los ingresos (del hogar o per cápita) se encuentra el hogar y no corresponden a una variable de estratificación socioeconómica.
A95: El ingreso disponible y gasto promedio mensual del hogar y per cápita están expresado en pesos chilenos corrientes.
A96: "-": No se registraron casos en la muestra o existe un recuento no ponderado inferior a 6 observaciones.
A97: Nota estadística: Con el propósito de dar cuenta de la calidad de las estimaciones se colorearon las celdas de acuerdo a su clasificación según el Estándar de calidad de las estimaciones del INE. Si la estimación fue clasificada como "poco fiable", se encuentra en color amarillo, por lo que debe ocuparse con precaución. Si la estimación fue clasificada como "no fiable", se encuentra en color rojo, por lo que no se recomienda su uso. Se recomienda revisar de forma complementaria los tabulados de calidad, en los cuales se encuentra está información detallada para cada estimación
A98: /R: Cifras rectificadas al 21-10-2024 por ajuste en la cuadratura en gastos e ingresos de los hogares.
A99: Fuente: Instituto Nacional de Estadísticas (INE), IX Encuesta de Presupuestos Familiares (EPF).

Sheet CUADROS 5A - 5E
A1: CUADRO 5A | J1: ÍNDICE
A2: GASTO PROMEDIO MENSUAL Y ESTRUCTURA DEL GASTO PROMEDIO MENSUAL POR HOGAR, SEGÚN DIVISIÓN Y QUINTIL DE HOGARES ORDENADOS DE ACUERDO AL INGRESO DISPONIBLE PROMEDIO MENSUAL DEL HOGAR. TOTAL CAPITALES REGIONALES (EXCLUYE ARRIENDO IMPUTADO)
H4: TOTAL CAPITALES REGIONALES
D5: GASTO PROMEDIO MENSUAL POR HOGAR | J5: ESTRUCTURA DEL GASTO PROMEDIO MENSUAL POR HOGAR
A6: DIVISIÓN | B6: GLOSA | C6: TOTAL DE HOGARES | F6: GRUPO QUINTIL(1)(2) | I6: TOTAL DE HOGARES | L6: GRUPO QUINTIL(1)(2)
D7: I | E7: II | F7: III | G7: IV | H7: V | J7: I | K7: II | L7: III | M7: IV | N7: V
B8: TOTAL | C8: 1451782.2 | D8: 658971.58 | E8: 904445.51 | F8: 1201712.9 | G8: 1595586 | H8: 2898194.8 | I8: 100 | J8: 100 | K8: 100 | L8: 100 | M8: 100 | N8: 100
A9: 01.0.0.00.00 | B9: ALIMENTOS Y BEBIDAS NO ALCOHÓLICAS | C9: 307947.11 | D9: 190146.15 | E9: 252610.23 | F9: 296002.83 | G9: 351857.88 | H9: 449118.45 | I9: 21.211661 | J9: 28.854985 | K9: 27.929845 | L9: 24.631744 | M9: 22.051954 | N9: 15.496489
A10: 02.0.0.00.00 | B10: BEBIDAS ALCOHÓLICAS, TABACO Y ESTUPEFACIENTES | C10: 21431.459 | D10: 8914.4553 | E10: 13605.224 | F10: 19256.864 | G10: 25099.888 | H10: 40280.864 | I10: 1.4762173 | J10: 1.352783 | K10: 1.5042613 | L10: 1.6024514 | M10: 1.5730828 | N10: 1.3898605
A11: 03.0.0.00.00 | B11: VESTUARIO Y CALZADO | C11: 41227.495 | D11: 17802.036 | E11: 25783.188 | F11: 33972.175 | G11: 45675.266 | H11: 82904.812 | I11: 2.8397853 | J11: 2.7014877 | K11: 2.8507177 | L11: 2.8269794 | M11: 2.8626014 | N11: 2.8605672
A12: 04.0.0.00.00 | B12: VIVIENDA, AGUA, ELECTRICIDAD, GAS Y OTROS COMBUSTIBLES | C12: 232879.4 | D12: 138245.3 | E12: 180979.36 | F12: 215364.61 | G12: 248614.59 | H12: 381193.13 | I12: 16.040933 | J12: 20.978946 | K12: 20.009979 | L12: 17.92147 | M12: 15.581398 | N12: 13.152778
A13: 05.0.0.00.00 | B13: MUEBLES, EQUIPAMIENTO PARA EL HOGAR Y MANTENIMIENTO RUTINARIO DE LA VIVIENDA | C13: 87882.308 | D13: 34472.606 | E13: 48557.723 | F13: 64362.012 | G13: 90877.884 | H13: 201141.31 | I13: 6.0534088 | J13: 5.2312735 | K13: 5.3687837 | L13: 5.3558561 | M13: 5.6955806 | N13: 6.9402275
A14: 06.0.0.00.00 | B14: SALUD | C14: 115283.11 | D14: 48465.958 | E14: 70763.418 | F14: 89497.766 | G14: 132378.54 | H14: 235309.87 | I14: 7.9407995 | J14: 7.3547872 | K14: 7.8239559 | L14: 7.4475167 | M14: 8.2965468 | N14: 8.1191874
A15: 07.0.0.00.00 | B15: TRANSPORTE | C15: 217904.82 | D15: 78833.823 | E15: 108903.29 | F15: 179667.73 | G15: 253314.42 | H15: 468804.83 | I15: 15.009471 | J15: 11.96316 | K15: 12.040891 | L15: 14.950971 | M15: 15.87595 | N15: 16.175753
A16: 08.0.0.00.00 | B16: INFORMACIÓN Y COMUNICACIÓN | C16: 96907.448 | D16: 47632.55 | E16: 65578.538 | F16: 88454.136 | G16: 112534.13 | H16: 170337.89 | I16: 6.6750681 | J16: 7.2283162 | K16: 7.2506898 | L16: 7.3606715 | M16: 7.0528404 | N16: 5.8773786
A17: 09.0.0.00.00 | B17: RECREACIÓN, DEPORTES Y CULTURA | C17: 64399.326 | D17: 21542.438 | E17: 32088.361 | F17: 47094.446 | G17: 70907.613 | H17: 150363.77 | I17: 4.4358808 | J17: 3.2690997 | K17: 3.547849 | L17: 3.9189434 | M17: 4.4439857 | N17: 5.188187
A18: 10.0.0.00.00 | B18: SERVICIOS DE EDUCACIÓN | C18: 57791.174 | D18: 12715.251 | E18: 16298.397 | F18: 30788.496 | G18: 46131.137 | H18: 183022.59 | I18: 3.9807056 | J18: 1.9295599 | K18: 1.802032 | L18: 2.562051 | M18: 2.8911721 | N18: 6.3150547
A19: 11.0.0.00.00 | B19: SERVICIOS DE RESTAURANTES Y ALOJAMIENTO | C19: 88261.77 | D19: 26387.89 | E19: 40566.267 | F19: 57764.182 | G19: 93459.149 | H19: 223131.36 | I19: 6.0795464 | J19: 4.0044049 | K19: 4.4852086 | L19: 4.8068207 | M19: 5.8573559 | N19: 7.6989772
A20: 12.0.0.00.00 | B20: SEGUROS Y SERVICIOS FINANCIEROS | C20: 65820.888 | D20: 10443.712 | E20: 17483.577 | F20: 36017.596 | G20: 63059.009 | H20: 202100.55 | I20: 4.5337993 | J20: 1.5848501 | K20: 1.9330713 | L20: 2.9971882 | M20: 3.952091 | N20: 6.9733251
A21: 13.0.0.00.00 | B21: CUIDADO PERSONAL, ASISTENCIA SOCIAL Y BIENES Y SERVICIOS DIVERSOS /R | C21: 54045.85 | D21: 23369.421 | E21: 31227.932 | F21: 43470.013 | G21: 61676.46 | H21: 110485.42 | I21: 3.7227245 | J21: 3.5463473 | K21: 3.4527157 | L21: 3.6173378 | M21: 3.8654426 | N21: 3.8122151
A22: (1) El grupo de quintil de hogares por ingreso disponible promedio mensual del hogar, excluye arriendo imputado.
A23: (2) Los quintiles corresponden a una variable de ordenación que indica en que 20% de la distribución de los ingresos (del hogar o per cápita) se encuentra el hogar y no corresponden a una variable de estratificación socioeconómica.
A24: El gasto promedio mensual del hogar está expresado en pesos chilenos corrientes.
A25: "-": No se registraron casos en la muestra o existe un recuento no ponderado inferior a 6 observaciones.
A26: Nota estadística: Con el propósito de dar cuenta de la calidad de las estimaciones se colorearon las celdas de acuerdo a su clasificación según el Estándar de calidad de las estimaciones del INE. Si la estimación fue clasificada como "poco fiable", se encuentra en color amarillo, por lo que debe ocuparse con precaución. Si la estimación fue clasificada como "no fiable", se encuentra en color rojo, por lo que no se recomienda su uso. Se recomienda revisar de forma complementaria los tabulados de calidad, en los cuales se encuentra está información detallada para cada estimación.
A27: /R: Nombre rectificado al 31-10-2023.
A28: Fuente: Instituto Nacional de Estadísticas (INE), IX Encuesta de Presupuestos Familiares (EPF).
A30: CUADRO 5B
A31: GASTO PROMEDIO MENSUAL Y ESTRUCTURA DEL GASTO PROMEDIO MENSUAL POR HOGAR, SEGÚN DIVISIÓN Y QUINTIL DE HOGARES ORDENADOS DE ACUERDO AL INGRESO DISPONIBLE PROMEDIO MENSUAL DEL HOGAR. MACROZONA NORTE(EXCLUYE ARRIENDO IMPUTADO)
H33: MACROZONA NORTE
D34: GASTO PROMEDIO MENSUAL POR HOGAR | J34: ESTRUCTURA DEL GASTO PROMEDIO MENSUAL POR HOGAR
A35: DIVISIÓN | B35: GLOSA | C35: TOTAL DE HOGARES | F35: GRUPO QUINTIL(1)(2) | I35: TOTAL DE HOGARES | L35: GRUPO QUINTIL(1)(2)
D36: I | E36: II | F36: III | G36: IV | H36: V | J36: I | K36: II | L36: III | M36: IV | N36: V
B37: TOTAL | C37: 1325057 | D37: 669565.24 | E37: 858801.9 | F37: 1177642.2 | G37: 1481547.3 | H37: 2437728.4 | I37: 100 | J37: 100 | K37: 100 | L37: 100 | M37: 100 | N37: 100
A38: 01.0.0.00.00 | B38: ALIMENTOS Y BEBIDAS NO ALCOHÓLICAS | C38: 332901.14 | D38: 218296.34 | E38: 272701.72 | F38: 321926.81 | G38: 387906.21 | H38: 463674.61 | I38: 25.123533 | J38: 32.602699 | K38: 31.75374 | L38: 27.336555 | M38: 26.182506 | N38: 19.020766
A39: 02.0.0.00.00 | B39: BEBIDAS ALCOHÓLICAS, TABACO Y ESTUPEFACIENTES | C39: 17443.407 | D39: 10985.124 | E39: 11552.298 | F39: 14786.487 | G39: 20038.721 | H39: 29854.405 | I39: 1.3164269 | J39: 1.6406353 | K39: 1.3451645 | L39: 1.2556009 | M39: 1.3525536 | N39: 1.2246813
A40: 03.0.0.00.00 | B40: VESTUARIO Y CALZADO | C40: 37133.073 | D40: 18829.926 | E40: 24106.587 | F40: 31193.775 | G40: 41250.621 | H40: 70284.456 | I40: 2.8023755 | J40: 2.8122616 | K40: 2.8070021 | L40: 2.648833 | M40: 2.7842933 | N40: 2.8831947
A41: 04.0.0.00.00 | B41: VIVIENDA, AGUA, ELECTRICIDAD, GAS Y OTROS COMBUSTIBLES | C41: 204500.41 | D41: 123305.03 | E41: 157740.88 | F41: 208226.24 | G41: 227546.78 | H41: 305683.09 | I41: 15.433329 | J41: 18.415686 | K41: 18.367551 | L41: 17.681622 | M41: 15.358726 | N41: 12.53967
A42: 05.0.0.00.00 | B42: MUEBLES, EQUIPAMIENTO PARA EL HOGAR Y MANTENIMIENTO RUTINARIO DE LA VIVIENDA | C42: 74255.828 | D42: 29859.701 | E42: 40067.314 | F42: 56417.056 | G42: 86585.221 | H42: 158349.85 | I42: 5.6039723 | J42: 4.4595656 | K42: 4.6654896 | L42: 4.7906789 | M42: 5.8442428 | N42: 6.4957953
A43: 06.0.0.00.00 | B43: SALUD | C43: 89217.419 | D43: 35795.845 | E43: 51744.627 | F43: 76916.297 | G43: 112437.11 | H43: 169193.22 | I43: 6.7331004 | J43: 5.3461325 | K43: 6.0252111 | L43: 6.5313808 | M43: 7.5891679 | N43: 6.9406097
A44: 07.0.0.00.00 | B44: TRANSPORTE | C44: 190178.42 | D44: 84025.651 | E44: 98135.465 | F44: 179631.68 | G44: 187762.12 | H44: 401337.16 | I44: 14.35247 | J44: 12.549285 | K44: 11.42702 | L44: 15.253502 | M44: 12.67338 | N44: 16.463572
A45: 08.0.0.00.00 | B45: INFORMACIÓN Y COMUNICACIÓN | C45: 94336.438 | D45: 47560.35 | E45: 67544.248 | F45: 83739.721 | G45: 111689.56 | H45: 161148.31 | I45: 7.1194248 | J45: 7.1031689 | K45: 7.8649393 | L45: 7.1107948 | M45: 7.5387103 | N45: 6.6105933
A46: 09.0.0.00.00 | B46: RECREACIÓN, DEPORTES Y CULTURA | C46: 57956.982 | D46: 20804.359 | E46: 26828.896 | F46: 38357.126 | G46: 61057.379 | H46: 142737.15 | I46: 4.3739236 | J46: 3.1071444 | K46: 3.1239912 | L46: 3.257112 | M46: 4.12119 | N46: 5.8553342
A47: 10.0.0.00.00 | B47: SERVICIOS DE EDUCACIÓN | C47: 46189.694 | D47: 11604.105 | E47: 19022.63 | F47: 26213.875 | G47: 46424.96 | H47: 127682.9 | I47: 3.4858647 | J47: 1.7330805 | K47: 2.2150196 | L47: 2.2259626 | M47: 3.1335456 | N47: 5.237782
A48: 11.0.0.00.00 | B48: SERVICIOS DE RESTAURANTES Y ALOJAMIENTO | C48: 78563.328 | D48: 37618.51 | E48: 41205.852 | F48: 64493.643 | G48: 85423.302 | H48: 164075.33 | I48: 5.9290527 | J48: 5.6183487 | K48: 4.7980625 | L48: 5.4765057 | M48: 5.7658168 | N48: 6.730665
A49: 12.0.0.00.00 | B49: SEGUROS Y SERVICIOS FINANCIEROS | C49: 50965.839 | D49: 9425.1177 | E49: 16762.077 | F49: 34226.528 | G49: 51581.859 | H49: 142833.61 | I49: 3.8463129 | J49: 1.4076474 | K49: 1.9517979 | L49: 2.9063605 | M49: 3.4816208 | N49: 5.8592915
A50: 13.0.0.00.00 | B50: CUIDADO PERSONAL, ASISTENCIA SOCIAL Y BIENES Y SERVICIOS DIVERSOS /R | C50: 51415.042 | D50: 21455.176 | E50: 31389.302 | F50: 41512.972 | G50: 61843.436 | H50: 100874.32 | I50: 3.8802135 | J50: 3.2043443 | K50: 3.6550108 | L50: 3.5250921 | M50: 4.1742465 | N50: 4.1380459
A51: (1) El grupo de quintil de hogares por ingreso disponible promedio mensual del hogar, excluye arriendo imputado.
A52: (2) Los quintiles corresponden a una variable de ordenación que indica en que 20% de la distribución de los ingresos (del hogar o per cápita) se encuentra el hogar y no corresponden a una variable de estratificación socioeconómica.
A53: El gasto promedio mensual del hogar está expresado en pesos chilenos corrientes.
A54: "-": No se registraron casos en la muestra o existe un recuento no ponderado inferior a 6 observaciones.
A55: Nota estadística: Con el propósito de dar cuenta de la calidad de las estimaciones se colorearon las celdas de acuerdo a su clasificación según el Estándar de calidad de las estimaciones del INE. Si la estimación fue clasificada como "poco fiable", se encuentra en color amarillo, por lo que debe ocuparse con precaución. Si la estimación fue clasificada como "no fiable", se encuentra en color rojo, por lo que no se recomienda su uso. Se recomienda revisar de forma complementaria los tabulados de calidad, en los cuales se encuentra está información detallada para cada estimación.
A56: /R: Nombre rectificado al 31-10-2023.
A57: Fuente: Instituto Nacional de Estadísticas (INE), IX Encuesta de Presupuestos Familiares (EPF).
A59: CUADRO 5C
A60: GASTO PROMEDIO MENSUAL Y ESTRUCTURA DEL GASTO PROMEDIO MENSUAL POR HOGAR, SEGÚN DIVISIÓN Y QUINTIL DE HOGARES ORDENADOS DE ACUERDO AL INGRESO DISPONIBLE PROMEDIO MENSUAL DEL HOGAR. GRAN SANTIAGO(EXCLUYE ARRIENDO IMPUTADO)
H62: GRAN SANTIAGO
D63: GASTO PROMEDIO MENSUAL POR HOGAR | J63: ESTRUCTURA DEL GASTO PROMEDIO MENSUAL POR HOGAR
A64: DIVISIÓN | B64: GLOSA | C64: TOTAL DE HOGARES | F64: GRUPO QUINTIL(1)(2) | I64: TOTAL DE HOGARES | L64: GRUPO QUINTIL(1)(2)
D65: I | E65: II | F65: III | G65: IV | H65: V | J65: I | K65: II | L65: III | M65: IV | N65: V
B66: TOTAL | C66: 1590105.1 | D66: 730927.74 | E66: 1000684.6 | F66: 1287334 | G66: 1727075 | H66: 3204504.3 | I66: 100 | J66: 100 | K66: 100 | L66: 100 | M66: 100 | N66: 100
A67: 01.0.0.00.00 | B67: ALIMENTOS Y BEBIDAS NO ALCOHÓLICAS | C67: 324193.47 | D67: 205939.48 | E67: 271666.28 | F67: 315801.4 | G67: 358760.31 | H67: 468799.88 | I67: 20.388179 | J67: 28.17508 | K67: 27.148042 | L67: 24.531428 | M67: 20.772712 | N67: 14.629404
A68: 02.0.0.00.00 | B68: BEBIDAS ALCOHÓLICAS, TABACO Y ESTUPEFACIENTES | C68: 23515.205 | D68: 9295.6388 | E68: 16142.598 | F68: 21691.759 | G68: 28243.419 | H68: 42202.613 | I68: 1.478846 | J68: 1.2717589 | K68: 1.6131554 | L68: 1.6850141 | M68: 1.6353325 | N68: 1.3169779
A69: 03.0.0.00.00 | B69: VESTUARIO Y CALZADO | C69: 43974.562 | D69: 19130.667 | E69: 27013.617 | F69: 34727.743 | G69: 47989.708 | H69: 91011.075 | I69: 2.7655129 | J69: 2.617313 | K69: 2.6995135 | L69: 2.6976483 | M69: 2.7786696 | N69: 2.8400984
A70: 04.0.0.00.00 | B70: VIVIENDA, AGUA, ELECTRICIDAD, GAS Y OTROS COMBUSTIBLES | C70: 259412.06 | D70: 161440.74 | E70: 200187.98 | F70: 230625.36 | G70: 282640.38 | H70: 422165.83 | I70: 16.314145 | J70: 22.087099 | K70: 20.005102 | L70: 17.91496 | M70: 16.365264 | N70: 13.174139
A71: 05.0.0.00.00 | B71: MUEBLES, EQUIPAMIENTO PARA EL HOGAR Y MANTENIMIENTO RUTINARIO DE LA VIVIENDA | C71: 96273.621 | D71: 36524.524 | E71: 52787.856 | F71: 66981.854 | G71: 94710.498 | H71: 230363.37 | I71: 6.0545445 | J71: 4.9970088 | K71: 5.2751742 | L71: 5.2031451 | M71: 5.4838671 | N71: 7.1887367
A72: 06.0.0.00.00 | B72: SALUD | C72: 129554.57 | D72: 52738.312 | E72: 77553.354 | F72: 100557.7 | G72: 151626.8 | H72: 265296.69 | I72: 8.1475477 | J72: 7.2152565 | K72: 7.7500296 | L72: 7.8113144 | M72: 8.7793988 | N72: 8.2788684
A73: 07.0.0.00.00 | B73: TRANSPORTE | C73: 227028.16 | D73: 84488.034 | E73: 129153.27 | F73: 175433.78 | G73: 261521.2 | H73: 484544.54 | I73: 14.277557 | J73: 11.559013 | K73: 12.906491 | L73: 13.627682 | M73: 15.142434 | N73: 15.120733
A74: 08.0.0.00.00 | B74: INFORMACIÓN Y COMUNICACIÓN | C74: 101777.18 | D74: 48877.698 | E74: 67523.557 | F74: 95984.858 | G74: 115360.53 | H74: 181139.24 | I74: 6.4006571 | J74: 6.6870766 | K74: 6.7477361 | L74: 7.4560962 | M74: 6.6795319 | N74: 5.6526446
A75: 09.0.0.00.00 | B75: RECREACIÓN, DEPORTES Y CULTURA | C75: 71189.96 | D75: 24174.46 | E75: 34805.431 | F75: 53626.51 | G75: 79276.204 | H75: 164067.2 | I75: 4.47706 | J75: 3.3073665 | K75: 3.4781619 | L75: 4.1657031 | M75: 4.5902004 | N75: 5.1198932
A76: 10.0.0.00.00 | B76: SERVICIOS DE EDUCACIÓN | C76: 67861.016 | D76: 15815.421 | E76: 17656.495 | F76: 31284.934 | G76: 49981.971 | H76: 224566.26 | I76: 4.2677063 | J76: 2.1637462 | K76: 1.7644415 | L76: 2.4302112 | M76: 2.8940244 | N76: 7.0078315
A77: 11.0.0.00.00 | B77: SERVICIOS DE RESTAURANTES Y ALOJAMIENTO | C77: 106396.84 | D77: 32329.704 | E77: 46344.821 | F77: 70781.045 | G77: 112809.29 | H77: 269719.32 | I77: 6.6911826 | J77: 4.4231053 | K77: 4.6313114 | L77: 5.498266 | M77: 6.5318121 | N77: 8.4168812
A78: 12.0.0.00.00 | B78: SEGUROS Y SERVICIOS FINANCIEROS | C78: 79056.203 | D78: 13539.316 | E78: 24050.185 | F78: 41070.116 | G78: 77403.725 | H78: 239217.68 | I78: 4.9717596 | J78: 1.8523466 | K78: 2.4033731 | L78: 3.1903234 | M78: 4.4817814 | N78: 7.4650447
A79: 13.0.0.00.00 | B79: CUIDADO PERSONAL, ASISTENCIA SOCIAL Y BIENES Y SERVICIOS DIVERSOS /R | C79: 59872.273 | D79: 26633.758 | E79: 35799.172 | F79: 48766.894 | G79: 66750.963 | H79: 121410.58 | I79: 3.7653028 | J79: 3.6438291 | K79: 3.577468 | L79: 3.7882085 | M79: 3.8649719 | N79: 3.7887475
